Workbook
Name Category: 'Check Register 2015'!$B$7:$B$53
Name Category: 'Check Register 2016'!$B$16:$B$59
Name Category: 'Check Register 2017'!$B$18:$B$66
Name Category: 'Check Register 2018'!$B$18:$B$65
Name Category: 'Check Register 2019'!$B$18:$B$65
Name Category: 'Check Register 2020'!$B$18:$B$69
Name Category: 'Check Register 2021'!$B$17:$B$75
Name Category: 'Check Register 2022'!$B$17:$B$63
Name Category: 'Check Register 2014 '!$B$6:$B$52
Name CategoryLookup: CategoryTable[Category]
Name CategoryLookup: CategoryTable8[Category]
Name CategoryLookup: CategoryTable812[Category]
Name CategoryLookup: CategoryTable81210[Category]
Name CategoryLookup: CategoryTable8121014[Category]
Name CategoryLookup: CategoryTable81210141620[Category]
Name CategoryLookup: CategoryTable81210141618[Category]
Name CategoryLookup: CategoryTable8121014161816[Category]
Name CategoryLookup: CategoryTable812101416181622[Category]
Name CategoryLookup: CategoryTable81210141618162224[Category]
Name CategoryLookup: CategoryTable1[Category]
Name CategoryLookup: CategoryTable[Category]
Name ChtData: OFFSET('Check Register 2014 '!$C$6,1,0,COUNTA('Check Register 2014 '!$C:$C)-2)
Name ChtData: OFFSET('Check Register 2015'!$C$7,1,0,COUNTA('Check Register 2015'!$C:$C)-2)
Name ChtData: OFFSET('Check Register 2016'!$C$16,1,0,COUNTA('Check Register 2016'!$C:$C)-2)
Name ChtData: OFFSET('Check Register 2017'!$C$18,1,0,COUNTA('Check Register 2017'!$C:$C)-2)
Name ChtData: OFFSET('Check Register 2018'!$C$18,1,0,COUNTA('Check Register 2018'!$C:$C)-2)
Name ChtData: OFFSET('Check Register 2019'!$C$18,1,0,COUNTA('Check Register 2019'!$C:$C)-2)
Name ChtData: OFFSET('Check Register 2020'!$C$18,1,0,COUNTA('Check Register 2020'!$C:$C)-2)
Name ChtData: OFFSET('Check Register 2021'!$C$17,1,0,COUNTA('Check Register 2021'!$C:$C)-2)
Name ChtData: OFFSET('Check Register 2022'!$C$17,1,0,COUNTA('Check Register 2022'!$C:$C)-2)
Name ChtData: OFFSET(Sample!$C$17,1,0,COUNTA(Sample!$C:$C)-2)
Name ChtData: OFFSET('Check Register 2012-13'!$C$16,1,0,COUNTA('Check Register 2012-13'!$C:$C)-2)
Name ChtLabels: OFFSET('Check Register 2014 '!$B$6,1,0,COUNTA('Check Register 2014 '!$B:$B)-2)
Name ChtLabels: OFFSET('Check Register 2015'!$B$7,1,0,COUNTA('Check Register 2015'!$B:$B)-2)
Name ChtLabels: OFFSET('Check Register 2016'!$B$16,1,0,COUNTA('Check Register 2016'!$B:$B)-2)
Name ChtLabels: OFFSET('Check Register 2017'!$B$18,1,0,COUNTA('Check Register 2017'!$B:$B)-2)
Name ChtLabels: OFFSET('Check Register 2018'!$B$18,1,0,COUNTA('Check Register 2018'!$B:$B)-2)
Name ChtLabels: OFFSET('Check Register 2019'!$B$18,1,0,COUNTA('Check Register 2019'!$B:$B)-2)
Name ChtLabels: OFFSET('Check Register 2020'!$B$18,1,0,COUNTA('Check Register 2020'!$B:$B)-2)
Name ChtLabels: OFFSET('Check Register 2021'!$B$17,1,0,COUNTA('Check Register 2021'!$B:$B)-2)
Name ChtLabels: OFFSET('Check Register 2022'!$B$17,1,0,COUNTA('Check Register 2022'!$B:$B)-2)
Name ChtLabels: OFFSET(Sample!$B$17,1,0,COUNTA(Sample!$B:$B)-2)
Name ChtLabels: OFFSET('Check Register 2012-13'!$B$16,1,0,COUNTA('Check Register 2012-13'!$B:$B)-2)
Name Transaction: MyTransactions[#All]
Name Transaction: CkReg13_14[#All]
Name Transaction: Ckreg14_15[#All]
Name Transaction: CkReg15_16[#All]
Name Transaction: CkReg16_18[#All]
Name Transaction: CkReg16_181519[#All]
Name Transaction: CkReg16_181517[#All]
Name Transaction: CkReg16_18151715[#All]
Name Transaction: CkReg16_1815171521[#All]
Name Transaction: CkReg2022[#All]
Name Transaction: MyTransactions[#All]
Name Transaction3: MyTransactions1[#All]

Sheet Sheet1 (2)
A1: January | B1: Bank Ending Balance | C1: 13647.04
B2: Outstanding Checks | C2: =100+460.98 -> 560.98
B3: Outstanding Deposits | C3: 0
B4: Reconciled Balance | C4: =+C1-C2+C3 -> 13086.06
B5: Register Balance | C5: 13086.06
B6: Difference | C6: =+C4-C5 -> 0
A8: February | B8: Bank Ending Balance | C8: 13215.54
B9: Outstanding Checks | C9: =100+200+290 -> 590
B10: Outstanding Deposits
B11: Reconciled Balance | C11: =+C8-C9+C10 -> 12625.54
B12: Register Balance | C12: 12625.54
B13: Difference | C13: =+C11-C12 -> 0
A15: March | B15: Bank Ending Balance | C15: 13016.09
B16: Outstanding Checks | C16: =100+290 -> 390
B17: Outstanding Deposits
B18: Reconciled Balance | C18: =+C15-C16+C17 -> 12626.09
B19: Register Balance | C19: 12626.09
B20: Difference | C20: =+C18-C19 -> 0
A22: April | B22: Bank Ending Balance | C22: 13016.62
B23: Outstanding Checks | C23: =100+290+106 -> 496
B24: Outstanding Deposits
B25: Reconciled Balance | C25: =+C22-C23+C24 -> 12520.62
B26: Register Balance | C26: 12520.62
B27: Difference | C27: =+C25-C26 -> 0
A29: May | B29: Bank Ending Balance | C29: 12911.16
B30: Outstanding Checks | C30: =100+290 -> 390
B31: Outstanding Deposits
B32: Reconciled Balance | C32: =+C29-C30+C31 -> 12521.16
B33: Register Balance | C33: 12521.16
B34: Difference | C34: =+C32-C33 -> 0
A36: June | B36: Bank Ending Balance | C36: 12911.49
B37: Outstanding Checks | C37: =100+290 -> 390
B38: Outstanding Deposits
B39: Reconciled Balance | C39: =+C36-C37+C38 -> 12521.49
B40: Register Balance | C40: 12521.49
B41: Difference | C41: =+C39-C40 -> 0
A43: July | B43: Bank Ending Balance | C43: 12911.59
B44: Outstanding Checks | C44: =100+290 -> 390
B45: Outstanding Deposits | C45: 132
B46: Reconciled Balance | C46: =+C43-C44+C45 -> 12653.59
B47: Register Balance | C47: 12653.59
B48: Difference | C48: =+C46-C47 -> 0
A50: August | B50: Bank Ending Balance | C50: 13043.7
B51: Outstanding Checks | C51: =100+290 -> 390
B52: Outstanding Deposits
B53: Reconciled Balance | C53: =+C50-C51+C52 -> 12653.7
B54: Register Balance | C54: 12653.7
B55: Difference | C55: =+C53-C54 -> 0
A57: September | B57: Bank Ending Balance | C57: 13043.8
B58: Outstanding Checks | C58: =100+290 -> 390
B59: Outstanding Deposits
B60: Reconciled Balance | C60: =+C57-C58+C59 -> 12653.8
B61: Register Balance | C61: 12653.8
B62: Difference | C62: =+C60-C61 -> 0
A64: October | B64: Bank Ending Balance | C64: 13116.13
B65: Outstanding Checks | C65: =100+290 -> 390
B66: Outstanding Deposits
B67: Reconciled Balance | C67: =+C64-C65+C66 -> 12726.13
B68: Register Balance | C68: 12726.13
B69: Difference | C69: =+C67-C68 -> 0
A71: November | B71: Bank Ending Balance
B72: Oustanding Checks
B73: Outstanding Depsoits
B74: Reconcilied Balance | C74: =+C71-C72+C73 -> 0
B75: Register Balance
B76: Difference | C76: =+C74-C75 -> 0

Sheet Check Register 2022
H1: NLASC Check Register 01/01/2021-12/31/2021 | M1: As of | N1: =NOW() -> 44534.888
H2: Check # | I2: Date | J2: Payee or Receipt Number | K2: Description | L2: Category | M2: Withdrawal | N2: Deposit | O2: Available Balance | P2: Cleared | Q2: Balance per Bank | R2: Statement
I3: 44562 | J3: Beginning Balance | L3: Beginning Balance | N3: 13364.79 | O3: =+CkReg2022[[#This Row],[Deposit]] -> 13364.79 | Q3: 13364.79 | R3: 1
O4: =IF(ISBLANK(CkReg2022[[#This Row],[Withdrawal]]),O3+CkReg2022[[#This Row],[Deposit]],O3-CkReg2022[[#This Row],[Withdrawal]]) -> 13364.79 | Q4: =IF(ISBLANK(CkReg2022[[#This Row],[Withdrawal]]),Q3+CkReg2022[[#This Row],[Deposit]],Q3-CkReg2022[[#This Row],[Withdrawal]]) -> 13364.79 | R4: 1
O5: =IF(ISBLANK(CkReg2022[[#This Row],[Withdrawal]]),O4+CkReg2022[[#This Row],[Deposit]],O4-CkReg2022[[#This Row],[Withdrawal]]) -> 13364.79 | Q5: =IF(ISBLANK(CkReg2022[[#This Row],[Withdrawal]]),Q4+CkReg2022[[#This Row],[Deposit]],Q4-CkReg2022[[#This Row],[Withdrawal]]) -> 13364.79 | R5: 1
O6: =IF(ISBLANK(CkReg2022[[#This Row],[Withdrawal]]),O5+CkReg2022[[#This Row],[Deposit]],O5-CkReg2022[[#This Row],[Withdrawal]]) -> 13364.79 | Q6: =IF(ISBLANK(CkReg2022[[#This Row],[Withdrawal]]),Q5+CkReg2022[[#This Row],[Deposit]],Q5-CkReg2022[[#This Row],[Withdrawal]]) -> 13364.79 | R6: 1
O7: =IF(ISBLANK(CkReg2022[[#This Row],[Withdrawal]]),O6+CkReg2022[[#This Row],[Deposit]],O6-CkReg2022[[#This Row],[Withdrawal]]) -> 13364.79 | Q7: =IF(ISBLANK(CkReg2022[[#This Row],[Withdrawal]]),Q6+CkReg2022[[#This Row],[Deposit]],Q6-CkReg2022[[#This Row],[Withdrawal]]) -> 13364.79 | R7: 1
O8: =IF(ISBLANK(CkReg2022[[#This Row],[Withdrawal]]),O7+CkReg2022[[#This Row],[Deposit]],O7-CkReg2022[[#This Row],[Withdrawal]]) -> 13364.79 | Q8: 13364.79 | R8: 1
O9: =IF(ISBLANK(CkReg2022[[#This Row],[Withdrawal]]),O8+CkReg2022[[#This Row],[Deposit]],O8-CkReg2022[[#This Row],[Withdrawal]]) -> 13364.79 | Q9: 13364.79 | R9: 1
O10: =IF(ISBLANK(CkReg2022[[#This Row],[Withdrawal]]),O9+CkReg2022[[#This Row],[Deposit]],O9-CkReg2022[[#This Row],[Withdrawal]]) -> 13364.79 | Q10: 13364.79 | R10: 1
O11: =IF(ISBLANK(CkReg2022[[#This Row],[Withdrawal]]),O10+CkReg2022[[#This Row],[Deposit]],O10-CkReg2022[[#This Row],[Withdrawal]]) -> 13364.79 | Q11: =IF(ISBLANK(CkReg2022[[#This Row],[Withdrawal]]),Q10+CkReg2022[[#This Row],[Deposit]],Q10-CkReg2022[[#This Row],[Withdrawal]]) -> 13364.79 | R11: 1
O12: =IF(ISBLANK(CkReg2022[[#This Row],[Withdrawal]]),O11+CkReg2022[[#This Row],[Deposit]],O11-CkReg2022[[#This Row],[Withdrawal]]) -> 13364.79 | Q12: =IF(ISBLANK(CkReg2022[[#This Row],[Withdrawal]]),Q11+CkReg2022[[#This Row],[Deposit]],Q11-CkReg2022[[#This Row],[Withdrawal]]) -> 13364.79 | R12: 1
O13: =IF(ISBLANK(CkReg2022[[#This Row],[Withdrawal]]),O12+CkReg2022[[#This Row],[Deposit]],O12-CkReg2022[[#This Row],[Withdrawal]]) -> 13364.79 | Q13: =IF(ISBLANK(CkReg2022[[#This Row],[Withdrawal]]),Q12+CkReg2022[[#This Row],[Deposit]],Q12-CkReg2022[[#This Row],[Withdrawal]]) -> 13364.79 | R13: 1
B14: NORTHERN LIGHTS AREA TREASURY REPORT | D14: As of | F14: =NOW() -> 44534.888 | O14: =IF(ISBLANK(CkReg2022[[#This Row],[Withdrawal]]),O13+CkReg2022[[#This Row],[Deposit]],O13-CkReg2022[[#This Row],[Withdrawal]]) -> 13364.79 | Q14: =IF(ISBLANK(CkReg2022[[#This Row],[Withdrawal]]),Q13+CkReg2022[[#This Row],[Deposit]],Q13-CkReg2022[[#This Row],[Withdrawal]]) -> 13364.79 | R14: 1
O15: =IF(ISBLANK(CkReg2022[[#This Row],[Withdrawal]]),O14+CkReg2022[[#This Row],[Deposit]],O14-CkReg2022[[#This Row],[Withdrawal]]) -> 13364.79 | Q15: =IF(ISBLANK(CkReg2022[[#This Row],[Withdrawal]]),Q14+CkReg2022[[#This Row],[Deposit]],Q14-CkReg2022[[#This Row],[Withdrawal]]) -> 13364.79 | R15: 1
B16: Category | C16: Actual to date | D16: Budget | E16: Amended Budget | F16: Budget Balance | O16: =IF(ISBLANK(CkReg2022[[#This Row],[Withdrawal]]),O15+CkReg2022[[#This Row],[Deposit]],O15-CkReg2022[[#This Row],[Withdrawal]]) -> 13364.79 | Q16: =IF(ISBLANK(CkReg2022[[#This Row],[Withdrawal]]),Q15+CkReg2022[[#This Row],[Deposit]],Q15-CkReg2022[[#This Row],[Withdrawal]]) -> 13364.79 | R16: 1
B17: Beginning Balance | C17: =SUMIF(CkReg2022[Category],"=" &CategoryTable81210141618162224[[#This Row],[Category]],CkReg2022[Deposit]) -> 13364.79 | D17: 15791.49 | F17: =-CategoryTable81210141618162224[[#This Row],[Budget]]-CategoryTable81210141618162224[[#This Row],[Amended Budget]]+CategoryTable81210141618162224[[#This Row],[Actual to date]] -> -2426.7 | O17: =IF(ISBLANK(CkReg2022[[#This Row],[Withdrawal]]),O16+CkReg2022[[#This Row],[Deposit]],O16-CkReg2022[[#This Row],[Withdrawal]]) -> 13364.79 | Q17: =IF(ISBLANK(CkReg2022[[#This Row],[Withdrawal]]),Q16+CkReg2022[[#This Row],[Deposit]],Q16-CkReg2022[[#This Row],[Withdrawal]]) -> 13364.79 | R17: 1
B18: Prudent Reserve | C18: =+N8 -> 0 | D18: -4000 | F18: =-CategoryTable81210141618162224[[#This Row],[Budget]]-CategoryTable81210141618162224[[#This Row],[Amended Budget]]+CategoryTable81210141618162224[[#This Row],[Actual to date]] -> 4000 | O18: =IF(ISBLANK(CkReg2022[[#This Row],[Withdrawal]]),O17+CkReg2022[[#This Row],[Deposit]],O17-CkReg2022[[#This Row],[Withdrawal]]) -> 13364.79 | Q18: =IF(ISBLANK(CkReg2022[[#This Row],[Withdrawal]]),Q17+CkReg2022[[#This Row],[Deposit]],Q17-CkReg2022[[#This Row],[Withdrawal]]) -> 13364.79 | R18: 1
B19: New Project Reserve | C19: =SUMIF(CkReg2022[Category],"=" &CategoryTable81210141618162224[[#This Row],[Category]],CkReg2022[Deposit]) -> 0 | D19: -3950 | F19: =-CategoryTable81210141618162224[[#This Row],[Budget]]-CategoryTable81210141618162224[[#This Row],[Amended Budget]]+CategoryTable81210141618162224[[#This Row],[Actual to date]] -> 3950 | O19: =IF(ISBLANK(CkReg2022[[#This Row],[Withdrawal]]),O18+CkReg2022[[#This Row],[Deposit]],O18-CkReg2022[[#This Row],[Withdrawal]]) -> 13364.79 | Q19: =IF(ISBLANK(CkReg2022[[#This Row],[Withdrawal]]),Q18+CkReg2022[[#This Row],[Deposit]],Q18-CkReg2022[[#This Row],[Withdrawal]]) -> 13364.79 | R19: 1
B20: Vermilion Reserve | C20: =-(SUMIF(CkReg2022[Category],"=" &CategoryTable81210141618162224[[#This Row],[Category]],CkReg2022[Withdrawal])) -> 0 | D20: -4500 | F20: =-CategoryTable81210141618162224[[#This Row],[Budget]]-CategoryTable81210141618162224[[#This Row],[Amended Budget]]+CategoryTable81210141618162224[[#This Row],[Actual to date]] -> 4500 | O20: =IF(ISBLANK(CkReg2022[[#This Row],[Withdrawal]]),O19+CkReg2022[[#This Row],[Deposit]],O19-CkReg2022[[#This Row],[Withdrawal]]) -> 13364.79 | Q20: =IF(ISBLANK(CkReg2022[[#This Row],[Withdrawal]]),Q19+CkReg2022[[#This Row],[Deposit]],Q19-CkReg2022[[#This Row],[Withdrawal]]) -> 13364.79 | R20: 1
B21: Activities Inc | C21: =-(SUMIF(CkReg2022[Category],"=" &CategoryTable81210141618162224[[#This Row],[Category]],CkReg2022[Withdrawal])) -> 0 | D21: 550 | F21: =-CategoryTable81210141618162224[[#This Row],[Budget]]-CategoryTable81210141618162224[[#This Row],[Amended Budget]]+CategoryTable81210141618162224[[#This Row],[Actual to date]] -> -550 | O21: =IF(ISBLANK(CkReg2022[[#This Row],[Withdrawal]]),O20+CkReg2022[[#This Row],[Deposit]],O20-CkReg2022[[#This Row],[Withdrawal]]) -> 13364.79 | Q21: =IF(ISBLANK(CkReg2022[[#This Row],[Withdrawal]]),Q20+CkReg2022[[#This Row],[Deposit]],Q20-CkReg2022[[#This Row],[Withdrawal]]) -> 13364.79 | R21: 1
B22: Activities Exp | C22: =SUMIF(CkReg2022[Category],"=" &CategoryTable81210141618162224[[#This Row],[Category]],CkReg2022[Deposit]) -> 0 | D22: -1375 | F22: =-CategoryTable81210141618162224[[#This Row],[Budget]]-CategoryTable81210141618162224[[#This Row],[Amended Budget]]+CategoryTable81210141618162224[[#This Row],[Actual to date]] -> 1375 | O22: =IF(ISBLANK(CkReg2022[[#This Row],[Withdrawal]]),O21+CkReg2022[[#This Row],[Deposit]],O21-CkReg2022[[#This Row],[Withdrawal]]) -> 13364.79 | Q22: =IF(ISBLANK(CkReg2022[[#This Row],[Withdrawal]]),Q21+CkReg2022[[#This Row],[Deposit]],Q21-CkReg2022[[#This Row],[Withdrawal]]) -> 13364.79 | R22: 1
B23: Donations Received | C23: =SUMIF(CkReg2022[Category],"=" &CategoryTable81210141618162224[[#This Row],[Category]],CkReg2022[Deposit]) -> 0 | D23: 900 | F23: =-CategoryTable81210141618162224[[#This Row],[Budget]]-CategoryTable81210141618162224[[#This Row],[Amended Budget]]+CategoryTable81210141618162224[[#This Row],[Actual to date]] -> -900 | O23: =IF(ISBLANK(CkReg2022[[#This Row],[Withdrawal]]),O22+CkReg2022[[#This Row],[Deposit]],O22-CkReg2022[[#This Row],[Withdrawal]]) -> 13364.79 | Q23: =IF(ISBLANK(CkReg2022[[#This Row],[Withdrawal]]),Q22+CkReg2022[[#This Row],[Deposit]],Q22-CkReg2022[[#This Row],[Withdrawal]]) -> 13364.79 | R23: 1
B24: ASC Meeting Expenses | C24: =SUMIF(CkReg2022[Category],"=" &CategoryTable81210141618162224[[#This Row],[Category]],CkReg2022[Deposit]) -> 0 | D24: -30 | F24: =-CategoryTable81210141618162224[[#This Row],[Budget]]-CategoryTable81210141618162224[[#This Row],[Amended Budget]]+CategoryTable81210141618162224[[#This Row],[Actual to date]] -> 30 | O24: =IF(ISBLANK(CkReg2022[[#This Row],[Withdrawal]]),O23+CkReg2022[[#This Row],[Deposit]],O23-CkReg2022[[#This Row],[Withdrawal]]) -> 13364.79 | Q24: =IF(ISBLANK(CkReg2022[[#This Row],[Withdrawal]]),Q23+CkReg2022[[#This Row],[Deposit]],Q23-CkReg2022[[#This Row],[Withdrawal]]) -> 13364.79 | R24: 1
B25: GSR Orientation | C25: =SUMIF(CkReg2022[Category],"=" &CategoryTable81210141618162224[[#This Row],[Category]],CkReg2022[Deposit]) -> 0 | D25: -50 | F25: =-CategoryTable81210141618162224[[#This Row],[Budget]]-CategoryTable81210141618162224[[#This Row],[Amended Budget]]+CategoryTable81210141618162224[[#This Row],[Actual to date]] -> 50 | O25: =IF(ISBLANK(CkReg2022[[#This Row],[Withdrawal]]),O24+CkReg2022[[#This Row],[Deposit]],O24-CkReg2022[[#This Row],[Withdrawal]]) -> 13364.79 | Q25: =IF(ISBLANK(CkReg2022[[#This Row],[Withdrawal]]),Q24+CkReg2022[[#This Row],[Deposit]],Q24-CkReg2022[[#This Row],[Withdrawal]]) -> 13364.79 | R25: 1
B26: Interest Income | C26: =SUMIF(CkReg2022[Category],"=" &CategoryTable81210141618162224[[#This Row],[Category]],CkReg2022[Deposit]) -> 0 | D26: -5 | F26: =-CategoryTable81210141618162224[[#This Row],[Budget]]-CategoryTable81210141618162224[[#This Row],[Amended Budget]]+CategoryTable81210141618162224[[#This Row],[Actual to date]] -> 5 | O26: =IF(ISBLANK(CkReg2022[[#This Row],[Withdrawal]]),O25+CkReg2022[[#This Row],[Deposit]],O25-CkReg2022[[#This Row],[Withdrawal]]) -> 13364.79 | Q26: =IF(ISBLANK(CkReg2022[[#This Row],[Withdrawal]]),Q25+CkReg2022[[#This Row],[Deposit]],Q25-CkReg2022[[#This Row],[Withdrawal]]) -> 13364.79 | R26: 1
B27: Meeting Lists | C27: =SUMIF(CkReg2022[Category],"=" &CategoryTable81210141618162224[[#This Row],[Category]],CkReg2022[Deposit]) -> 0 | D27: -200 | F27: =-CategoryTable81210141618162224[[#This Row],[Budget]]-CategoryTable81210141618162224[[#This Row],[Amended Budget]]+CategoryTable81210141618162224[[#This Row],[Actual to date]] -> 200 | O27: =IF(ISBLANK(CkReg2022[[#This Row],[Withdrawal]]),O26+CkReg2022[[#This Row],[Deposit]],O26-CkReg2022[[#This Row],[Withdrawal]]) -> 13364.79 | Q27: =IF(ISBLANK(CkReg2022[[#This Row],[Withdrawal]]),Q26+CkReg2022[[#This Row],[Deposit]],Q26-CkReg2022[[#This Row],[Withdrawal]]) -> 13364.79 | R27: 1
B28: Meeting Rm Rent | C28: =SUMIF(CkReg2022[Category],"=" &CategoryTable81210141618162224[[#This Row],[Category]],CkReg2022[Deposit]) -> 0 | D28: -450 | F28: =-CategoryTable81210141618162224[[#This Row],[Budget]]-CategoryTable81210141618162224[[#This Row],[Amended Budget]]+CategoryTable81210141618162224[[#This Row],[Actual to date]] -> 450 | O28: =IF(ISBLANK(CkReg2022[[#This Row],[Withdrawal]]),O27+CkReg2022[[#This Row],[Deposit]],O27-CkReg2022[[#This Row],[Withdrawal]]) -> 13364.79 | Q28: =IF(ISBLANK(CkReg2022[[#This Row],[Withdrawal]]),Q27+CkReg2022[[#This Row],[Deposit]],Q27-CkReg2022[[#This Row],[Withdrawal]]) -> 13364.79 | R28: 1
B29: Misc Expense | C29: =-(SUMIF(CkReg2022[Category],"=" &CategoryTable81210141618162224[[#This Row],[Category]],CkReg2022[Withdrawal])) -> 0 | D29: -50 | F29: =-CategoryTable81210141618162224[[#This Row],[Budget]]-CategoryTable81210141618162224[[#This Row],[Amended Budget]]+CategoryTable81210141618162224[[#This Row],[Actual to date]] -> 50 | O29: =IF(ISBLANK(CkReg2022[[#This Row],[Withdrawal]]),O28+CkReg2022[[#This Row],[Deposit]],O28-CkReg2022[[#This Row],[Withdrawal]]) -> 13364.79 | Q29: =IF(ISBLANK(CkReg2022[[#This Row],[Withdrawal]]),Q28+CkReg2022[[#This Row],[Deposit]],Q28-CkReg2022[[#This Row],[Withdrawal]]) -> 13364.79 | R29: 1
B30: New Meeting Pkts | C30: =-(SUMIF(CkReg2022[Category],"=" &CategoryTable81210141618162224[[#This Row],[Category]],CkReg2022[Withdrawal])) -> 0 | D30: -50 | F30: =-CategoryTable81210141618162224[[#This Row],[Budget]]-CategoryTable81210141618162224[[#This Row],[Amended Budget]]+CategoryTable81210141618162224[[#This Row],[Actual to date]] -> 50 | O30: =IF(ISBLANK(CkReg2022[[#This Row],[Withdrawal]]),O29+CkReg2022[[#This Row],[Deposit]],O29-CkReg2022[[#This Row],[Withdrawal]]) -> 13364.79 | Q30: =IF(ISBLANK(CkReg2022[[#This Row],[Withdrawal]]),Q29+CkReg2022[[#This Row],[Deposit]],Q29-CkReg2022[[#This Row],[Withdrawal]]) -> 13364.79 | R30: 1
B31: PO Box Rental | C31: =-(SUMIF(CkReg2022[Category],"=" &CategoryTable81210141618162224[[#This Row],[Category]],CkReg2022[Withdrawal])) -> 0 | D31: -150 | F31: =-CategoryTable81210141618162224[[#This Row],[Budget]]-CategoryTable81210141618162224[[#This Row],[Amended Budget]]+CategoryTable81210141618162224[[#This Row],[Actual to date]] -> 150 | O31: =IF(ISBLANK(CkReg2022[[#This Row],[Withdrawal]]),O30+CkReg2022[[#This Row],[Deposit]],O30-CkReg2022[[#This Row],[Withdrawal]]) -> 13364.79 | Q31: =IF(ISBLANK(CkReg2022[[#This Row],[Withdrawal]]),Q30+CkReg2022[[#This Row],[Deposit]],Q30-CkReg2022[[#This Row],[Withdrawal]]) -> 13364.79 | R31: 1
B32: Storage Rent | C32: =-(SUMIF(CkReg2022[Category],"=" &CategoryTable81210141618162224[[#This Row],[Category]],CkReg2022[Withdrawal])) -> 0 | D32: -900 | F32: =-CategoryTable81210141618162224[[#This Row],[Budget]]-CategoryTable81210141618162224[[#This Row],[Amended Budget]]+CategoryTable81210141618162224[[#This Row],[Actual to date]] -> 900 | O32: =IF(ISBLANK(CkReg2022[[#This Row],[Withdrawal]]),O31+CkReg2022[[#This Row],[Deposit]],O31-CkReg2022[[#This Row],[Withdrawal]]) -> 13364.79 | Q32: =IF(ISBLANK(CkReg2022[[#This Row],[Withdrawal]]),Q31+CkReg2022[[#This Row],[Deposit]],Q31-CkReg2022[[#This Row],[Withdrawal]]) -> 13364.79 | R32: 1
B33: Zoom Expense | C33: =SUMIF(CkReg2022[Category],"=" &CategoryTable81210141618162224[[#This Row],[Category]],CkReg2022[Deposit]) -> 0 | D33: -200 | F33: =-CategoryTable81210141618162224[[#This Row],[Budget]]-CategoryTable81210141618162224[[#This Row],[Amended Budget]]+CategoryTable81210141618162224[[#This Row],[Actual to date]] -> 200 | O33: =IF(ISBLANK(CkReg2022[[#This Row],[Withdrawal]]),O32+CkReg2022[[#This Row],[Deposit]],O32-CkReg2022[[#This Row],[Withdrawal]]) -> 13364.79 | Q33: =IF(ISBLANK(CkReg2022[[#This Row],[Withdrawal]]),Q32+CkReg2022[[#This Row],[Deposit]],Q32-CkReg2022[[#This Row],[Withdrawal]]) -> 13364.79 | R33: 1
B34: Chair Expense | C34: =-(SUMIF(CkReg2022[Category],"=" &CategoryTable81210141618162224[[#This Row],[Category]],CkReg2022[Withdrawal])) -> 0 | D34: -30 | F34: =-CategoryTable81210141618162224[[#This Row],[Budget]]-CategoryTable81210141618162224[[#This Row],[Amended Budget]]+CategoryTable81210141618162224[[#This Row],[Actual to date]] -> 30 | O34: =IF(ISBLANK(CkReg2022[[#This Row],[Withdrawal]]),O33+CkReg2022[[#This Row],[Deposit]],O33-CkReg2022[[#This Row],[Withdrawal]]) -> 13364.79 | Q34: =IF(ISBLANK(CkReg2022[[#This Row],[Withdrawal]]),Q33+CkReg2022[[#This Row],[Deposit]],Q33-CkReg2022[[#This Row],[Withdrawal]]) -> 13364.79 | R34: 1
B35: Vice Chair Expense | C35: =-(SUMIF(CkReg2022[Category],"=" &CategoryTable81210141618162224[[#This Row],[Category]],CkReg2022[Withdrawal])) -> 0 | D35: -30 | F35: =-CategoryTable81210141618162224[[#This Row],[Budget]]-CategoryTable81210141618162224[[#This Row],[Amended Budget]]+CategoryTable81210141618162224[[#This Row],[Actual to date]] -> 30 | O35: =IF(ISBLANK(CkReg2022[[#This Row],[Withdrawal]]),O34+CkReg2022[[#This Row],[Deposit]],O34-CkReg2022[[#This Row],[Withdrawal]]) -> 13364.79 | Q35: =IF(ISBLANK(CkReg2022[[#This Row],[Withdrawal]]),Q34+CkReg2022[[#This Row],[Deposit]],Q34-CkReg2022[[#This Row],[Withdrawal]]) -> 13364.79 | R35: 1
B36: RCM-RCMA Expense | C36: =-(SUMIF(CkReg2022[Category],"=" &CategoryTable81210141618162224[[#This Row],[Category]],CkReg2022[Withdrawal])) -> 0 | D36: -320 | F36: =-CategoryTable81210141618162224[[#This Row],[Budget]]-CategoryTable81210141618162224[[#This Row],[Amended Budget]]+CategoryTable81210141618162224[[#This Row],[Actual to date]] -> 320 | O36: =IF(ISBLANK(CkReg2022[[#This Row],[Withdrawal]]),O35+CkReg2022[[#This Row],[Deposit]],O35-CkReg2022[[#This Row],[Withdrawal]]) -> 13364.79 | Q36: =IF(ISBLANK(CkReg2022[[#This Row],[Withdrawal]]),Q35+CkReg2022[[#This Row],[Deposit]],Q35-CkReg2022[[#This Row],[Withdrawal]]) -> 13364.79 | R36: 1
B37: Secretary Expense | C37: =-(SUMIF(CkReg2022[Category],"=" &CategoryTable81210141618162224[[#This Row],[Category]],CkReg2022[Withdrawal])) -> 0 | D37: -50 | F37: =-CategoryTable81210141618162224[[#This Row],[Budget]]-CategoryTable81210141618162224[[#This Row],[Amended Budget]]+CategoryTable81210141618162224[[#This Row],[Actual to date]] -> 50 | O37: =IF(ISBLANK(CkReg2022[[#This Row],[Withdrawal]]),O36+CkReg2022[[#This Row],[Deposit]],O36-CkReg2022[[#This Row],[Withdrawal]]) -> 13364.79 | Q37: =IF(ISBLANK(CkReg2022[[#This Row],[Withdrawal]]),Q36+CkReg2022[[#This Row],[Deposit]],Q36-CkReg2022[[#This Row],[Withdrawal]]) -> 13364.79 | R37: 1
B38: Treasurer Expense | C38: =-(SUMIF(CkReg2022[Category],"=" &CategoryTable81210141618162224[[#This Row],[Category]],CkReg2022[Withdrawal])) -> 0 | D38: -150 | F38: =-CategoryTable81210141618162224[[#This Row],[Budget]]-CategoryTable81210141618162224[[#This Row],[Amended Budget]]+CategoryTable81210141618162224[[#This Row],[Actual to date]] -> 150 | O38: =IF(ISBLANK(CkReg2022[[#This Row],[Withdrawal]]),O37+CkReg2022[[#This Row],[Deposit]],O37-CkReg2022[[#This Row],[Withdrawal]]) -> 13364.79 | Q38: =IF(ISBLANK(CkReg2022[[#This Row],[Withdrawal]]),Q37+CkReg2022[[#This Row],[Deposit]],Q37-CkReg2022[[#This Row],[Withdrawal]]) -> 13364.79 | R38: 1
B39: Carry the Mssg | C39: =-(SUMIF(CkReg2022[Category],"=" &CategoryTable81210141618162224[[#This Row],[Category]],CkReg2022[Withdrawal])) -> 0 | D39: -300 | F39: =-CategoryTable81210141618162224[[#This Row],[Budget]]-CategoryTable81210141618162224[[#This Row],[Amended Budget]]+CategoryTable81210141618162224[[#This Row],[Actual to date]] -> 300 | O39: =IF(ISBLANK(CkReg2022[[#This Row],[Withdrawal]]),O38+CkReg2022[[#This Row],[Deposit]],O38-CkReg2022[[#This Row],[Withdrawal]]) -> 13364.79 | Q39: =IF(ISBLANK(CkReg2022[[#This Row],[Withdrawal]]),Q38+CkReg2022[[#This Row],[Deposit]],Q38-CkReg2022[[#This Row],[Withdrawal]]) -> 13364.79 | R39: 1
B40: Douglas County Jail Men | C40: =-(SUMIF(CkReg2022[Category],"=" &CategoryTable81210141618162224[[#This Row],[Category]],CkReg2022[Withdrawal])) -> 0 | D40: -50 | F40: =-CategoryTable81210141618162224[[#This Row],[Budget]]-CategoryTable81210141618162224[[#This Row],[Amended Budget]]+CategoryTable81210141618162224[[#This Row],[Actual to date]] -> 50 | O40: =IF(ISBLANK(CkReg2022[[#This Row],[Withdrawal]]),O39+CkReg2022[[#This Row],[Deposit]],O39-CkReg2022[[#This Row],[Withdrawal]]) -> 13364.79 | Q40: =IF(ISBLANK(CkReg2022[[#This Row],[Withdrawal]]),Q39+CkReg2022[[#This Row],[Deposit]],Q39-CkReg2022[[#This Row],[Withdrawal]]) -> 13364.79 | R40: 1
B41: Douglas County Jail Women | C41: =-(SUMIF(CkReg2022[Category],"=" &CategoryTable81210141618162224[[#This Row],[Category]],CkReg2022[Withdrawal])) -> 0 | D41: -50 | F41: =-CategoryTable81210141618162224[[#This Row],[Budget]]-CategoryTable81210141618162224[[#This Row],[Amended Budget]]+CategoryTable81210141618162224[[#This Row],[Actual to date]] -> 50 | O41: =IF(ISBLANK(CkReg2022[[#This Row],[Withdrawal]]),O40+CkReg2022[[#This Row],[Deposit]],O40-CkReg2022[[#This Row],[Withdrawal]]) -> 13364.79 | Q41: =IF(ISBLANK(CkReg2022[[#This Row],[Withdrawal]]),Q40+CkReg2022[[#This Row],[Deposit]],Q40-CkReg2022[[#This Row],[Withdrawal]]) -> 13364.79 | R41: 1
B42: St Louis County Health | C42: =-(SUMIF(CkReg2022[Category],"=" &CategoryTable81210141618162224[[#This Row],[Category]],CkReg2022[Withdrawal])) -> 0 | D42: -250 | F42: =-CategoryTable81210141618162224[[#This Row],[Budget]]-CategoryTable81210141618162224[[#This Row],[Amended Budget]]+CategoryTable81210141618162224[[#This Row],[Actual to date]] -> 250 | O42: =IF(ISBLANK(CkReg2022[[#This Row],[Withdrawal]]),O41+CkReg2022[[#This Row],[Deposit]],O41-CkReg2022[[#This Row],[Withdrawal]]) -> 13364.79 | Q42: =IF(ISBLANK(CkReg2022[[#This Row],[Withdrawal]]),Q41+CkReg2022[[#This Row],[Deposit]],Q41-CkReg2022[[#This Row],[Withdrawal]]) -> 13364.79 | R42: 1
B43: Drug Court | C43: =-(SUMIF(CkReg2022[Category],"=" &CategoryTable81210141618162224[[#This Row],[Category]],CkReg2022[Withdrawal])) -> 0 | D43: -100 | F43: =-CategoryTable81210141618162224[[#This Row],[Budget]]-CategoryTable81210141618162224[[#This Row],[Amended Budget]]+CategoryTable81210141618162224[[#This Row],[Actual to date]] -> 100 | O43: =IF(ISBLANK(CkReg2022[[#This Row],[Withdrawal]]),O42+CkReg2022[[#This Row],[Deposit]],O42-CkReg2022[[#This Row],[Withdrawal]]) -> 13364.79 | Q43: =IF(ISBLANK(CkReg2022[[#This Row],[Withdrawal]]),Q42+CkReg2022[[#This Row],[Deposit]],Q42-CkReg2022[[#This Row],[Withdrawal]]) -> 13364.79 | R43: 1
B44: 75% NA Minnesota Region | C44: =-(SUMIF(CkReg2022[Category],"=" &CategoryTable81210141618162224[[#This Row],[Category]],CkReg2022[Withdrawal])) -> 0 | D44: -2551.1175 | F44: =-CategoryTable81210141618162224[[#This Row],[Budget]]-CategoryTable81210141618162224[[#This Row],[Amended Budget]]+CategoryTable81210141618162224[[#This Row],[Actual to date]] -> 2551.1175 | O44: =IF(ISBLANK(CkReg2022[[#This Row],[Withdrawal]]),O43+CkReg2022[[#This Row],[Deposit]],O43-CkReg2022[[#This Row],[Withdrawal]]) -> 13364.79 | Q44: =IF(ISBLANK(CkReg2022[[#This Row],[Withdrawal]]),Q43+CkReg2022[[#This Row],[Deposit]],Q43-CkReg2022[[#This Row],[Withdrawal]]) -> 13364.79 | R44: 1
B45: 25% NA World Service | C45: =-(SUMIF(CkReg2022[Category],"=" &CategoryTable81210141618162224[[#This Row],[Category]],CkReg2022[Withdrawal])) -> 0 | D45: -850.37 | F45: =-CategoryTable81210141618162224[[#This Row],[Budget]]-CategoryTable81210141618162224[[#This Row],[Amended Budget]]+CategoryTable81210141618162224[[#This Row],[Actual to date]] -> 850.37 | O45: =IF(ISBLANK(CkReg2022[[#This Row],[Withdrawal]]),O44+CkReg2022[[#This Row],[Deposit]],O44-CkReg2022[[#This Row],[Withdrawal]]) -> 13364.79 | Q45: =IF(ISBLANK(CkReg2022[[#This Row],[Withdrawal]]),Q44+CkReg2022[[#This Row],[Deposit]],Q44-CkReg2022[[#This Row],[Withdrawal]]) -> 13364.79 | R45: 1
... B57: Vermilion Kids Crafts | C57: =-(SUMIF(CkReg2022[Category],"=" &CategoryTable81210141618162224[[#This Row],[Category]],CkReg2022[Withdrawal])) -> 0 | D57: -50 | F57: =-CategoryTable81210141618162224[[#This Row],[Budget]]-CategoryTable81210141618162224[[#This Row],[Amended Budget]]+CategoryTable81210141618162224[[#This Row],[Actual to date]] -> 50 | O57: =IF(ISBLANK(CkReg2022[[#This Row],[Withdrawal]]),O56+CkReg2022[[#This Row],[Deposit]],O56-CkReg2022[[#This Row],[Withdrawal]]) -> 13364.79 | Q57: =IF(ISBLANK(CkReg2022[[#This Row],[Withdrawal]]),Q56+CkReg2022[[#This Row],[Deposit]],Q56-CkReg2022[[#This Row],[Withdrawal]]) -> 13364.79 | R57: 1
B58: Vermilion Kids Games | C58: =SUMIF(CkReg2022[Category],"=" &CategoryTable81210141618162224[[#This Row],[Category]],CkReg2022[Deposit]) -> 0 | D58: -50 | F58: =-CategoryTable81210141618162224[[#This Row],[Budget]]-CategoryTable81210141618162224[[#This Row],[Amended Budget]]+CategoryTable81210141618162224[[#This Row],[Actual to date]] -> 50 | O58: =IF(ISBLANK(CkReg2022[[#This Row],[Withdrawal]]),O57+CkReg2022[[#This Row],[Deposit]],O57-CkReg2022[[#This Row],[Withdrawal]]) -> 13364.79 | Q58: =IF(ISBLANK(CkReg2022[[#This Row],[Withdrawal]]),Q57+CkReg2022[[#This Row],[Deposit]],Q57-CkReg2022[[#This Row],[Withdrawal]]) -> 13364.79 | R58: 1
B59: Vermilion Kitchen | C59: =SUMIF(CkReg2022[Category],"=" &CategoryTable81210141618162224[[#This Row],[Category]],CkReg2022[Deposit]) -> 0 | D59: -6000 | F59: =-CategoryTable81210141618162224[[#This Row],[Budget]]+CategoryTable81210141618162224[[#This Row],[Actual to date]] -> 6000 | O59: =IF(ISBLANK(CkReg2022[[#This Row],[Withdrawal]]),O58+CkReg2022[[#This Row],[Deposit]],O58-CkReg2022[[#This Row],[Withdrawal]]) -> 13364.79 | Q59: =IF(ISBLANK(CkReg2022[[#This Row],[Withdrawal]]),Q58+CkReg2022[[#This Row],[Deposit]],Q58-CkReg2022[[#This Row],[Withdrawal]]) -> 13364.79 | R59: 1
B60: Vermilion Misc | C60: =SUMIF(CkReg2022[Category],"=" &CategoryTable81210141618162224[[#This Row],[Category]],CkReg2022[Deposit]) -> 0 | D60: -100 | F60: =-CategoryTable81210141618162224[[#This Row],[Budget]]-CategoryTable81210141618162224[[#This Row],[Amended Budget]]+CategoryTable81210141618162224[[#This Row],[Actual to date]] -> 100 | O60: =IF(ISBLANK(CkReg2022[[#This Row],[Withdrawal]]),O59+CkReg2022[[#This Row],[Deposit]],O59-CkReg2022[[#This Row],[Withdrawal]]) -> 13364.79 | Q60: =IF(ISBLANK(CkReg2022[[#This Row],[Withdrawal]]),Q59+CkReg2022[[#This Row],[Deposit]],Q59-CkReg2022[[#This Row],[Withdrawal]]) -> 13364.79 | R60: 1
B61: Vermilion Programming | C61: =-(SUMIF(CkReg2022[Category],"=" &CategoryTable81210141618162224[[#This Row],[Category]],CkReg2022[Withdrawal])) -> 0 | D61: -1000 | F61: =-CategoryTable81210141618162224[[#This Row],[Budget]]-CategoryTable81210141618162224[[#This Row],[Amended Budget]]+CategoryTable81210141618162224[[#This Row],[Actual to date]] -> 1000 | O61: =IF(ISBLANK(CkReg2022[[#This Row],[Withdrawal]]),O60+CkReg2022[[#This Row],[Deposit]],O60-CkReg2022[[#This Row],[Withdrawal]]) -> 13364.79 | Q61: =IF(ISBLANK(CkReg2022[[#This Row],[Withdrawal]]),Q60+CkReg2022[[#This Row],[Deposit]],Q60-CkReg2022[[#This Row],[Withdrawal]]) -> 13364.79 | R61: 1
B62: Vermilion Registation Exp | C62: =-(SUMIF(CkReg2022[Category],"=" &CategoryTable81210141618162224[[#This Row],[Category]],CkReg2022[Withdrawal])) -> 0 | D62: -500 | F62: =-CategoryTable81210141618162224[[#This Row],[Budget]]-CategoryTable81210141618162224[[#This Row],[Amended Budget]]+CategoryTable81210141618162224[[#This Row],[Actual to date]] -> 500 | O62: =IF(ISBLANK(CkReg2022[[#This Row],[Withdrawal]]),O61+CkReg2022[[#This Row],[Deposit]],O61-CkReg2022[[#This Row],[Withdrawal]]) -> 13364.79 | Q62: =IF(ISBLANK(CkReg2022[[#This Row],[Withdrawal]]),Q61+CkReg2022[[#This Row],[Deposit]],Q61-CkReg2022[[#This Row],[Withdrawal]]) -> 13364.79 | R62: 1
B63: Vermilion Travel Exp | C63: =-(SUMIF(CkReg2022[Category],"=" &CategoryTable81210141618162224[[#This Row],[Category]],CkReg2022[Withdrawal])) -> 0 | D63: -100 | F63: =-CategoryTable81210141618162224[[#This Row],[Budget]]-CategoryTable81210141618162224[[#This Row],[Amended Budget]]+CategoryTable81210141618162224[[#This Row],[Actual to date]] -> 100 | O63: =IF(ISBLANK(CkReg2022[[#This Row],[Withdrawal]]),O62+CkReg2022[[#This Row],[Deposit]],O62-CkReg2022[[#This Row],[Withdrawal]]) -> 13364.79 | Q63: =IF(ISBLANK(CkReg2022[[#This Row],[Withdrawal]]),Q62+CkReg2022[[#This Row],[Deposit]],Q62-CkReg2022[[#This Row],[Withdrawal]]) -> 13364.79 | R63: 1
O64: =IF(ISBLANK(CkReg2022[[#This Row],[Withdrawal]]),O63+CkReg2022[[#This Row],[Deposit]],O63-CkReg2022[[#This Row],[Withdrawal]]) -> 13364.79 | Q64: =IF(ISBLANK(CkReg2022[[#This Row],[Withdrawal]]),Q63+CkReg2022[[#This Row],[Deposit]],Q63-CkReg2022[[#This Row],[Withdrawal]]) -> 13364.79 | R64: 1
B65: Totals | C65: =SUBTOTAL(109,C17:C63) -> 13364.79 | D65: =SUBTOTAL(109,D17:D63) -> 0.0025 | E65: =SUBTOTAL(109,E17:E63) -> 0 | F65: =SUBTOTAL(109,F17:F63) -> 13364.788 | O65: =IF(ISBLANK(CkReg2022[[#This Row],[Withdrawal]]),O64+CkReg2022[[#This Row],[Deposit]],O64-CkReg2022[[#This Row],[Withdrawal]]) -> 13364.79 | Q65: =IF(ISBLANK(CkReg2022[[#This Row],[Withdrawal]]),Q64+CkReg2022[[#This Row],[Deposit]],Q64-CkReg2022[[#This Row],[Withdrawal]]) -> 13364.79 | R65: 1
B66: Math Check Available Balance | C66: =+CkReg2022[[#Totals],[Available Balance]] -> 13364.79 | E66: =+CategoryTable81210141618162224[[#This Row],[Budget]] -> 0 | F66: =-CategoryTable81210141618162224[[#This Row],[Budget]]+CategoryTable81210141618162224[[#This Row],[Actual to date]] -> 13364.79 | O66: =IF(ISBLANK(CkReg2022[[#This Row],[Withdrawal]]),O65+CkReg2022[[#This Row],[Deposit]],O65-CkReg2022[[#This Row],[Withdrawal]]) -> 13364.79 | Q66: =IF(ISBLANK(CkReg2022[[#This Row],[Withdrawal]]),Q65+CkReg2022[[#This Row],[Deposit]],Q65-CkReg2022[[#This Row],[Withdrawal]]) -> 13364.79 | R66: 1
B67: Should equal zero | C67: =+C65-C66 -> 0 | E67: =+CategoryTable81210141618162224[[#This Row],[Budget]] -> 0 | F67: =-CategoryTable81210141618162224[[#This Row],[Budget]]+CategoryTable81210141618162224[[#This Row],[Actual to date]] -> 0 | O67: =IF(ISBLANK(CkReg2022[[#This Row],[Withdrawal]]),O66+CkReg2022[[#This Row],[Deposit]],O66-CkReg2022[[#This Row],[Withdrawal]]) -> 13364.79 | Q67: =IF(ISBLANK(CkReg2022[[#This Row],[Withdrawal]]),Q66+CkReg2022[[#This Row],[Deposit]],Q66-CkReg2022[[#This Row],[Withdrawal]]) -> 13364.79 | R67: 1
O68: =IF(ISBLANK(CkReg2022[[#This Row],[Withdrawal]]),O67+CkReg2022[[#This Row],[Deposit]],O67-CkReg2022[[#This Row],[Withdrawal]]) -> 13364.79 | Q68: =IF(ISBLANK(CkReg2022[[#This Row],[Withdrawal]]),Q67+CkReg2022[[#This Row],[Deposit]],Q67-CkReg2022[[#This Row],[Withdrawal]]) -> 13364.79 | R68: 1
B69: Vermilion Only | C69: =SUM(C57:C63) -> 0 | D69: =SUM(D46:D63) -> 3400 | F69: =SUM(F46:F63) -> -3400 | O69: =IF(ISBLANK(CkReg2022[[#This Row],[Withdrawal]]),O68+CkReg2022[[#This Row],[Deposit]],O68-CkReg2022[[#This Row],[Withdrawal]]) -> 13364.79 | Q69: =IF(ISBLANK(CkReg2022[[#This Row],[Withdrawal]]),Q68+CkReg2022[[#This Row],[Deposit]],Q68-CkReg2022[[#This Row],[Withdrawal]]) -> 13364.79 | R69: 1
O70: =IF(ISBLANK(CkReg2022[[#This Row],[Withdrawal]]),O69+CkReg2022[[#This Row],[Deposit]],O69-CkReg2022[[#This Row],[Withdrawal]]) -> 13364.79 | Q70: =IF(ISBLANK(CkReg2022[[#This Row],[Withdrawal]]),Q69+CkReg2022[[#This Row],[Deposit]],Q69-CkReg2022[[#This Row],[Withdrawal]]) -> 13364.79 | R70: 1
O71: =IF(ISBLANK(CkReg2022[[#This Row],[Withdrawal]]),O70+CkReg2022[[#This Row],[Deposit]],O70-CkReg2022[[#This Row],[Withdrawal]]) -> 13364.79 | Q71: =IF(ISBLANK(CkReg2022[[#This Row],[Withdrawal]]),Q70+CkReg2022[[#This Row],[Deposit]],Q70-CkReg2022[[#This Row],[Withdrawal]]) -> 13364.79 | R71: 1
B72: Notes to Amended Budget | O72: =IF(ISBLANK(CkReg2022[[#This Row],[Withdrawal]]),O71+CkReg2022[[#This Row],[Deposit]],O71-CkReg2022[[#This Row],[Withdrawal]]) -> 13364.79 | Q72: =IF(ISBLANK(CkReg2022[[#This Row],[Withdrawal]]),Q71+CkReg2022[[#This Row],[Deposit]],Q71-CkReg2022[[#This Row],[Withdrawal]]) -> 13364.79 | R72: 1
O73: =IF(ISBLANK(CkReg2022[[#This Row],[Withdrawal]]),O72+CkReg2022[[#This Row],[Deposit]],O72-CkReg2022[[#This Row],[Withdrawal]]) -> 13364.79 | Q73: =IF(ISBLANK(CkReg2022[[#This Row],[Withdrawal]]),Q72+CkReg2022[[#This Row],[Deposit]],Q72-CkReg2022[[#This Row],[Withdrawal]]) -> 13364.79 | R73: 1
O74: =IF(ISBLANK(CkReg2022[[#This Row],[Withdrawal]]),O73+CkReg2022[[#This Row],[Deposit]],O73-CkReg2022[[#This Row],[Withdrawal]]) -> 13364.79 | Q74: =IF(ISBLANK(CkReg2022[[#This Row],[Withdrawal]]),Q73+CkReg2022[[#This Row],[Deposit]],Q73-CkReg2022[[#This Row],[Withdrawal]]) -> 13364.79 | R74: 1
O75: =IF(ISBLANK(CkReg2022[[#This Row],[Withdrawal]]),O74+CkReg2022[[#This Row],[Deposit]],O74-CkReg2022[[#This Row],[Withdrawal]]) -> 13364.79 | Q75: =IF(ISBLANK(CkReg2022[[#This Row],[Withdrawal]]),Q74+CkReg2022[[#This Row],[Deposit]],Q74-CkReg2022[[#This Row],[Withdrawal]]) -> 13364.79 | R75: 1
O76: =IF(ISBLANK(CkReg2022[[#This Row],[Withdrawal]]),O75+CkReg2022[[#This Row],[Deposit]],O75-CkReg2022[[#This Row],[Withdrawal]]) -> 13364.79 | Q76: =IF(ISBLANK(CkReg2022[[#This Row],[Withdrawal]]),Q75+CkReg2022[[#This Row],[Deposit]],Q75-CkReg2022[[#This Row],[Withdrawal]]) -> 13364.79 | R76: 1
O77: =IF(ISBLANK(CkReg2022[[#This Row],[Withdrawal]]),O76+CkReg2022[[#This Row],[Deposit]],O76-CkReg2022[[#This Row],[Withdrawal]]) -> 13364.79 | Q77: =IF(ISBLANK(CkReg2022[[#This Row],[Withdrawal]]),Q76+CkReg2022[[#This Row],[Deposit]],Q76-CkReg2022[[#This Row],[Withdrawal]]) -> 13364.79 | R77: 1
O78: =IF(ISBLANK(CkReg2022[[#This Row],[Withdrawal]]),O77+CkReg2022[[#This Row],[Deposit]],O77-CkReg2022[[#This Row],[Withdrawal]]) -> 13364.79 | Q78: =IF(ISBLANK(CkReg2022[[#This Row],[Withdrawal]]),Q77+CkReg2022[[#This Row],[Deposit]],Q77-CkReg2022[[#This Row],[Withdrawal]]) -> 13364.79 | R78: 1
O79: =IF(ISBLANK(CkReg2022[[#This Row],[Withdrawal]]),O78+CkReg2022[[#This Row],[Deposit]],O78-CkReg2022[[#This Row],[Withdrawal]]) -> 13364.79 | Q79: =IF(ISBLANK(CkReg2022[[#This Row],[Withdrawal]]),Q78+CkReg2022[[#This Row],[Deposit]],Q78-CkReg2022[[#This Row],[Withdrawal]]) -> 13364.79 | R79: 1
O80: =IF(ISBLANK(CkReg2022[[#This Row],[Withdrawal]]),O79+CkReg2022[[#This Row],[Deposit]],O79-CkReg2022[[#This Row],[Withdrawal]]) -> 13364.79 | Q80: =IF(ISBLANK(CkReg2022[[#This Row],[Withdrawal]]),Q79+CkReg2022[[#This Row],[Deposit]],Q79-CkReg2022[[#This Row],[Withdrawal]]) -> 13364.79 | R80: 1
O81: =IF(ISBLANK(CkReg2022[[#This Row],[Withdrawal]]),O80+CkReg2022[[#This Row],[Deposit]],O80-CkReg2022[[#This Row],[Withdrawal]]) -> 13364.79 | Q81: =IF(ISBLANK(CkReg2022[[#This Row],[Withdrawal]]),Q80+CkReg2022[[#This Row],[Deposit]],Q80-CkReg2022[[#This Row],[Withdrawal]]) -> 13364.79 | R81: 1
O82: =IF(ISBLANK(CkReg2022[[#This Row],[Withdrawal]]),O81+CkReg2022[[#This Row],[Deposit]],O81-CkReg2022[[#This Row],[Withdrawal]]) -> 13364.79 | Q82: =IF(ISBLANK(CkReg2022[[#This Row],[Withdrawal]]),Q81+CkReg2022[[#This Row],[Deposit]],Q81-CkReg2022[[#This Row],[Withdrawal]]) -> 13364.79 | R82: 1
O83: =IF(ISBLANK(CkReg2022[[#This Row],[Withdrawal]]),O82+CkReg2022[[#This Row],[Deposit]],O82-CkReg2022[[#This Row],[Withdrawal]]) -> 13364.79 | Q83: =IF(ISBLANK(CkReg2022[[#This Row],[Withdrawal]]),Q82+CkReg2022[[#This Row],[Deposit]],Q82-CkReg2022[[#This Row],[Withdrawal]]) -> 13364.79 | R83: 1
O84: =IF(ISBLANK(CkReg2022[[#This Row],[Withdrawal]]),O83+CkReg2022[[#This Row],[Deposit]],O83-CkReg2022[[#This Row],[Withdrawal]]) -> 13364.79 | Q84: =IF(ISBLANK(CkReg2022[[#This Row],[Withdrawal]]),Q83+CkReg2022[[#This Row],[Deposit]],Q83-CkReg2022[[#This Row],[Withdrawal]]) -> 13364.79 | R84: 1
... O95: =IF(ISBLANK(CkReg2022[[#This Row],[Withdrawal]]),O94+CkReg2022[[#This Row],[Deposit]],O94-CkReg2022[[#This Row],[Withdrawal]]) -> 13364.79 | Q95: =IF(ISBLANK(CkReg2022[[#This Row],[Withdrawal]]),Q94+CkReg2022[[#This Row],[Deposit]],Q94-CkReg2022[[#This Row],[Withdrawal]]) -> 13364.79 | R95: 1
F96: ` | O96: =IF(ISBLANK(CkReg2022[[#This Row],[Withdrawal]]),O95+CkReg2022[[#This Row],[Deposit]],O95-CkReg2022[[#This Row],[Withdrawal]]) -> 13364.79 | Q96: =IF(ISBLANK(CkReg2022[[#This Row],[Withdrawal]]),Q95+CkReg2022[[#This Row],[Deposit]],Q95-CkReg2022[[#This Row],[Withdrawal]]) -> 13364.79 | R96: 1
O97: =IF(ISBLANK(CkReg2022[[#This Row],[Withdrawal]]),O96+CkReg2022[[#This Row],[Deposit]],O96-CkReg2022[[#This Row],[Withdrawal]]) -> 13364.79 | Q97: =IF(ISBLANK(CkReg2022[[#This Row],[Withdrawal]]),Q96+CkReg2022[[#This Row],[Deposit]],Q96-CkReg2022[[#This Row],[Withdrawal]]) -> 13364.79 | R97: 1
O98: =IF(ISBLANK(CkReg2022[[#This Row],[Withdrawal]]),O97+CkReg2022[[#This Row],[Deposit]],O97-CkReg2022[[#This Row],[Withdrawal]]) -> 13364.79 | Q98: =IF(ISBLANK(CkReg2022[[#This Row],[Withdrawal]]),Q97+CkReg2022[[#This Row],[Deposit]],Q97-CkReg2022[[#This Row],[Withdrawal]]) -> 13364.79 | R98: 1
O99: =IF(ISBLANK(CkReg2022[[#This Row],[Withdrawal]]),O98+CkReg2022[[#This Row],[Deposit]],O98-CkReg2022[[#This Row],[Withdrawal]]) -> 13364.79 | Q99: =IF(ISBLANK(CkReg2022[[#This Row],[Withdrawal]]),Q98+CkReg2022[[#This Row],[Deposit]],Q98-CkReg2022[[#This Row],[Withdrawal]]) -> 13364.79 | R99: 1
O100: =IF(ISBLANK(CkReg2022[[#This Row],[Withdrawal]]),O99+CkReg2022[[#This Row],[Deposit]],O99-CkReg2022[[#This Row],[Withdrawal]]) -> 13364.79 | Q100: =IF(ISBLANK(CkReg2022[[#This Row],[Withdrawal]]),Q99+CkReg2022[[#This Row],[Deposit]],Q99-CkReg2022[[#This Row],[Withdrawal]]) -> 13364.79 | R100: 1
O101: =IF(ISBLANK(CkReg2022[[#This Row],[Withdrawal]]),O100+CkReg2022[[#This Row],[Deposit]],O100-CkReg2022[[#This Row],[Withdrawal]]) -> 13364.79 | Q101: =IF(ISBLANK(CkReg2022[[#This Row],[Withdrawal]]),Q100+CkReg2022[[#This Row],[Deposit]],Q100-CkReg2022[[#This Row],[Withdrawal]]) -> 13364.79 | R101: 1
O102: =IF(ISBLANK(CkReg2022[[#This Row],[Withdrawal]]),O101+CkReg2022[[#This Row],[Deposit]],O101-CkReg2022[[#This Row],[Withdrawal]]) -> 13364.79 | Q102: =IF(ISBLANK(CkReg2022[[#This Row],[Withdrawal]]),Q101+CkReg2022[[#This Row],[Deposit]],Q101-CkReg2022[[#This Row],[Withdrawal]]) -> 13364.79 | R102: 1
O103: =IF(ISBLANK(CkReg2022[[#This Row],[Withdrawal]]),O102+CkReg2022[[#This Row],[Deposit]],O102-CkReg2022[[#This Row],[Withdrawal]]) -> 13364.79 | Q103: =IF(ISBLANK(CkReg2022[[#This Row],[Withdrawal]]),Q102+CkReg2022[[#This Row],[Deposit]],Q102-CkReg2022[[#This Row],[Withdrawal]]) -> 13364.79 | R103: 1
O104: =IF(ISBLANK(CkReg2022[[#This Row],[Withdrawal]]),O103+CkReg2022[[#This Row],[Deposit]],O103-CkReg2022[[#This Row],[Withdrawal]]) -> 13364.79 | Q104: =IF(ISBLANK(CkReg2022[[#This Row],[Withdrawal]]),Q103+CkReg2022[[#This Row],[Deposit]],Q103-CkReg2022[[#This Row],[Withdrawal]]) -> 13364.79 | R104: 1
O105: =IF(ISBLANK(CkReg2022[[#This Row],[Withdrawal]]),O104+CkReg2022[[#This Row],[Deposit]],O104-CkReg2022[[#This Row],[Withdrawal]]) -> 13364.79 | Q105: =IF(ISBLANK(CkReg2022[[#This Row],[Withdrawal]]),Q104+CkReg2022[[#This Row],[Deposit]],Q104-CkReg2022[[#This Row],[Withdrawal]]) -> 13364.79 | R105: 1
O106: =IF(ISBLANK(CkReg2022[[#This Row],[Withdrawal]]),O105+CkReg2022[[#This Row],[Deposit]],O105-CkReg2022[[#This Row],[Withdrawal]]) -> 13364.79 | Q106: =IF(ISBLANK(CkReg2022[[#This Row],[Withdrawal]]),Q105+CkReg2022[[#This Row],[Deposit]],Q105-CkReg2022[[#This Row],[Withdrawal]]) -> 13364.79 | R106: 1
O107: =IF(ISBLANK(CkReg2022[[#This Row],[Withdrawal]]),O106+CkReg2022[[#This Row],[Deposit]],O106-CkReg2022[[#This Row],[Withdrawal]]) -> 13364.79 | Q107: =IF(ISBLANK(CkReg2022[[#This Row],[Withdrawal]]),Q106+CkReg2022[[#This Row],[Deposit]],Q106-CkReg2022[[#This Row],[Withdrawal]]) -> 13364.79 | R107: 1
O108: =IF(ISBLANK(CkReg2022[[#This Row],[Withdrawal]]),O107+CkReg2022[[#This Row],[Deposit]],O107-CkReg2022[[#This Row],[Withdrawal]]) -> 13364.79 | Q108: =IF(ISBLANK(CkReg2022[[#This Row],[Withdrawal]]),Q107+CkReg2022[[#This Row],[Deposit]],Q107-CkReg2022[[#This Row],[Withdrawal]]) -> 13364.79 | R108: 1
... O113: =IF(ISBLANK(CkReg2022[[#This Row],[Withdrawal]]),O112+CkReg2022[[#This Row],[Deposit]],O112-CkReg2022[[#This Row],[Withdrawal]]) -> 13364.79 | Q113: =IF(ISBLANK(CkReg2022[[#This Row],[Withdrawal]]),Q112+CkReg2022[[#This Row],[Deposit]],Q112-CkReg2022[[#This Row],[Withdrawal]]) -> 13364.79 | R113: 1
F114: ` | O114: =IF(ISBLANK(CkReg2022[[#This Row],[Withdrawal]]),O113+CkReg2022[[#This Row],[Deposit]],O113-CkReg2022[[#This Row],[Withdrawal]]) -> 13364.79 | Q114: =IF(ISBLANK(CkReg2022[[#This Row],[Withdrawal]]),Q113+CkReg2022[[#This Row],[Deposit]],Q113-CkReg2022[[#This Row],[Withdrawal]]) -> 13364.79 | R114: 1
O115: =IF(ISBLANK(CkReg2022[[#This Row],[Withdrawal]]),O114+CkReg2022[[#This Row],[Deposit]],O114-CkReg2022[[#This Row],[Withdrawal]]) -> 13364.79 | Q115: =IF(ISBLANK(CkReg2022[[#This Row],[Withdrawal]]),Q114+CkReg2022[[#This Row],[Deposit]],Q114-CkReg2022[[#This Row],[Withdrawal]]) -> 13364.79 | R115: 1
O116: =IF(ISBLANK(CkReg2022[[#This Row],[Withdrawal]]),O115+CkReg2022[[#This Row],[Deposit]],O115-CkReg2022[[#This Row],[Withdrawal]]) -> 13364.79 | Q116: =IF(ISBLANK(CkReg2022[[#This Row],[Withdrawal]]),Q115+CkReg2022[[#This Row],[Deposit]],Q115-CkReg2022[[#This Row],[Withdrawal]]) -> 13364.79 | R116: 1
O117: =IF(ISBLANK(CkReg2022[[#This Row],[Withdrawal]]),O116+CkReg2022[[#This Row],[Deposit]],O116-CkReg2022[[#This Row],[Withdrawal]]) -> 13364.79 | Q117: =IF(ISBLANK(CkReg2022[[#This Row],[Withdrawal]]),Q116+CkReg2022[[#This Row],[Deposit]],Q116-CkReg2022[[#This Row],[Withdrawal]]) -> 13364.79 | R117: 1
O118: =IF(ISBLANK(CkReg2022[[#This Row],[Withdrawal]]),O117+CkReg2022[[#This Row],[Deposit]],O117-CkReg2022[[#This Row],[Withdrawal]]) -> 13364.79 | Q118: =IF(ISBLANK(CkReg2022[[#This Row],[Withdrawal]]),Q117+CkReg2022[[#This Row],[Deposit]],Q117-CkReg2022[[#This Row],[Withdrawal]]) -> 13364.79 | R118: 1
O119: =IF(ISBLANK(CkReg2022[[#This Row],[Withdrawal]]),O118+CkReg2022[[#This Row],[Deposit]],O118-CkReg2022[[#This Row],[Withdrawal]]) -> 13364.79 | Q119: =IF(ISBLANK(CkReg2022[[#This Row],[Withdrawal]]),Q118+CkReg2022[[#This Row],[Deposit]],Q118-CkReg2022[[#This Row],[Withdrawal]]) -> 13364.79 | R119: 1
O120: =IF(ISBLANK(CkReg2022[[#This Row],[Withdrawal]]),O119+CkReg2022[[#This Row],[Deposit]],O119-CkReg2022[[#This Row],[Withdrawal]]) -> 13364.79 | Q120: =IF(ISBLANK(CkReg2022[[#This Row],[Withdrawal]]),Q119+CkReg2022[[#This Row],[Deposit]],Q119-CkReg2022[[#This Row],[Withdrawal]]) -> 13364.79 | R120: 1
O121: =IF(ISBLANK(CkReg2022[[#This Row],[Withdrawal]]),O120+CkReg2022[[#This Row],[Deposit]],O120-CkReg2022[[#This Row],[Withdrawal]]) -> 13364.79 | Q121: =IF(ISBLANK(CkReg2022[[#This Row],[Withdrawal]]),Q120+CkReg2022[[#This Row],[Deposit]],Q120-CkReg2022[[#This Row],[Withdrawal]]) -> 13364.79 | R121: 1
O122: =IF(ISBLANK(CkReg2022[[#This Row],[Withdrawal]]),O121+CkReg2022[[#This Row],[Deposit]],O121-CkReg2022[[#This Row],[Withdrawal]]) -> 13364.79 | Q122: =IF(ISBLANK(CkReg2022[[#This Row],[Withdrawal]]),Q121+CkReg2022[[#This Row],[Deposit]],Q121-CkReg2022[[#This Row],[Withdrawal]]) -> 13364.79 | R122: 1
O123: =IF(ISBLANK(CkReg2022[[#This Row],[Withdrawal]]),O122+CkReg2022[[#This Row],[Deposit]],O122-CkReg2022[[#This Row],[Withdrawal]]) -> 13364.79 | Q123: =IF(ISBLANK(CkReg2022[[#This Row],[Withdrawal]]),Q122+CkReg2022[[#This Row],[Deposit]],Q122-CkReg2022[[#This Row],[Withdrawal]]) -> 13364.79 | R123: 1
O124: =IF(ISBLANK(CkReg2022[[#This Row],[Withdrawal]]),O123+CkReg2022[[#This Row],[Deposit]],O123-CkReg2022[[#This Row],[Withdrawal]]) -> 13364.79 | Q124: =IF(ISBLANK(CkReg2022[[#This Row],[Withdrawal]]),Q123+CkReg2022[[#This Row],[Deposit]],Q123-CkReg2022[[#This Row],[Withdrawal]]) -> 13364.79 | R124: 1
O125: =IF(ISBLANK(CkReg2022[[#This Row],[Withdrawal]]),O124+CkReg2022[[#This Row],[Deposit]],O124-CkReg2022[[#This Row],[Withdrawal]]) -> 13364.79 | Q125: =IF(ISBLANK(CkReg2022[[#This Row],[Withdrawal]]),Q124+CkReg2022[[#This Row],[Deposit]],Q124-CkReg2022[[#This Row],[Withdrawal]]) -> 13364.79 | R125: 1
...

Sheet Budget 2022
A1: NLANA 2022 PROPOSED BUDGET | D1: Revised 12/4/2021
A2: Category | B2: Actual to Date | C2: 2021 Budget | D2: 2022 Proposal | F2: Area Operations | G2: Vermilion Operations | H2: Projected Contri-butions
A3: Beginning Balance | B3: 13364.79 | C3: 12826 | D3: =20193+B36+B37 -> 15791.49 | F3: =+D3 -> 15791.49
A4: Prudent Reserve | B4: -3000 | C4: -3000 | D4: -4000 | F4: -4000
A5: New Project Reserve | B5: -1715 | C5: -1715 | D5: -3950 | F5: -3950
A6: Vermilion Reserve | B6: -4000 | C6: -4000 | D6: -4500 | F6: -4500
A7: Available Funds | B7: =SUM(B3:B6) -> 4649.79 | C7: =SUM(C3:C6) -> 4111 | D7: =SUM(D3:D6) -> 3341.49 | F7: =SUM(F3:F6) -> 3341.49 | G7: 0 | H7: 0
A9: Activities Inc | B9: 336 | C9: 500 | D9: 550 | F9: =+D9 -> 550
A10: Donations | B10: 1560 | C10: 775 | D10: 900 | F10: =+D10 -> 900
A11: Vermilion Merch Inc | B11: 9345 | C11: 5500 | D11: 6500 | G11: =+D11 -> 6500
A12: Vermilion Reg Inc | B12: 17790.5 | C12: 14500 | D12: 18600 | G12: =+D12 -> 18600
A13: Total Income | B13: =SUM(B9:B12) -> 29031.5 | C13: =SUM(C9:C12) -> 21275 | D13: =SUM(D9:D12) -> 26550 | F13: =SUM(F9:F12) -> 1450 | G13: =SUM(G9:G12) -> 25100 | H13: =SUM(H9:H12) -> 0
A15: Activities Exp | B15: -800 | C15: -1250 | D15: -1375 | F15: =+D15 -> -1375
A16: ASC Meeting Expenses | B16: 0 | C16: -25 | D16: -30 | F16: =+D16 -> -30
A17: GSR Orientation | B17: 0 | C17: -50 | D17: -50 | F17: =+D17 -> -50
A18: Interest Income | B18: 1 | C18: 5 | D18: -5 | F18: =+D18 -> -5
A19: Meeting Lists | B19: -98 | C19: -175 | D19: -200 | F19: =+D19 -> -200
A20: Meeting Rm Rent | B20: -400 | C20: -300 | D20: -450 | F20: =+D20 -> -450
A21: Misc Expense | B21: 0 | C21: -50 | D21: -50 | F21: =+D21 -> -50
A22: New Meeting Pkts | B22: 0 | C22: 0 | D22: -50 | F22: =+D22 -> -50
A23: PO Box Rental | B23: -134 | C23: -110 | D23: -150 | F23: =+D23 -> -150
A24: Storage Rent | B24: -1199 | C24: -1100 | D24: -900 | F24: =+D24 -> -900
A25: Zoom Expense | B25: -147 | C25: -200 | D25: -200 | F25: =+D25 -> -200
A26: Chair Expense | B26: 0 | C26: -25 | D26: -30 | F26: =+D26 -> -30
... A35: Drug Court | B35: 0 | C35: -100 | D35: -100 | F35: =+D35 -> -100
A36: 75% NA Minnesota Region | B36: -3301.1325 | C36: -875 | D36: =0.75*-3401.49 -> -2551.1175 | H36: =+D36 -> -2551.1175
A37: 25% NA World Service | B37: -1100.3775 | C37: -275 | D37: -850.37 | H37: =+D37 -> -850.37
A38: Vermilion Adult Games | B38: 0 | C38: -100 | D38: -100 | G38: =+D38 -> -100
A39: Vermilion Banner | B39: 0 | C39: -100 | D39: -100 | G39: =+D39 -> -100
A40: Vermilion Kids Games | B40: -50 | C40: -50 | D40: -50 | G40: =+D40 -> -50
A41: Vermilion Kids Crafts | B41: -50 | C41: -50 | D41: -50 | G41: =+D41 -> -50
A42: Vermilion Kitchen | B42: -5098 | C42: -4500 | D42: -6000 | G42: =+D42 -> -6000
A43: Vermilion Merchandise | B43: -4288 | C43: -3865 | D43: -5000 | G43: =+D43 -> -5000
A44: Vermilion Merch Card Fees | B44: -160 | C44: -135 | D44: -100 | G44: =+D44 -> -100
A45: Vermilion Programming | B45: -943 | C45: -1000 | D45: -1000 | G45: =+D45 -> -1000
A46: Vermilion Camp Fees | B46: -7201 | C46: -5600 | D46: -8000 | G46: =+D46 -> -8000
A47: Vermilion Registation Exp | B47: -487 | C47: -550 | D47: -500 | G47: =+D47 -> -500
A48: Vermilion Reg Card Fees | B48: -275 | C48: -360 | D48: -300 | G48: =+D48 -> -300
A49: Vermilion Chair/Treasurer | B49: -30 | C49: -50 | D49: -50 | G49: =+D49 -> -50
... A52: Vermilion Misc | B52: 0 | C52: -100 | D52: -100 | G52: =+D52 -> -100
G53: =+D53 -> 0
A54: Total Expenses | B54: =SUM(B15:B52) -> -26299.51 | C54: =SUM(C15:C52) -> -22423 | D54: =SUM(D15:D52) -> -29891.487 | F54: =SUM(F15:F53) -> -4790 | G54: =SUM(G15:G53) -> -21700 | H54: =SUM(H15:H53) -> -3401.4875
A56: Net Difference | B56: =+B13+B54+B7 -> 7381.78 | C56: =+C13+C54+C7 -> 2963 | D56: =+D13+D54+D7 -> 0.0025 | F56: =+F13+F54+F7 -> 1.49 | G56: =+G13+G54+G7 -> 3400 | H56: =+H13+H54+H7 -> -3401.4875
A59: Category | B59: Actual to Date | C59: 2021 Budget | D59: 2022 Proposal
A60: Vermilion Merch Inc | B60: 9345 | C60: 5500 | D60: 6500
A61: Vermilion Reg Inc | B61: 17790.5 | C61: 14500 | D61: 18600
A62: Total Vermilion Income | B62: =SUM(B60:B61) -> 27135.5 | C62: =SUM(C60:C61) -> 20000 | D62: =SUM(D60:D61) -> 25100
A64: Vermilion Adult Games | B64: 0 | C64: -100 | D64: -100
A65: Vermilion Banner | B65: 0 | C65: -100 | D65: -100
A66: Vermilion Kids Games | B66: -50 | C66: -50 | D66: -50
A67: Vermilion Kids Crafts | B67: -50 | C67: -50 | D67: -50
A68: Vermilion Kitchen | B68: -5098 | C68: -4500 | D68: -6000
A69: Vermilion Merchandise | B69: -4288 | C69: -3865 | D69: -5000
A70: Vermilion Merch Card Fees | B70: -160 | C70: -135 | D70: -100
A71: Vermilion Programming | B71: -943 | C71: -1000 | D71: -1000
A72: Vermilion Camp Fees | B72: -7201 | C72: -5600 | D72: -8000
A73: Vermilion Registation Exp | B73: -487 | C73: -550 | D73: -500
A74: Vermilion Reg Card Fees | B74: -275 | C74: -360 | D74: -300
A75: Vermilion Chair/Treasurer | B75: -30 | C75: -50 | D75: -50
... A77: Vermilion Travel Exp | B77: 0 | C77: -100 | D77: -100
A78: Vermilion Misc | C78: -100 | D78: -100
A79: Total Vermilion Expenses | B79: =SUM(B64:B78) -> -18832 | C79: =SUM(C64:C78) -> -16810 | D79: =SUM(D64:D78) -> -21700
A81: Net Vermilion | B81: =+B62+B79 -> 8303.5 | C81: =+C62+C79 -> 3190 | D81: =+D62+D79 -> 3400

Sheet Check Register 2021
H1: NLASC Check Register 01/01/2021-12/31/2021 | M1: As of | N1: =NOW() -> 44534.888
H2: Check # | I2: Date | J2: Payee or Receipt Number | K2: Description | L2: Category | M2: Withdrawal | N2: Deposit | O2: Available Balance | P2: Cleared | Q2: Balance per Bank | R2: Statement
I3: 44197 | J3: Beginning Balance | L3: Beginning Balance | N3: 13364.79 | O3: =+CkReg16_1815171521[[#This Row],[Deposit]] -> 13364.79 | P3: 44197 | Q3: 13364.79 | R3: 1
I4: 44197 | K4: Move Funds to Correct Group | L4: Beginning Balance | N4: -31.85 | O4: =IF(ISBLANK(CkReg16_1815171521[[#This Row],[Withdrawal]]),O3+CkReg16_1815171521[[#This Row],[Deposit]],O3-CkReg16_1815171521[[#This Row],[Withdrawal]]) -> 13332.94 | P4: 44197 | Q4: =IF(ISBLANK(CkReg16_1815171521[[#This Row],[Withdrawal]]),Q3+CkReg16_1815171521[[#This Row],[Deposit]],Q3-CkReg16_1815171521[[#This Row],[Withdrawal]]) -> 13332.94 | R4: 1
I5: 44197 | K5: Move Funds to Correct Group | L5: Beginning Balance | N5: -19.12 | O5: =IF(ISBLANK(CkReg16_1815171521[[#This Row],[Withdrawal]]),O4+CkReg16_1815171521[[#This Row],[Deposit]],O4-CkReg16_1815171521[[#This Row],[Withdrawal]]) -> 13313.82 | P5: 44197 | Q5: =IF(ISBLANK(CkReg16_1815171521[[#This Row],[Withdrawal]]),Q4+CkReg16_1815171521[[#This Row],[Deposit]],Q4-CkReg16_1815171521[[#This Row],[Withdrawal]]) -> 13313.82 | R5: 1
I6: 44197 | K6: Move Funds to Correct Group | L6: We Made A Decision | N6: 19.12 | O6: =IF(ISBLANK(CkReg16_1815171521[[#This Row],[Withdrawal]]),O5+CkReg16_1815171521[[#This Row],[Deposit]],O5-CkReg16_1815171521[[#This Row],[Withdrawal]]) -> 13332.94 | P6: 44197 | Q6: =IF(ISBLANK(CkReg16_1815171521[[#This Row],[Withdrawal]]),Q5+CkReg16_1815171521[[#This Row],[Deposit]],Q5-CkReg16_1815171521[[#This Row],[Withdrawal]]) -> 13332.94 | R6: 1
I7: 44197 | K7: Move Funds to Correct Group | L7: Rompin Stomp | N7: 31.85 | O7: =IF(ISBLANK(CkReg16_1815171521[[#This Row],[Withdrawal]]),O6+CkReg16_1815171521[[#This Row],[Deposit]],O6-CkReg16_1815171521[[#This Row],[Withdrawal]]) -> 13364.79 | P7: 44197 | Q7: =IF(ISBLANK(CkReg16_1815171521[[#This Row],[Withdrawal]]),Q6+CkReg16_1815171521[[#This Row],[Deposit]],Q6-CkReg16_1815171521[[#This Row],[Withdrawal]]) -> 13364.79 | R7: 1
I8: 44197 | L8: Prudent Reserve | M8: 3000 | O8: =IF(ISBLANK(CkReg16_1815171521[[#This Row],[Withdrawal]]),O7+CkReg16_1815171521[[#This Row],[Deposit]],O7-CkReg16_1815171521[[#This Row],[Withdrawal]]) -> 10364.79 | P8: 44197 | Q8: 13364.79 | R8: 1
I9: 44197 | L9: Vermilion Reserve | M9: 4000 | O9: =IF(ISBLANK(CkReg16_1815171521[[#This Row],[Withdrawal]]),O8+CkReg16_1815171521[[#This Row],[Deposit]],O8-CkReg16_1815171521[[#This Row],[Withdrawal]]) -> 6364.79 | P9: 44197 | Q9: 13364.79 | R9: 1
I10: 44197 | L10: New Project Reserve | M10: 1715 | O10: =IF(ISBLANK(CkReg16_1815171521[[#This Row],[Withdrawal]]),O9+CkReg16_1815171521[[#This Row],[Deposit]],O9-CkReg16_1815171521[[#This Row],[Withdrawal]]) -> 4649.79 | P10: 44197 | Q10: 13364.79 | R10: 44197
I11: 44199 | K11: Fees Square | L11: Rompin Stomp | N11: -0.45 | O11: =IF(ISBLANK(CkReg16_1815171521[[#This Row],[Withdrawal]]),O10+CkReg16_1815171521[[#This Row],[Deposit]],O10-CkReg16_1815171521[[#This Row],[Withdrawal]]) -> 4649.34 | P11: 44200 | Q11: =IF(ISBLANK(CkReg16_1815171521[[#This Row],[Withdrawal]]),Q10+CkReg16_1815171521[[#This Row],[Deposit]],Q10-CkReg16_1815171521[[#This Row],[Withdrawal]]) -> 13364.34 | R11: 1
I12: 44199 | K12: Fees Square | L12: Rompin Stomp | N12: -0.45 | O12: =IF(ISBLANK(CkReg16_1815171521[[#This Row],[Withdrawal]]),O11+CkReg16_1815171521[[#This Row],[Deposit]],O11-CkReg16_1815171521[[#This Row],[Withdrawal]]) -> 4648.89 | P12: 44200 | Q12: =IF(ISBLANK(CkReg16_1815171521[[#This Row],[Withdrawal]]),Q11+CkReg16_1815171521[[#This Row],[Deposit]],Q11-CkReg16_1815171521[[#This Row],[Withdrawal]]) -> 13363.89 | R12: 1
I13: 44199 | K13: Fees Square | L13: Rompin Stomp | N13: -0.45 | O13: =IF(ISBLANK(CkReg16_1815171521[[#This Row],[Withdrawal]]),O12+CkReg16_1815171521[[#This Row],[Deposit]],O12-CkReg16_1815171521[[#This Row],[Withdrawal]]) -> 4648.44 | P13: 44200 | Q13: =IF(ISBLANK(CkReg16_1815171521[[#This Row],[Withdrawal]]),Q12+CkReg16_1815171521[[#This Row],[Deposit]],Q12-CkReg16_1815171521[[#This Row],[Withdrawal]]) -> 13363.44 | R13: 1
B14: NORTHERN LIGHTS AREA TREASURY REPORT | D14: As of | F14: =NOW() -> 44534.888 | I14: 44199 | K14: Donation Square | L14: Rompin Stomp | N14: 5 | O14: =IF(ISBLANK(CkReg16_1815171521[[#This Row],[Withdrawal]]),O13+CkReg16_1815171521[[#This Row],[Deposit]],O13-CkReg16_1815171521[[#This Row],[Withdrawal]]) -> 4653.44 | P14: 44200 | Q14: =IF(ISBLANK(CkReg16_1815171521[[#This Row],[Withdrawal]]),Q13+CkReg16_1815171521[[#This Row],[Deposit]],Q13-CkReg16_1815171521[[#This Row],[Withdrawal]]) -> 13368.44 | R14: 1
I15: 44199 | K15: Donation Square | L15: Rompin Stomp | N15: 5 | O15: =IF(ISBLANK(CkReg16_1815171521[[#This Row],[Withdrawal]]),O14+CkReg16_1815171521[[#This Row],[Deposit]],O14-CkReg16_1815171521[[#This Row],[Withdrawal]]) -> 4658.44 | P15: 44200 | Q15: =IF(ISBLANK(CkReg16_1815171521[[#This Row],[Withdrawal]]),Q14+CkReg16_1815171521[[#This Row],[Deposit]],Q14-CkReg16_1815171521[[#This Row],[Withdrawal]]) -> 13373.44 | R15: 1
B16: Category | C16: Actual to date | D16: Budget | E16: Amended Budget | F16: Budget Balance | I16: 44199 | K16: Donation Square | L16: Rompin Stomp | N16: 5 | O16: =IF(ISBLANK(CkReg16_1815171521[[#This Row],[Withdrawal]]),O15+CkReg16_1815171521[[#This Row],[Deposit]],O15-CkReg16_1815171521[[#This Row],[Withdrawal]]) -> 4663.44 | P16: 44200 | Q16: =IF(ISBLANK(CkReg16_1815171521[[#This Row],[Withdrawal]]),Q15+CkReg16_1815171521[[#This Row],[Deposit]],Q15-CkReg16_1815171521[[#This Row],[Withdrawal]]) -> 13378.44 | R16: 1
B17: Beginning Balance | C17: =SUMIF(CkReg16_1815171521[Category],"=" &CategoryTable812101416181622[[#This Row],[Category]],CkReg16_1815171521[Deposit]) -> 13313.82 | D17: 12826.13 | E17: 538.66 | F17: =-CategoryTable812101416181622[[#This Row],[Budget]]-CategoryTable812101416181622[[#This Row],[Amended Budget]]+CategoryTable812101416181622[[#This Row],[Actual to date]] -> -50.97 | I17: 44200 | K17: Fees Square | L17: We Made A Decision | N17: -0.59 | O17: =IF(ISBLANK(CkReg16_1815171521[[#This Row],[Withdrawal]]),O16+CkReg16_1815171521[[#This Row],[Deposit]],O16-CkReg16_1815171521[[#This Row],[Withdrawal]]) -> 4662.85 | P17: 44202 | Q17: =IF(ISBLANK(CkReg16_1815171521[[#This Row],[Withdrawal]]),Q16+CkReg16_1815171521[[#This Row],[Deposit]],Q16-CkReg16_1815171521[[#This Row],[Withdrawal]]) -> 13377.85 | R17: 1
B18: Annual Start Up Balance | C18: =+N8 -> 0 | D18: -2963.63 | F18: =-CategoryTable812101416181622[[#This Row],[Budget]]-CategoryTable812101416181622[[#This Row],[Amended Budget]]+CategoryTable812101416181622[[#This Row],[Actual to date]] -> 2963.63 | I18: 44200 | K18: Fees Square | L18: We Made A Decision | N18: -0.45 | O18: =IF(ISBLANK(CkReg16_1815171521[[#This Row],[Withdrawal]]),O17+CkReg16_1815171521[[#This Row],[Deposit]],O17-CkReg16_1815171521[[#This Row],[Withdrawal]]) -> 4662.4 | P18: 44202 | Q18: =IF(ISBLANK(CkReg16_1815171521[[#This Row],[Withdrawal]]),Q17+CkReg16_1815171521[[#This Row],[Deposit]],Q17-CkReg16_1815171521[[#This Row],[Withdrawal]]) -> 13377.4 | R18: 1
B19: Donations | C19: =SUMIF(CkReg16_1815171521[Category],"=" &CategoryTable812101416181622[[#This Row],[Category]],CkReg16_1815171521[Deposit]) -> 1560.12 | D19: 775 | F19: =-CategoryTable812101416181622[[#This Row],[Budget]]-CategoryTable812101416181622[[#This Row],[Amended Budget]]+CategoryTable812101416181622[[#This Row],[Actual to date]] -> 785.12 | I19: 44200 | K19: Donation Square | L19: We Made A Decision | N19: 5 | O19: =IF(ISBLANK(CkReg16_1815171521[[#This Row],[Withdrawal]]),O18+CkReg16_1815171521[[#This Row],[Deposit]],O18-CkReg16_1815171521[[#This Row],[Withdrawal]]) -> 4667.4 | P19: 44202 | Q19: =IF(ISBLANK(CkReg16_1815171521[[#This Row],[Withdrawal]]),Q18+CkReg16_1815171521[[#This Row],[Deposit]],Q18-CkReg16_1815171521[[#This Row],[Withdrawal]]) -> 13382.4 | R19: 1
B20: Bank Fees | C20: =-(SUMIF(CkReg16_1815171521[Category],"=" &CategoryTable812101416181622[[#This Row],[Category]],CkReg16_1815171521[Withdrawal])) -> 0 | D20: 0 | F20: =-CategoryTable812101416181622[[#This Row],[Budget]]-CategoryTable812101416181622[[#This Row],[Amended Budget]]+CategoryTable812101416181622[[#This Row],[Actual to date]] -> 0 | I20: 44200 | K20: Donation Square | L20: We Made A Decision | N20: 10 | O20: =IF(ISBLANK(CkReg16_1815171521[[#This Row],[Withdrawal]]),O19+CkReg16_1815171521[[#This Row],[Deposit]],O19-CkReg16_1815171521[[#This Row],[Withdrawal]]) -> 4677.4 | P20: 44202 | Q20: =IF(ISBLANK(CkReg16_1815171521[[#This Row],[Withdrawal]]),Q19+CkReg16_1815171521[[#This Row],[Deposit]],Q19-CkReg16_1815171521[[#This Row],[Withdrawal]]) -> 13392.4 | R20: 1
B21: Group Lit Orders | C21: =-(SUMIF(CkReg16_1815171521[Category],"=" &CategoryTable812101416181622[[#This Row],[Category]],CkReg16_1815171521[Withdrawal])) -> 0 | D21: 0 | F21: =-CategoryTable812101416181622[[#This Row],[Budget]]-CategoryTable812101416181622[[#This Row],[Amended Budget]]+CategoryTable812101416181622[[#This Row],[Actual to date]] -> 0 | I21: 44204 | K21: Square Fee | L21: Donations | N21: -1.03 | O21: =IF(ISBLANK(CkReg16_1815171521[[#This Row],[Withdrawal]]),O20+CkReg16_1815171521[[#This Row],[Deposit]],O20-CkReg16_1815171521[[#This Row],[Withdrawal]]) -> 4676.37 | P21: 44207 | Q21: =IF(ISBLANK(CkReg16_1815171521[[#This Row],[Withdrawal]]),Q20+CkReg16_1815171521[[#This Row],[Deposit]],Q20-CkReg16_1815171521[[#This Row],[Withdrawal]]) -> 13391.37 | R21: 1
B22: Group Lit Paid | C22: =SUMIF(CkReg16_1815171521[Category],"=" &CategoryTable812101416181622[[#This Row],[Category]],CkReg16_1815171521[Deposit]) -> 0 | D22: 0 | F22: =-CategoryTable812101416181622[[#This Row],[Budget]]-CategoryTable812101416181622[[#This Row],[Amended Budget]]+CategoryTable812101416181622[[#This Row],[Actual to date]] -> 0 | I22: 44204 | K22: Group Dontations | L22: Donations | N22: 25 | O22: =IF(ISBLANK(CkReg16_1815171521[[#This Row],[Withdrawal]]),O21+CkReg16_1815171521[[#This Row],[Deposit]],O21-CkReg16_1815171521[[#This Row],[Withdrawal]]) -> 4701.37 | P22: 44207 | Q22: =IF(ISBLANK(CkReg16_1815171521[[#This Row],[Withdrawal]]),Q21+CkReg16_1815171521[[#This Row],[Deposit]],Q21-CkReg16_1815171521[[#This Row],[Withdrawal]]) -> 13416.37 | R22: 1
B23: Group Funds Held* | C23: =SUMIF(CkReg16_1815171521[Category],"=" &CategoryTable812101416181622[[#This Row],[Category]],CkReg16_1815171521[Deposit]) -> 0 | D23: 0 | F23: =-CategoryTable812101416181622[[#This Row],[Budget]]-CategoryTable812101416181622[[#This Row],[Amended Budget]]+CategoryTable812101416181622[[#This Row],[Actual to date]] -> 0 | I23: 44207 | K23: Fees Square | L23: We Made A Decision | N23: -0.59 | O23: =IF(ISBLANK(CkReg16_1815171521[[#This Row],[Withdrawal]]),O22+CkReg16_1815171521[[#This Row],[Deposit]],O22-CkReg16_1815171521[[#This Row],[Withdrawal]]) -> 4700.78 | P23: 44209 | Q23: =IF(ISBLANK(CkReg16_1815171521[[#This Row],[Withdrawal]]),Q22+CkReg16_1815171521[[#This Row],[Deposit]],Q22-CkReg16_1815171521[[#This Row],[Withdrawal]]) -> 13415.78 | R23: 1
B24: Hope Not Dope | C24: =SUMIF(CkReg16_1815171521[Category],"=" &CategoryTable812101416181622[[#This Row],[Category]],CkReg16_1815171521[Deposit]) -> 0 | D24: 0 | E24: =+CategoryTable812101416181622[[#This Row],[Actual to date]] -> 0 | F24: =-CategoryTable812101416181622[[#This Row],[Budget]]-CategoryTable812101416181622[[#This Row],[Amended Budget]]+CategoryTable812101416181622[[#This Row],[Actual to date]] -> 0 | I24: 44207 | K24: Fees Square | L24: We Made A Decision | N24: -0.45 | O24: =IF(ISBLANK(CkReg16_1815171521[[#This Row],[Withdrawal]]),O23+CkReg16_1815171521[[#This Row],[Deposit]],O23-CkReg16_1815171521[[#This Row],[Withdrawal]]) -> 4700.33 | P24: 44209 | Q24: =IF(ISBLANK(CkReg16_1815171521[[#This Row],[Withdrawal]]),Q23+CkReg16_1815171521[[#This Row],[Deposit]],Q23-CkReg16_1815171521[[#This Row],[Withdrawal]]) -> 13415.33 | R24: 1
B25: Living Clean | C25: =SUMIF(CkReg16_1815171521[Category],"=" &CategoryTable812101416181622[[#This Row],[Category]],CkReg16_1815171521[Deposit]) -> 0 | D25: 0 | E25: =+CategoryTable812101416181622[[#This Row],[Actual to date]] -> 0 | F25: =-CategoryTable812101416181622[[#This Row],[Budget]]-CategoryTable812101416181622[[#This Row],[Amended Budget]]+CategoryTable812101416181622[[#This Row],[Actual to date]] -> 0 | I25: 44207 | K25: Donation Square | L25: We Made A Decision | N25: 5 | O25: =IF(ISBLANK(CkReg16_1815171521[[#This Row],[Withdrawal]]),O24+CkReg16_1815171521[[#This Row],[Deposit]],O24-CkReg16_1815171521[[#This Row],[Withdrawal]]) -> 4705.33 | P25: 44209 | Q25: =IF(ISBLANK(CkReg16_1815171521[[#This Row],[Withdrawal]]),Q24+CkReg16_1815171521[[#This Row],[Deposit]],Q24-CkReg16_1815171521[[#This Row],[Withdrawal]]) -> 13420.33 | R25: 1
B26: Rompin Stomp | C26: =SUMIF(CkReg16_1815171521[Category],"=" &CategoryTable812101416181622[[#This Row],[Category]],CkReg16_1815171521[Deposit]) -> 50.47 | D26: 0 | E26: =+CategoryTable812101416181622[[#This Row],[Actual to date]] -> 50.47 | F26: =-CategoryTable812101416181622[[#This Row],[Budget]]-CategoryTable812101416181622[[#This Row],[Amended Budget]]+CategoryTable812101416181622[[#This Row],[Actual to date]] -> 0 | I26: 44207 | K26: Donation Square | L26: We Made A Decision | N26: 10 | O26: =IF(ISBLANK(CkReg16_1815171521[[#This Row],[Withdrawal]]),O25+CkReg16_1815171521[[#This Row],[Deposit]],O25-CkReg16_1815171521[[#This Row],[Withdrawal]]) -> 4715.33 | P26: 44209 | Q26: =IF(ISBLANK(CkReg16_1815171521[[#This Row],[Withdrawal]]),Q25+CkReg16_1815171521[[#This Row],[Deposit]],Q25-CkReg16_1815171521[[#This Row],[Withdrawal]]) -> 13430.33 | R26: 1
B27: We Made A Decision | C27: =SUMIF(CkReg16_1815171521[Category],"=" &CategoryTable812101416181622[[#This Row],[Category]],CkReg16_1815171521[Deposit]) -> 64.94 | D27: 0 | E27: =+CategoryTable812101416181622[[#This Row],[Actual to date]] -> 64.94 | F27: =-CategoryTable812101416181622[[#This Row],[Budget]]-CategoryTable812101416181622[[#This Row],[Amended Budget]]+CategoryTable812101416181622[[#This Row],[Actual to date]] -> 0 | I27: 44210 | K27: Fees Square | L27: Hope Not Dope | N27: -0.45 | O27: =IF(ISBLANK(CkReg16_1815171521[[#This Row],[Withdrawal]]),O26+CkReg16_1815171521[[#This Row],[Deposit]],O26-CkReg16_1815171521[[#This Row],[Withdrawal]]) -> 4714.88 | P27: 44215 | Q27: =IF(ISBLANK(CkReg16_1815171521[[#This Row],[Withdrawal]]),Q26+CkReg16_1815171521[[#This Row],[Deposit]],Q26-CkReg16_1815171521[[#This Row],[Withdrawal]]) -> 13429.88 | R27: 1
B28: Activities Income | C28: =SUMIF(CkReg16_1815171521[Category],"=" &CategoryTable812101416181622[[#This Row],[Category]],CkReg16_1815171521[Deposit]) -> 335.5 | D28: 500 | F28: =-CategoryTable812101416181622[[#This Row],[Budget]]-CategoryTable812101416181622[[#This Row],[Amended Budget]]+CategoryTable812101416181622[[#This Row],[Actual to date]] -> -164.5 | I28: 44210 | K28: Donation Square | L28: Hope Not Dope | N28: 5 | O28: =IF(ISBLANK(CkReg16_1815171521[[#This Row],[Withdrawal]]),O27+CkReg16_1815171521[[#This Row],[Deposit]],O27-CkReg16_1815171521[[#This Row],[Withdrawal]]) -> 4719.88 | P28: 44215 | Q28: =IF(ISBLANK(CkReg16_1815171521[[#This Row],[Withdrawal]]),Q27+CkReg16_1815171521[[#This Row],[Deposit]],Q27-CkReg16_1815171521[[#This Row],[Withdrawal]]) -> 13434.88 | R28: 1
B29: Activities Exp | C29: =-(SUMIF(CkReg16_1815171521[Category],"=" &CategoryTable812101416181622[[#This Row],[Category]],CkReg16_1815171521[Withdrawal])) -> -800 | D29: -1250 | F29: =-CategoryTable812101416181622[[#This Row],[Budget]]-CategoryTable812101416181622[[#This Row],[Amended Budget]]+CategoryTable812101416181622[[#This Row],[Actual to date]] -> 450 | I29: 44213 | K29: Square Fee | L29: Donations | N29: -0.74 | O29: =IF(ISBLANK(CkReg16_1815171521[[#This Row],[Withdrawal]]),O28+CkReg16_1815171521[[#This Row],[Deposit]],O28-CkReg16_1815171521[[#This Row],[Withdrawal]]) -> 4719.14 | P29: 44215 | Q29: =IF(ISBLANK(CkReg16_1815171521[[#This Row],[Withdrawal]]),Q28+CkReg16_1815171521[[#This Row],[Deposit]],Q28-CkReg16_1815171521[[#This Row],[Withdrawal]]) -> 13434.14 | R29: 1
B30: GSR Orientation | C30: =-(SUMIF(CkReg16_1815171521[Category],"=" &CategoryTable812101416181622[[#This Row],[Category]],CkReg16_1815171521[Withdrawal])) -> 0 | D30: -50 | F30: =-CategoryTable812101416181622[[#This Row],[Budget]]-CategoryTable812101416181622[[#This Row],[Amended Budget]]+CategoryTable812101416181622[[#This Row],[Actual to date]] -> 50 | I30: 44213 | K30: Fees Square | L30: Rompin Stomp | N30: -0.45 | O30: =IF(ISBLANK(CkReg16_1815171521[[#This Row],[Withdrawal]]),O29+CkReg16_1815171521[[#This Row],[Deposit]],O29-CkReg16_1815171521[[#This Row],[Withdrawal]]) -> 4718.69 | P30: 44215 | Q30: =IF(ISBLANK(CkReg16_1815171521[[#This Row],[Withdrawal]]),Q29+CkReg16_1815171521[[#This Row],[Deposit]],Q29-CkReg16_1815171521[[#This Row],[Withdrawal]]) -> 13433.69 | R30: 1
B31: Meeting Lists | C31: =-(SUMIF(CkReg16_1815171521[Category],"=" &CategoryTable812101416181622[[#This Row],[Category]],CkReg16_1815171521[Withdrawal])) -> -97.9 | D31: -175 | F31: =-CategoryTable812101416181622[[#This Row],[Budget]]-CategoryTable812101416181622[[#This Row],[Amended Budget]]+CategoryTable812101416181622[[#This Row],[Actual to date]] -> 77.1 | I31: 44213 | K31: Fees Square | L31: Rompin Stomp | N31: -0.45 | O31: =IF(ISBLANK(CkReg16_1815171521[[#This Row],[Withdrawal]]),O30+CkReg16_1815171521[[#This Row],[Deposit]],O30-CkReg16_1815171521[[#This Row],[Withdrawal]]) -> 4718.24 | P31: 44215 | Q31: =IF(ISBLANK(CkReg16_1815171521[[#This Row],[Withdrawal]]),Q30+CkReg16_1815171521[[#This Row],[Deposit]],Q30-CkReg16_1815171521[[#This Row],[Withdrawal]]) -> 13433.24 | R31: 1
B32: New Meeting Pkts | C32: =-(SUMIF(CkReg16_1815171521[Category],"=" &CategoryTable812101416181622[[#This Row],[Category]],CkReg16_1815171521[Withdrawal])) -> 0 | D32: 0 | F32: =-CategoryTable812101416181622[[#This Row],[Budget]]-CategoryTable812101416181622[[#This Row],[Amended Budget]]+CategoryTable812101416181622[[#This Row],[Actual to date]] -> 0 | I32: 44213 | K32: Fees Square | L32: Rompin Stomp | N32: -0.45 | O32: =IF(ISBLANK(CkReg16_1815171521[[#This Row],[Withdrawal]]),O31+CkReg16_1815171521[[#This Row],[Deposit]],O31-CkReg16_1815171521[[#This Row],[Withdrawal]]) -> 4717.79 | P32: 44215 | Q32: =IF(ISBLANK(CkReg16_1815171521[[#This Row],[Withdrawal]]),Q31+CkReg16_1815171521[[#This Row],[Deposit]],Q31-CkReg16_1815171521[[#This Row],[Withdrawal]]) -> 13432.79 | R32: 1
B33: Interest Income | C33: =SUMIF(CkReg16_1815171521[Category],"=" &CategoryTable812101416181622[[#This Row],[Category]],CkReg16_1815171521[Deposit]) -> 0.99 | D33: 5 | F33: =-CategoryTable812101416181622[[#This Row],[Budget]]-CategoryTable812101416181622[[#This Row],[Amended Budget]]+CategoryTable812101416181622[[#This Row],[Actual to date]] -> -4.01 | I33: 44213 | K33: Fees Square | L33: Rompin Stomp | N33: -0.45 | O33: =IF(ISBLANK(CkReg16_1815171521[[#This Row],[Withdrawal]]),O32+CkReg16_1815171521[[#This Row],[Deposit]],O32-CkReg16_1815171521[[#This Row],[Withdrawal]]) -> 4717.34 | P33: 44215 | Q33: =IF(ISBLANK(CkReg16_1815171521[[#This Row],[Withdrawal]]),Q32+CkReg16_1815171521[[#This Row],[Deposit]],Q32-CkReg16_1815171521[[#This Row],[Withdrawal]]) -> 13432.34 | R33: 1
B34: Meeting Rm Rent | C34: =-(SUMIF(CkReg16_1815171521[Category],"=" &CategoryTable812101416181622[[#This Row],[Category]],CkReg16_1815171521[Withdrawal])) -> -400 | D34: -300 | F34: =-CategoryTable812101416181622[[#This Row],[Budget]]-CategoryTable812101416181622[[#This Row],[Amended Budget]]+CategoryTable812101416181622[[#This Row],[Actual to date]] -> -100 | I34: 44213 | K34: Donation Square | L34: Rompin Stomp | N34: 5 | O34: =IF(ISBLANK(CkReg16_1815171521[[#This Row],[Withdrawal]]),O33+CkReg16_1815171521[[#This Row],[Deposit]],O33-CkReg16_1815171521[[#This Row],[Withdrawal]]) -> 4722.34 | P34: 44215 | Q34: =IF(ISBLANK(CkReg16_1815171521[[#This Row],[Withdrawal]]),Q33+CkReg16_1815171521[[#This Row],[Deposit]],Q33-CkReg16_1815171521[[#This Row],[Withdrawal]]) -> 13437.34 | R34: 1
B35: Zoom Expense | C35: =-(SUMIF(CkReg16_1815171521[Category],"=" &CategoryTable812101416181622[[#This Row],[Category]],CkReg16_1815171521[Withdrawal])) -> -146.79 | D35: -200 | F35: =-CategoryTable812101416181622[[#This Row],[Budget]]-CategoryTable812101416181622[[#This Row],[Amended Budget]]+CategoryTable812101416181622[[#This Row],[Actual to date]] -> 53.21 | I35: 44213 | K35: Donation Square | L35: Rompin Stomp | N35: 5 | O35: =IF(ISBLANK(CkReg16_1815171521[[#This Row],[Withdrawal]]),O34+CkReg16_1815171521[[#This Row],[Deposit]],O34-CkReg16_1815171521[[#This Row],[Withdrawal]]) -> 4727.34 | P35: 44215 | Q35: =IF(ISBLANK(CkReg16_1815171521[[#This Row],[Withdrawal]]),Q34+CkReg16_1815171521[[#This Row],[Deposit]],Q34-CkReg16_1815171521[[#This Row],[Withdrawal]]) -> 13442.34 | R35: 1
B36: Misc Expense | C36: =-(SUMIF(CkReg16_1815171521[Category],"=" &CategoryTable812101416181622[[#This Row],[Category]],CkReg16_1815171521[Withdrawal])) -> 0 | D36: -50 | F36: =-CategoryTable812101416181622[[#This Row],[Budget]]-CategoryTable812101416181622[[#This Row],[Amended Budget]]+CategoryTable812101416181622[[#This Row],[Actual to date]] -> 50 | I36: 44213 | K36: Donation Square | L36: Rompin Stomp | N36: 5 | O36: =IF(ISBLANK(CkReg16_1815171521[[#This Row],[Withdrawal]]),O35+CkReg16_1815171521[[#This Row],[Deposit]],O35-CkReg16_1815171521[[#This Row],[Withdrawal]]) -> 4732.34 | P36: 44215 | Q36: =IF(ISBLANK(CkReg16_1815171521[[#This Row],[Withdrawal]]),Q35+CkReg16_1815171521[[#This Row],[Deposit]],Q35-CkReg16_1815171521[[#This Row],[Withdrawal]]) -> 13447.34 | R36: 1
B37: PO Box Rental | C37: =-(SUMIF(CkReg16_1815171521[Category],"=" &CategoryTable812101416181622[[#This Row],[Category]],CkReg16_1815171521[Withdrawal])) -> -134 | D37: -110 | F37: =-CategoryTable812101416181622[[#This Row],[Budget]]-CategoryTable812101416181622[[#This Row],[Amended Budget]]+CategoryTable812101416181622[[#This Row],[Actual to date]] -> -24 | I37: 44213 | K37: Donation Square | L37: Rompin Stomp | N37: 5 | O37: =IF(ISBLANK(CkReg16_1815171521[[#This Row],[Withdrawal]]),O36+CkReg16_1815171521[[#This Row],[Deposit]],O36-CkReg16_1815171521[[#This Row],[Withdrawal]]) -> 4737.34 | P37: 44215 | Q37: =IF(ISBLANK(CkReg16_1815171521[[#This Row],[Withdrawal]]),Q36+CkReg16_1815171521[[#This Row],[Deposit]],Q36-CkReg16_1815171521[[#This Row],[Withdrawal]]) -> 13452.34 | R37: 1
B38: Storage Rent | C38: =-(SUMIF(CkReg16_1815171521[Category],"=" &CategoryTable812101416181622[[#This Row],[Category]],CkReg16_1815171521[Withdrawal])) -> -1198.64 | D38: -1100 | F38: =-CategoryTable812101416181622[[#This Row],[Budget]]-CategoryTable812101416181622[[#This Row],[Amended Budget]]+CategoryTable812101416181622[[#This Row],[Actual to date]] -> -98.64 | I38: 44213 | K38: Group Dontations | L38: Donations | N38: 15 | O38: =IF(ISBLANK(CkReg16_1815171521[[#This Row],[Withdrawal]]),O37+CkReg16_1815171521[[#This Row],[Deposit]],O37-CkReg16_1815171521[[#This Row],[Withdrawal]]) -> 4752.34 | P38: 44215 | Q38: =IF(ISBLANK(CkReg16_1815171521[[#This Row],[Withdrawal]]),Q37+CkReg16_1815171521[[#This Row],[Deposit]],Q37-CkReg16_1815171521[[#This Row],[Withdrawal]]) -> 13467.34 | R38: 1
B39: ASC Meeting Expenses | C39: =-(SUMIF(CkReg16_1815171521[Category],"=" &CategoryTable812101416181622[[#This Row],[Category]],CkReg16_1815171521[Withdrawal])) -> 0 | D39: -25 | F39: =-CategoryTable812101416181622[[#This Row],[Budget]]-CategoryTable812101416181622[[#This Row],[Amended Budget]]+CategoryTable812101416181622[[#This Row],[Actual to date]] -> 25 | I39: 44214 | K39: Fees Square | L39: We Made A Decision | N39: -0.39 | O39: =IF(ISBLANK(CkReg16_1815171521[[#This Row],[Withdrawal]]),O38+CkReg16_1815171521[[#This Row],[Deposit]],O38-CkReg16_1815171521[[#This Row],[Withdrawal]]) -> 4751.95 | P39: 44216 | Q39: =IF(ISBLANK(CkReg16_1815171521[[#This Row],[Withdrawal]]),Q38+CkReg16_1815171521[[#This Row],[Deposit]],Q38-CkReg16_1815171521[[#This Row],[Withdrawal]]) -> 13466.95 | R39: 1
B40: Chair Expense | C40: =-(SUMIF(CkReg16_1815171521[Category],"=" &CategoryTable812101416181622[[#This Row],[Category]],CkReg16_1815171521[Withdrawal])) -> 0 | D40: -25 | F40: =-CategoryTable812101416181622[[#This Row],[Budget]]-CategoryTable812101416181622[[#This Row],[Amended Budget]]+CategoryTable812101416181622[[#This Row],[Actual to date]] -> 25 | I40: 44214 | K40: Square Fee | L40: Donations | N40: -0.39 | O40: =IF(ISBLANK(CkReg16_1815171521[[#This Row],[Withdrawal]]),O39+CkReg16_1815171521[[#This Row],[Deposit]],O39-CkReg16_1815171521[[#This Row],[Withdrawal]]) -> 4751.56 | P40: 44216 | Q40: =IF(ISBLANK(CkReg16_1815171521[[#This Row],[Withdrawal]]),Q39+CkReg16_1815171521[[#This Row],[Deposit]],Q39-CkReg16_1815171521[[#This Row],[Withdrawal]]) -> 13466.56 | R40: 1
B41: Vice Chair Expense | C41: =-(SUMIF(CkReg16_1815171521[Category],"=" &CategoryTable812101416181622[[#This Row],[Category]],CkReg16_1815171521[Withdrawal])) -> 0 | D41: -12.5 | F41: =-CategoryTable812101416181622[[#This Row],[Budget]]-CategoryTable812101416181622[[#This Row],[Amended Budget]]+CategoryTable812101416181622[[#This Row],[Actual to date]] -> 12.5 | I41: 44214 | K41: Donation Square | L41: We Made A Decision | N41: 3 | O41: =IF(ISBLANK(CkReg16_1815171521[[#This Row],[Withdrawal]]),O40+CkReg16_1815171521[[#This Row],[Deposit]],O40-CkReg16_1815171521[[#This Row],[Withdrawal]]) -> 4754.56 | P41: 44216 | Q41: =IF(ISBLANK(CkReg16_1815171521[[#This Row],[Withdrawal]]),Q40+CkReg16_1815171521[[#This Row],[Deposit]],Q40-CkReg16_1815171521[[#This Row],[Withdrawal]]) -> 13469.56 | R41: 1
B42: RCM-RCMA Expense | C42: =-(SUMIF(CkReg16_1815171521[Category],"=" &CategoryTable812101416181622[[#This Row],[Category]],CkReg16_1815171521[Withdrawal])) -> 0 | D42: -320 | F42: =-CategoryTable812101416181622[[#This Row],[Budget]]-CategoryTable812101416181622[[#This Row],[Amended Budget]]+CategoryTable812101416181622[[#This Row],[Actual to date]] -> 320 | I42: 44214 | K42: Group Dontations | L42: Donations | N42: 3 | O42: =IF(ISBLANK(CkReg16_1815171521[[#This Row],[Withdrawal]]),O41+CkReg16_1815171521[[#This Row],[Deposit]],O41-CkReg16_1815171521[[#This Row],[Withdrawal]]) -> 4757.56 | P42: 44216 | Q42: =IF(ISBLANK(CkReg16_1815171521[[#This Row],[Withdrawal]]),Q41+CkReg16_1815171521[[#This Row],[Deposit]],Q41-CkReg16_1815171521[[#This Row],[Withdrawal]]) -> 13472.56 | R42: 1
B43: Secretary Expense | C43: =-(SUMIF(CkReg16_1815171521[Category],"=" &CategoryTable812101416181622[[#This Row],[Category]],CkReg16_1815171521[Withdrawal])) -> -39.25 | D43: -50 | F43: =-CategoryTable812101416181622[[#This Row],[Budget]]-CategoryTable812101416181622[[#This Row],[Amended Budget]]+CategoryTable812101416181622[[#This Row],[Actual to date]] -> 10.75 | I43: 44221 | K43: Fees Square | L43: We Made A Decision | N43: -0.45 | O43: =IF(ISBLANK(CkReg16_1815171521[[#This Row],[Withdrawal]]),O42+CkReg16_1815171521[[#This Row],[Deposit]],O42-CkReg16_1815171521[[#This Row],[Withdrawal]]) -> 4757.11 | P43: 44223 | Q43: =IF(ISBLANK(CkReg16_1815171521[[#This Row],[Withdrawal]]),Q42+CkReg16_1815171521[[#This Row],[Deposit]],Q42-CkReg16_1815171521[[#This Row],[Withdrawal]]) -> 13472.11 | R43: 1
B44: Treasurer Expense | C44: =-(SUMIF(CkReg16_1815171521[Category],"=" &CategoryTable812101416181622[[#This Row],[Category]],CkReg16_1815171521[Withdrawal])) -> 0 | D44: -50 | F44: =-CategoryTable812101416181622[[#This Row],[Budget]]-CategoryTable812101416181622[[#This Row],[Amended Budget]]+CategoryTable812101416181622[[#This Row],[Actual to date]] -> 50 | I44: 44221 | K44: Donation Square | L44: We Made A Decision | N44: 5 | O44: =IF(ISBLANK(CkReg16_1815171521[[#This Row],[Withdrawal]]),O43+CkReg16_1815171521[[#This Row],[Deposit]],O43-CkReg16_1815171521[[#This Row],[Withdrawal]]) -> 4762.11 | P44: 44223 | Q44: =IF(ISBLANK(CkReg16_1815171521[[#This Row],[Withdrawal]]),Q43+CkReg16_1815171521[[#This Row],[Deposit]],Q43-CkReg16_1815171521[[#This Row],[Withdrawal]]) -> 13477.11 | R44: 1
B45: Web Publisher | C45: =-(SUMIF(CkReg16_1815171521[Category],"=" &CategoryTable812101416181622[[#This Row],[Category]],CkReg16_1815171521[Withdrawal])) -> 0 | D45: 0 | F45: =-CategoryTable812101416181622[[#This Row],[Budget]]-CategoryTable812101416181622[[#This Row],[Amended Budget]]+CategoryTable812101416181622[[#This Row],[Actual to date]] -> 0 | I45: 44227 | K45: Fees Square | L45: Rompin Stomp | N45: -0.59 | O45: =IF(ISBLANK(CkReg16_1815171521[[#This Row],[Withdrawal]]),O44+CkReg16_1815171521[[#This Row],[Deposit]],O44-CkReg16_1815171521[[#This Row],[Withdrawal]]) -> 4761.52 | P45: 44228 | Q45: =IF(ISBLANK(CkReg16_1815171521[[#This Row],[Withdrawal]]),Q44+CkReg16_1815171521[[#This Row],[Deposit]],Q44-CkReg16_1815171521[[#This Row],[Withdrawal]]) -> 13476.52 | R45: 1
... B49: St Louis County Health | C49: =-(SUMIF(CkReg16_1815171521[Category],"=" &CategoryTable812101416181622[[#This Row],[Category]],CkReg16_1815171521[Withdrawal])) -> -191.75 | D49: -250 | F49: =-CategoryTable812101416181622[[#This Row],[Budget]]-CategoryTable812101416181622[[#This Row],[Amended Budget]]+CategoryTable812101416181622[[#This Row],[Actual to date]] -> 58.25 | I49: 44227 | K49: Donation Square | L49: Rompin Stomp | N49: 10 | O49: =IF(ISBLANK(CkReg16_1815171521[[#This Row],[Withdrawal]]),O48+CkReg16_1815171521[[#This Row],[Deposit]],O48-CkReg16_1815171521[[#This Row],[Withdrawal]]) -> 4776.18 | P49: 44228 | Q49: =IF(ISBLANK(CkReg16_1815171521[[#This Row],[Withdrawal]]),Q48+CkReg16_1815171521[[#This Row],[Deposit]],Q48-CkReg16_1815171521[[#This Row],[Withdrawal]]) -> 13491.18 | R49: 1
B50: Drug Court | C50: =-(SUMIF(CkReg16_1815171521[Category],"=" &CategoryTable812101416181622[[#This Row],[Category]],CkReg16_1815171521[Withdrawal])) -> 0 | D50: -100 | F50: =-CategoryTable812101416181622[[#This Row],[Budget]]-CategoryTable812101416181622[[#This Row],[Amended Budget]]+CategoryTable812101416181622[[#This Row],[Actual to date]] -> 100 | I50: 44227 | K50: Zoom Fee | L50: Zoom Expense | M50: 16.31 | O50: =IF(ISBLANK(CkReg16_1815171521[[#This Row],[Withdrawal]]),O49+CkReg16_1815171521[[#This Row],[Deposit]],O49-CkReg16_1815171521[[#This Row],[Withdrawal]]) -> 4759.87 | P50: 44227 | Q50: =IF(ISBLANK(CkReg16_1815171521[[#This Row],[Withdrawal]]),Q49+CkReg16_1815171521[[#This Row],[Deposit]],Q49-CkReg16_1815171521[[#This Row],[Withdrawal]]) -> 13474.87 | R50: 1
B51: New Project Reserve | C51: =-(SUMIF(CkReg16_1815171521[Category],"=" &CategoryTable812101416181622[[#This Row],[Category]],CkReg16_1815171521[Withdrawal])) -> -1715 | D51: -1715 | F51: =-CategoryTable812101416181622[[#This Row],[Budget]]-CategoryTable812101416181622[[#This Row],[Amended Budget]]+CategoryTable812101416181622[[#This Row],[Actual to date]] -> 0 | I51: 44227 | K51: Personal Member Donation | L51: Donations | N51: 16.31 | O51: =IF(ISBLANK(CkReg16_1815171521[[#This Row],[Withdrawal]]),O50+CkReg16_1815171521[[#This Row],[Deposit]],O50-CkReg16_1815171521[[#This Row],[Withdrawal]]) -> 4776.18 | P51: 44227 | Q51: =IF(ISBLANK(CkReg16_1815171521[[#This Row],[Withdrawal]]),Q50+CkReg16_1815171521[[#This Row],[Deposit]],Q50-CkReg16_1815171521[[#This Row],[Withdrawal]]) -> 13491.18 | R51: 44227
B52: New Project Expense | C52: =-(SUMIF(CkReg16_1815171521[Category],"=" &CategoryTable812101416181622[[#This Row],[Category]],CkReg16_1815171521[Withdrawal])) -> 0 | D52: 0 | F52: =-CategoryTable812101416181622[[#This Row],[Budget]]-CategoryTable812101416181622[[#This Row],[Amended Budget]]+CategoryTable812101416181622[[#This Row],[Actual to date]] -> 0 | I52: 44230 | K52: Fees Square | L52: We Made A Decision | N52: -0.45 | O52: =IF(ISBLANK(CkReg16_1815171521[[#This Row],[Withdrawal]]),O51+CkReg16_1815171521[[#This Row],[Deposit]],O51-CkReg16_1815171521[[#This Row],[Withdrawal]]) -> 4775.73 | P52: 44231 | Q52: =IF(ISBLANK(CkReg16_1815171521[[#This Row],[Withdrawal]]),Q51+CkReg16_1815171521[[#This Row],[Deposit]],Q51-CkReg16_1815171521[[#This Row],[Withdrawal]]) -> 13490.73 | R52: 1
B53: Prudent Reserve | C53: =-(SUMIF(CkReg16_1815171521[Category],"=" &CategoryTable812101416181622[[#This Row],[Category]],CkReg16_1815171521[Withdrawal])) -> -3000 | D53: -3000 | F53: =-CategoryTable812101416181622[[#This Row],[Budget]]-CategoryTable812101416181622[[#This Row],[Amended Budget]]+CategoryTable812101416181622[[#This Row],[Actual to date]] -> 0 | I53: 44230 | K53: Donation Square | L53: We Made A Decision | N53: 5 | O53: =IF(ISBLANK(CkReg16_1815171521[[#This Row],[Withdrawal]]),O52+CkReg16_1815171521[[#This Row],[Deposit]],O52-CkReg16_1815171521[[#This Row],[Withdrawal]]) -> 4780.73 | P53: 44231 | Q53: =IF(ISBLANK(CkReg16_1815171521[[#This Row],[Withdrawal]]),Q52+CkReg16_1815171521[[#This Row],[Deposit]],Q52-CkReg16_1815171521[[#This Row],[Withdrawal]]) -> 13495.73 | R53: 1
B54: Vermilion Reserve | C54: =-(SUMIF(CkReg16_1815171521[Category],"=" &CategoryTable812101416181622[[#This Row],[Category]],CkReg16_1815171521[Withdrawal])) -> -4000 | D54: -4000 | F54: =-CategoryTable812101416181622[[#This Row],[Budget]]-CategoryTable812101416181622[[#This Row],[Amended Budget]]+CategoryTable812101416181622[[#This Row],[Actual to date]] -> 0 | I54: 44233 | J54: Hope Not Dope | K54: Fees Square | L54: Donations | N54: -1.17 | O54: =IF(ISBLANK(CkReg16_1815171521[[#This Row],[Withdrawal]]),O53+CkReg16_1815171521[[#This Row],[Deposit]],O53-CkReg16_1815171521[[#This Row],[Withdrawal]]) -> 4779.56 | P54: 44235 | Q54: =IF(ISBLANK(CkReg16_1815171521[[#This Row],[Withdrawal]]),Q53+CkReg16_1815171521[[#This Row],[Deposit]],Q53-CkReg16_1815171521[[#This Row],[Withdrawal]]) -> 13494.56 | R54: 1
B55: Funds Held for Groups | C55: =-(SUMIF(CkReg16_1815171521[Category],"=" &CategoryTable812101416181622[[#This Row],[Category]],CkReg16_1815171521[Withdrawal])) -> 0 | D55: 0 | F55: =-CategoryTable812101416181622[[#This Row],[Budget]]-CategoryTable812101416181622[[#This Row],[Amended Budget]]+CategoryTable812101416181622[[#This Row],[Actual to date]] -> 0 | I55: 44233 | J55: Hope Not Dope | K55: Group Dontations | L55: Donations | N55: 30 | O55: =IF(ISBLANK(CkReg16_1815171521[[#This Row],[Withdrawal]]),O54+CkReg16_1815171521[[#This Row],[Deposit]],O54-CkReg16_1815171521[[#This Row],[Withdrawal]]) -> 4809.56 | P55: 44235 | Q55: =IF(ISBLANK(CkReg16_1815171521[[#This Row],[Withdrawal]]),Q54+CkReg16_1815171521[[#This Row],[Deposit]],Q54-CkReg16_1815171521[[#This Row],[Withdrawal]]) -> 13524.56 | R55: 1
B56: 75% NA Minnesota Region | C56: =-(SUMIF(CkReg16_1815171521[Category],"=" &CategoryTable812101416181622[[#This Row],[Category]],CkReg16_1815171521[Withdrawal])) -> 0 | D56: -875 | F56: =-CategoryTable812101416181622[[#This Row],[Budget]]-CategoryTable812101416181622[[#This Row],[Amended Budget]]+CategoryTable812101416181622[[#This Row],[Actual to date]] -> 875 | I56: 44234 | K56: Fees Square | L56: Rompin Stomp | N56: -0.59 | O56: =IF(ISBLANK(CkReg16_1815171521[[#This Row],[Withdrawal]]),O55+CkReg16_1815171521[[#This Row],[Deposit]],O55-CkReg16_1815171521[[#This Row],[Withdrawal]]) -> 4808.97 | P56: 44235 | Q56: =IF(ISBLANK(CkReg16_1815171521[[#This Row],[Withdrawal]]),Q55+CkReg16_1815171521[[#This Row],[Deposit]],Q55-CkReg16_1815171521[[#This Row],[Withdrawal]]) -> 13523.97 | R56: 1
B57: 25% NA World Service | C57: =-(SUMIF(CkReg16_1815171521[Category],"=" &CategoryTable812101416181622[[#This Row],[Category]],CkReg16_1815171521[Withdrawal])) -> 0 | D57: -275 | F57: =-CategoryTable812101416181622[[#This Row],[Budget]]-CategoryTable812101416181622[[#This Row],[Amended Budget]]+CategoryTable812101416181622[[#This Row],[Actual to date]] -> 275 | I57: 44234 | K57: Fees Square | L57: Rompin Stomp | N57: -0.45 | O57: =IF(ISBLANK(CkReg16_1815171521[[#This Row],[Withdrawal]]),O56+CkReg16_1815171521[[#This Row],[Deposit]],O56-CkReg16_1815171521[[#This Row],[Withdrawal]]) -> 4808.52 | P57: 44235 | Q57: =IF(ISBLANK(CkReg16_1815171521[[#This Row],[Withdrawal]]),Q56+CkReg16_1815171521[[#This Row],[Deposit]],Q56-CkReg16_1815171521[[#This Row],[Withdrawal]]) -> 13523.52 | R57: 1
B58: Vermilion Merch Inc | C58: =SUMIF(CkReg16_1815171521[Category],"=" &CategoryTable812101416181622[[#This Row],[Category]],CkReg16_1815171521[Deposit]) -> 9345 | D58: 5500 | F58: =-CategoryTable812101416181622[[#This Row],[Budget]]-CategoryTable812101416181622[[#This Row],[Amended Budget]]+CategoryTable812101416181622[[#This Row],[Actual to date]] -> 3845 | I58: 44234 | K58: Fees Square | L58: Rompin Stomp | N58: -0.45 | O58: =IF(ISBLANK(CkReg16_1815171521[[#This Row],[Withdrawal]]),O57+CkReg16_1815171521[[#This Row],[Deposit]],O57-CkReg16_1815171521[[#This Row],[Withdrawal]]) -> 4808.07 | P58: 44235 | Q58: =IF(ISBLANK(CkReg16_1815171521[[#This Row],[Withdrawal]]),Q57+CkReg16_1815171521[[#This Row],[Deposit]],Q57-CkReg16_1815171521[[#This Row],[Withdrawal]]) -> 13523.07 | R58: 1
B59: Vermilion Newcomer Donations | C59: =SUMIF(CkReg16_1815171521[Category],"=" &CategoryTable812101416181622[[#This Row],[Category]],CkReg16_1815171521[Deposit]) -> 410.5 | E59: =+CategoryTable812101416181622[[#This Row],[Budget]] -> 0 | F59: =-CategoryTable812101416181622[[#This Row],[Budget]]+CategoryTable812101416181622[[#This Row],[Actual to date]] -> 410.5 | I59: 44234 | K59: Fees Square | L59: Rompin Stomp | N59: -0.45 | O59: =IF(ISBLANK(CkReg16_1815171521[[#This Row],[Withdrawal]]),O58+CkReg16_1815171521[[#This Row],[Deposit]],O58-CkReg16_1815171521[[#This Row],[Withdrawal]]) -> 4807.62 | P59: 44235 | Q59: =IF(ISBLANK(CkReg16_1815171521[[#This Row],[Withdrawal]]),Q58+CkReg16_1815171521[[#This Row],[Deposit]],Q58-CkReg16_1815171521[[#This Row],[Withdrawal]]) -> 13522.62 | R59: 1
B60: Vermilion Reg Inc | C60: =SUMIF(CkReg16_1815171521[Category],"=" &CategoryTable812101416181622[[#This Row],[Category]],CkReg16_1815171521[Deposit]) -> 17380 | D60: 14500 | F60: =-CategoryTable812101416181622[[#This Row],[Budget]]-CategoryTable812101416181622[[#This Row],[Amended Budget]]+CategoryTable812101416181622[[#This Row],[Actual to date]] -> 2880 | I60: 44234 | K60: Donation Square | L60: Rompin Stomp | N60: 5 | O60: =IF(ISBLANK(CkReg16_1815171521[[#This Row],[Withdrawal]]),O59+CkReg16_1815171521[[#This Row],[Deposit]],O59-CkReg16_1815171521[[#This Row],[Withdrawal]]) -> 4812.62 | P60: 44235 | Q60: =IF(ISBLANK(CkReg16_1815171521[[#This Row],[Withdrawal]]),Q59+CkReg16_1815171521[[#This Row],[Deposit]],Q59-CkReg16_1815171521[[#This Row],[Withdrawal]]) -> 13527.62 | R60: 1
B61: Vermilion Adult Games | C61: =-(SUMIF(CkReg16_1815171521[Category],"=" &CategoryTable812101416181622[[#This Row],[Category]],CkReg16_1815171521[Withdrawal])) -> 0 | D61: -100 | F61: =-CategoryTable812101416181622[[#This Row],[Budget]]-CategoryTable812101416181622[[#This Row],[Amended Budget]]+CategoryTable812101416181622[[#This Row],[Actual to date]] -> 100 | I61: 44234 | K61: Donation Square | L61: Rompin Stomp | N61: 5 | O61: =IF(ISBLANK(CkReg16_1815171521[[#This Row],[Withdrawal]]),O60+CkReg16_1815171521[[#This Row],[Deposit]],O60-CkReg16_1815171521[[#This Row],[Withdrawal]]) -> 4817.62 | P61: 44235 | Q61: =IF(ISBLANK(CkReg16_1815171521[[#This Row],[Withdrawal]]),Q60+CkReg16_1815171521[[#This Row],[Deposit]],Q60-CkReg16_1815171521[[#This Row],[Withdrawal]]) -> 13532.62 | R61: 1
B62: Vermilion Banner | C62: =-(SUMIF(CkReg16_1815171521[Category],"=" &CategoryTable812101416181622[[#This Row],[Category]],CkReg16_1815171521[Withdrawal])) -> 0 | D62: -100 | F62: =-CategoryTable812101416181622[[#This Row],[Budget]]-CategoryTable812101416181622[[#This Row],[Amended Budget]]+CategoryTable812101416181622[[#This Row],[Actual to date]] -> 100 | I62: 44234 | K62: Donation Square | L62: Rompin Stomp | N62: 5 | O62: =IF(ISBLANK(CkReg16_1815171521[[#This Row],[Withdrawal]]),O61+CkReg16_1815171521[[#This Row],[Deposit]],O61-CkReg16_1815171521[[#This Row],[Withdrawal]]) -> 4822.62 | P62: 44235 | Q62: =IF(ISBLANK(CkReg16_1815171521[[#This Row],[Withdrawal]]),Q61+CkReg16_1815171521[[#This Row],[Deposit]],Q61-CkReg16_1815171521[[#This Row],[Withdrawal]]) -> 13537.62 | R62: 1
B63: Vermilion Kids Games | C63: =-(SUMIF(CkReg16_1815171521[Category],"=" &CategoryTable812101416181622[[#This Row],[Category]],CkReg16_1815171521[Withdrawal])) -> -50 | D63: -50 | F63: =-CategoryTable812101416181622[[#This Row],[Budget]]-CategoryTable812101416181622[[#This Row],[Amended Budget]]+CategoryTable812101416181622[[#This Row],[Actual to date]] -> 0 | I63: 44234 | K63: Donation Square | L63: Rompin Stomp | N63: 10 | O63: =IF(ISBLANK(CkReg16_1815171521[[#This Row],[Withdrawal]]),O62+CkReg16_1815171521[[#This Row],[Deposit]],O62-CkReg16_1815171521[[#This Row],[Withdrawal]]) -> 4832.62 | P63: 44235 | Q63: =IF(ISBLANK(CkReg16_1815171521[[#This Row],[Withdrawal]]),Q62+CkReg16_1815171521[[#This Row],[Deposit]],Q62-CkReg16_1815171521[[#This Row],[Withdrawal]]) -> 13547.62 | R63: 1
B64: Vermilion Kids Crafts | C64: =-(SUMIF(CkReg16_1815171521[Category],"=" &CategoryTable812101416181622[[#This Row],[Category]],CkReg16_1815171521[Withdrawal])) -> -50 | D64: -50 | F64: =-CategoryTable812101416181622[[#This Row],[Budget]]-CategoryTable812101416181622[[#This Row],[Amended Budget]]+CategoryTable812101416181622[[#This Row],[Actual to date]] -> 0 | I64: 44241 | K64: Fees Square | L64: Rompin Stomp | N64: -0.45 | O64: =IF(ISBLANK(CkReg16_1815171521[[#This Row],[Withdrawal]]),O63+CkReg16_1815171521[[#This Row],[Deposit]],O63-CkReg16_1815171521[[#This Row],[Withdrawal]]) -> 4832.17 | P64: 44243 | Q64: =IF(ISBLANK(CkReg16_1815171521[[#This Row],[Withdrawal]]),Q63+CkReg16_1815171521[[#This Row],[Deposit]],Q63-CkReg16_1815171521[[#This Row],[Withdrawal]]) -> 13547.17 | R64: 1
B65: Vermilion Kitchen | C65: =-(SUMIF(CkReg16_1815171521[Category],"=" &CategoryTable812101416181622[[#This Row],[Category]],CkReg16_1815171521[Withdrawal])) -> -5152.28 | D65: -4500 | F65: =-CategoryTable812101416181622[[#This Row],[Budget]]-CategoryTable812101416181622[[#This Row],[Amended Budget]]+CategoryTable812101416181622[[#This Row],[Actual to date]] -> -652.28 | I65: 44241 | K65: Donation Square | L65: Rompin Stomp | N65: 5 | O65: =IF(ISBLANK(CkReg16_1815171521[[#This Row],[Withdrawal]]),O64+CkReg16_1815171521[[#This Row],[Deposit]],O64-CkReg16_1815171521[[#This Row],[Withdrawal]]) -> 4837.17 | P65: 44243 | Q65: =IF(ISBLANK(CkReg16_1815171521[[#This Row],[Withdrawal]]),Q64+CkReg16_1815171521[[#This Row],[Deposit]],Q64-CkReg16_1815171521[[#This Row],[Withdrawal]]) -> 13552.17 | R65: 1
B66: Vermilion Merchandise | C66: =-(SUMIF(CkReg16_1815171521[Category],"=" &CategoryTable812101416181622[[#This Row],[Category]],CkReg16_1815171521[Withdrawal])) -> -4311.7 | D66: -3865 | E66: -1000 | F66: =-CategoryTable812101416181622[[#This Row],[Budget]]-CategoryTable812101416181622[[#This Row],[Amended Budget]]+CategoryTable812101416181622[[#This Row],[Actual to date]] -> 553.3 | I66: 44246 | K66: Fees Square | L66: Donations | N66: -3.2 | O66: =IF(ISBLANK(CkReg16_1815171521[[#This Row],[Withdrawal]]),O65+CkReg16_1815171521[[#This Row],[Deposit]],O65-CkReg16_1815171521[[#This Row],[Withdrawal]]) -> 4833.97 | P66: 44249 | Q66: =IF(ISBLANK(CkReg16_1815171521[[#This Row],[Withdrawal]]),Q65+CkReg16_1815171521[[#This Row],[Deposit]],Q65-CkReg16_1815171521[[#This Row],[Withdrawal]]) -> 13548.97 | R66: 1
B67: Vermilion Merch Card Fees | C67: =-(SUMIF(CkReg16_1815171521[Category],"=" &CategoryTable812101416181622[[#This Row],[Category]],CkReg16_1815171521[Withdrawal])) -> -159.63 | D67: -135 | F67: =-CategoryTable812101416181622[[#This Row],[Budget]]-CategoryTable812101416181622[[#This Row],[Amended Budget]]+CategoryTable812101416181622[[#This Row],[Actual to date]] -> -24.63 | I67: 44246 | K67: Personal Member Donation | L67: Donations | N67: 100 | O67: =IF(ISBLANK(CkReg16_1815171521[[#This Row],[Withdrawal]]),O66+CkReg16_1815171521[[#This Row],[Deposit]],O66-CkReg16_1815171521[[#This Row],[Withdrawal]]) -> 4933.97 | P67: 44249 | Q67: =IF(ISBLANK(CkReg16_1815171521[[#This Row],[Withdrawal]]),Q66+CkReg16_1815171521[[#This Row],[Deposit]],Q66-CkReg16_1815171521[[#This Row],[Withdrawal]]) -> 13648.97 | R67: 1
B68: Vermilion Programming | C68: =-(SUMIF(CkReg16_1815171521[Category],"=" &CategoryTable812101416181622[[#This Row],[Category]],CkReg16_1815171521[Withdrawal])) -> -943.15 | D68: -1000 | F68: =-CategoryTable812101416181622[[#This Row],[Budget]]-CategoryTable812101416181622[[#This Row],[Amended Budget]]+CategoryTable812101416181622[[#This Row],[Actual to date]] -> 56.85 | I68: 44247 | K68: Personal Member Donation | L68: Donations | N68: -3.2 | O68: =IF(ISBLANK(CkReg16_1815171521[[#This Row],[Withdrawal]]),O67+CkReg16_1815171521[[#This Row],[Deposit]],O67-CkReg16_1815171521[[#This Row],[Withdrawal]]) -> 4930.77 | P68: 44249 | Q68: =IF(ISBLANK(CkReg16_1815171521[[#This Row],[Withdrawal]]),Q67+CkReg16_1815171521[[#This Row],[Deposit]],Q67-CkReg16_1815171521[[#This Row],[Withdrawal]]) -> 13645.77 | R68: 1
B69: Vermilion Camp Fees | C69: =-(SUMIF(CkReg16_1815171521[Category],"=" &CategoryTable812101416181622[[#This Row],[Category]],CkReg16_1815171521[Withdrawal])) -> -7201 | D69: -5600 | F69: =-CategoryTable812101416181622[[#This Row],[Budget]]-CategoryTable812101416181622[[#This Row],[Amended Budget]]+CategoryTable812101416181622[[#This Row],[Actual to date]] -> -1601 | I69: 44247 | K69: Personal Member Donation | L69: Donations | N69: 100 | O69: =IF(ISBLANK(CkReg16_1815171521[[#This Row],[Withdrawal]]),O68+CkReg16_1815171521[[#This Row],[Deposit]],O68-CkReg16_1815171521[[#This Row],[Withdrawal]]) -> 5030.77 | P69: 44249 | Q69: =IF(ISBLANK(CkReg16_1815171521[[#This Row],[Withdrawal]]),Q68+CkReg16_1815171521[[#This Row],[Deposit]],Q68-CkReg16_1815171521[[#This Row],[Withdrawal]]) -> 13745.77 | R69: 1
B70: Vermilion Registation Exp | C70: =-(SUMIF(CkReg16_1815171521[Category],"=" &CategoryTable812101416181622[[#This Row],[Category]],CkReg16_1815171521[Withdrawal])) -> -287.15 | D70: -550 | F70: =-CategoryTable812101416181622[[#This Row],[Budget]]-CategoryTable812101416181622[[#This Row],[Amended Budget]]+CategoryTable812101416181622[[#This Row],[Actual to date]] -> 262.85 | I70: 44248 | K70: Fees Square | L70: Rompin Stomp | N70: -0.45 | O70: =IF(ISBLANK(CkReg16_1815171521[[#This Row],[Withdrawal]]),O69+CkReg16_1815171521[[#This Row],[Deposit]],O69-CkReg16_1815171521[[#This Row],[Withdrawal]]) -> 5030.32 | P70: 44249 | Q70: =IF(ISBLANK(CkReg16_1815171521[[#This Row],[Withdrawal]]),Q69+CkReg16_1815171521[[#This Row],[Deposit]],Q69-CkReg16_1815171521[[#This Row],[Withdrawal]]) -> 13745.32 | R70: 1
B71: Vermilion Reg Card Fees | C71: =-(SUMIF(CkReg16_1815171521[Category],"=" &CategoryTable812101416181622[[#This Row],[Category]],CkReg16_1815171521[Withdrawal])) -> -275.38 | D71: -360 | F71: =-CategoryTable812101416181622[[#This Row],[Budget]]-CategoryTable812101416181622[[#This Row],[Amended Budget]]+CategoryTable812101416181622[[#This Row],[Actual to date]] -> 84.62 | I71: 44248 | K71: Fees Square | L71: Rompin Stomp | N71: -0.45 | O71: =IF(ISBLANK(CkReg16_1815171521[[#This Row],[Withdrawal]]),O70+CkReg16_1815171521[[#This Row],[Deposit]],O70-CkReg16_1815171521[[#This Row],[Withdrawal]]) -> 5029.87 | P71: 44249 | Q71: =IF(ISBLANK(CkReg16_1815171521[[#This Row],[Withdrawal]]),Q70+CkReg16_1815171521[[#This Row],[Deposit]],Q70-CkReg16_1815171521[[#This Row],[Withdrawal]]) -> 13744.87 | R71: 1
B72: Vermilion Chair/Treasurer | C72: =-(SUMIF(CkReg16_1815171521[Category],"=" &CategoryTable812101416181622[[#This Row],[Category]],CkReg16_1815171521[Withdrawal])) -> 0 | D72: -50 | F72: =-CategoryTable812101416181622[[#This Row],[Budget]]-CategoryTable812101416181622[[#This Row],[Amended Budget]]+CategoryTable812101416181622[[#This Row],[Actual to date]] -> 50 | I72: 44248 | K72: Donation Square | L72: Rompin Stomp | N72: 5 | O72: =IF(ISBLANK(CkReg16_1815171521[[#This Row],[Withdrawal]]),O71+CkReg16_1815171521[[#This Row],[Deposit]],O71-CkReg16_1815171521[[#This Row],[Withdrawal]]) -> 5034.87 | P72: 44249 | Q72: =IF(ISBLANK(CkReg16_1815171521[[#This Row],[Withdrawal]]),Q71+CkReg16_1815171521[[#This Row],[Deposit]],Q71-CkReg16_1815171521[[#This Row],[Withdrawal]]) -> 13749.87 | R72: 1
B73: Vermilion Newcomer Exp | C73: =-(SUMIF(CkReg16_1815171521[Category],"=" &CategoryTable812101416181622[[#This Row],[Category]],CkReg16_1815171521[Withdrawal])) -> -700 | D73: -250 | F73: =-CategoryTable812101416181622[[#This Row],[Budget]]-CategoryTable812101416181622[[#This Row],[Amended Budget]]+CategoryTable812101416181622[[#This Row],[Actual to date]] -> -450 | I73: 44248 | K73: Donation Square | L73: Rompin Stomp | N73: 5 | O73: =IF(ISBLANK(CkReg16_1815171521[[#This Row],[Withdrawal]]),O72+CkReg16_1815171521[[#This Row],[Deposit]],O72-CkReg16_1815171521[[#This Row],[Withdrawal]]) -> 5039.87 | P73: 44249 | Q73: =IF(ISBLANK(CkReg16_1815171521[[#This Row],[Withdrawal]]),Q72+CkReg16_1815171521[[#This Row],[Deposit]],Q72-CkReg16_1815171521[[#This Row],[Withdrawal]]) -> 13754.87 | R73: 1
B74: Vermilion Travel Exp | C74: =-(SUMIF(CkReg16_1815171521[Category],"=" &CategoryTable812101416181622[[#This Row],[Category]],CkReg16_1815171521[Withdrawal])) -> 0 | D74: -100 | F74: =-CategoryTable812101416181622[[#This Row],[Budget]]-CategoryTable812101416181622[[#This Row],[Amended Budget]]+CategoryTable812101416181622[[#This Row],[Actual to date]] -> 100 | H74: 3432 | I74: 44249 | J74: Robin Evanson | K74: Storage Shelves & Rent(Dec-March) | L74: Storage Rent | M74: 263.84 | O74: =IF(ISBLANK(CkReg16_1815171521[[#This Row],[Withdrawal]]),O73+CkReg16_1815171521[[#This Row],[Deposit]],O73-CkReg16_1815171521[[#This Row],[Withdrawal]]) -> 4776.03 | P74: 44257 | Q74: =IF(ISBLANK(CkReg16_1815171521[[#This Row],[Withdrawal]]),Q73+CkReg16_1815171521[[#This Row],[Deposit]],Q73-CkReg16_1815171521[[#This Row],[Withdrawal]]) -> 13491.03 | R74: 1
B75: Vermilion Misc | C75: =-(SUMIF(CkReg16_1815171521[Category],"=" &CategoryTable812101416181622[[#This Row],[Category]],CkReg16_1815171521[Withdrawal])) -> -29.98 | D75: -100 | F75: =-CategoryTable812101416181622[[#This Row],[Budget]]-CategoryTable812101416181622[[#This Row],[Amended Budget]]+CategoryTable812101416181622[[#This Row],[Actual to date]] -> 70.02 | H75: 3433 | I75: 44249 | J75: Uhaul | K75: April 2021-March 2022 | L75: Storage Rent | M75: 934.8 | O75: =IF(ISBLANK(CkReg16_1815171521[[#This Row],[Withdrawal]]),O74+CkReg16_1815171521[[#This Row],[Deposit]],O74-CkReg16_1815171521[[#This Row],[Withdrawal]]) -> 3841.23 | P75: 44309 | Q75: =IF(ISBLANK(CkReg16_1815171521[[#This Row],[Withdrawal]]),Q74+CkReg16_1815171521[[#This Row],[Deposit]],Q74-CkReg16_1815171521[[#This Row],[Withdrawal]]) -> 12556.23 | R75: 1
B76: Budget Balance | C76: =SUBTOTAL(109,C17:C75) -> 11477.74 | D76: =SUBTOTAL(109,D17:D75) -> 0 | E76: =SUBTOTAL(109,E17:E75) -> -345.93 | F76: =SUBTOTAL(109,F17:F75) -> 11823.67 | I76: 44253 | K76: Bank Statement | L76: Interest Income | N76: 0.1 | O76: =IF(ISBLANK(CkReg16_1815171521[[#This Row],[Withdrawal]]),O75+CkReg16_1815171521[[#This Row],[Deposit]],O75-CkReg16_1815171521[[#This Row],[Withdrawal]]) -> 3841.33 | P76: 44253 | Q76: =IF(ISBLANK(CkReg16_1815171521[[#This Row],[Withdrawal]]),Q75+CkReg16_1815171521[[#This Row],[Deposit]],Q75-CkReg16_1815171521[[#This Row],[Withdrawal]]) -> 12556.33 | R76: 1
B77: Vermilion Only | C77: =SUM(C57:C75) -> 7975.23 | D77: =SUM(D58:D75) -> 3190 | F77: =SUM(F57:F75) -> 6060.23 | I77: 44255 | K77: Fees Square | L77: Rompin Stomp | N77: -0.45 | O77: =IF(ISBLANK(CkReg16_1815171521[[#This Row],[Withdrawal]]),O76+CkReg16_1815171521[[#This Row],[Deposit]],O76-CkReg16_1815171521[[#This Row],[Withdrawal]]) -> 3840.88 | P77: 44256 | Q77: =IF(ISBLANK(CkReg16_1815171521[[#This Row],[Withdrawal]]),Q76+CkReg16_1815171521[[#This Row],[Deposit]],Q76-CkReg16_1815171521[[#This Row],[Withdrawal]]) -> 12555.88 | R77: 1
B78: Math Check should equal zero | C78: =+C76-CkReg16_1815171521[[#Totals],[Available Balance]] -> 2.1827873e-11 | I78: 44255 | K78: Donation Square | L78: Rompin Stomp | N78: 5 | O78: =IF(ISBLANK(CkReg16_1815171521[[#This Row],[Withdrawal]]),O77+CkReg16_1815171521[[#This Row],[Deposit]],O77-CkReg16_1815171521[[#This Row],[Withdrawal]]) -> 3845.88 | P78: 44256 | Q78: =IF(ISBLANK(CkReg16_1815171521[[#This Row],[Withdrawal]]),Q77+CkReg16_1815171521[[#This Row],[Deposit]],Q77-CkReg16_1815171521[[#This Row],[Withdrawal]]) -> 12560.88 | R78: 1
B79: Should equal Available Balance | I79: 44255 | K79: Zoom Fee | L79: Zoom Expense | M79: 16.31 | O79: =IF(ISBLANK(CkReg16_1815171521[[#This Row],[Withdrawal]]),O78+CkReg16_1815171521[[#This Row],[Deposit]],O78-CkReg16_1815171521[[#This Row],[Withdrawal]]) -> 3829.57 | P79: 44255 | Q79: =IF(ISBLANK(CkReg16_1815171521[[#This Row],[Withdrawal]]),Q78+CkReg16_1815171521[[#This Row],[Deposit]],Q78-CkReg16_1815171521[[#This Row],[Withdrawal]]) -> 12544.57 | R79: 1
B80: Notes to Amended Budget | I80: 44255 | K80: Personal Member Donation | L80: Donations | N80: 16.31 | O80: =IF(ISBLANK(CkReg16_1815171521[[#This Row],[Withdrawal]]),O79+CkReg16_1815171521[[#This Row],[Deposit]],O79-CkReg16_1815171521[[#This Row],[Withdrawal]]) -> 3845.88 | P80: 44255 | Q80: =IF(ISBLANK(CkReg16_1815171521[[#This Row],[Withdrawal]]),Q79+CkReg16_1815171521[[#This Row],[Deposit]],Q79-CkReg16_1815171521[[#This Row],[Withdrawal]]) -> 12560.88 | R80: 44255
B81: Change to Beginning Balance to Match Records, Budget Beginning Balance was an estimation *See Attached Group Funds Held for Detailed Transactions | I81: 44262 | K81: Fees Square | L81: Rompin Stomp | N81: -0.45 | O81: =IF(ISBLANK(CkReg16_1815171521[[#This Row],[Withdrawal]]),O80+CkReg16_1815171521[[#This Row],[Deposit]],O80-CkReg16_1815171521[[#This Row],[Withdrawal]]) -> 3845.43 | P81: 44263 | Q81: =IF(ISBLANK(CkReg16_1815171521[[#This Row],[Withdrawal]]),Q80+CkReg16_1815171521[[#This Row],[Deposit]],Q80-CkReg16_1815171521[[#This Row],[Withdrawal]]) -> 12560.43 | R81: 1
I82: 44262 | K82: Donation Square | L82: Rompin Stomp | N82: 5 | O82: =IF(ISBLANK(CkReg16_1815171521[[#This Row],[Withdrawal]]),O81+CkReg16_1815171521[[#This Row],[Deposit]],O81-CkReg16_1815171521[[#This Row],[Withdrawal]]) -> 3850.43 | P82: 44263 | Q82: =IF(ISBLANK(CkReg16_1815171521[[#This Row],[Withdrawal]]),Q81+CkReg16_1815171521[[#This Row],[Deposit]],Q81-CkReg16_1815171521[[#This Row],[Withdrawal]]) -> 12565.43 | R82: 1
I83: 44263 | K83: Fees Square | L83: We Made A Decision | N83: -0.36 | O83: =IF(ISBLANK(CkReg16_1815171521[[#This Row],[Withdrawal]]),O82+CkReg16_1815171521[[#This Row],[Deposit]],O82-CkReg16_1815171521[[#This Row],[Withdrawal]]) -> 3850.07 | P83: 44265 | Q83: =IF(ISBLANK(CkReg16_1815171521[[#This Row],[Withdrawal]]),Q82+CkReg16_1815171521[[#This Row],[Deposit]],Q82-CkReg16_1815171521[[#This Row],[Withdrawal]]) -> 12565.07 | R83: 1
I84: 44263 | K84: Donation Square | L84: We Made A Decision | N84: 2 | O84: =IF(ISBLANK(CkReg16_1815171521[[#This Row],[Withdrawal]]),O83+CkReg16_1815171521[[#This Row],[Deposit]],O83-CkReg16_1815171521[[#This Row],[Withdrawal]]) -> 3852.07 | P84: 44265 | Q84: =IF(ISBLANK(CkReg16_1815171521[[#This Row],[Withdrawal]]),Q83+CkReg16_1815171521[[#This Row],[Deposit]],Q83-CkReg16_1815171521[[#This Row],[Withdrawal]]) -> 12567.07 | R84: 1
I85: 44269 | K85: Fees Square | L85: Rompin Stomp | N85: -0.45 | O85: =IF(ISBLANK(CkReg16_1815171521[[#This Row],[Withdrawal]]),O84+CkReg16_1815171521[[#This Row],[Deposit]],O84-CkReg16_1815171521[[#This Row],[Withdrawal]]) -> 3851.62 | P85: 44270 | Q85: =IF(ISBLANK(CkReg16_1815171521[[#This Row],[Withdrawal]]),Q84+CkReg16_1815171521[[#This Row],[Deposit]],Q84-CkReg16_1815171521[[#This Row],[Withdrawal]]) -> 12566.62 | R85: 1
I86: 44269 | K86: Donation Square | L86: Rompin Stomp | N86: 5 | O86: =IF(ISBLANK(CkReg16_1815171521[[#This Row],[Withdrawal]]),O85+CkReg16_1815171521[[#This Row],[Deposit]],O85-CkReg16_1815171521[[#This Row],[Withdrawal]]) -> 3856.62 | P86: 44270 | Q86: =IF(ISBLANK(CkReg16_1815171521[[#This Row],[Withdrawal]]),Q85+CkReg16_1815171521[[#This Row],[Deposit]],Q85-CkReg16_1815171521[[#This Row],[Withdrawal]]) -> 12571.62 | R86: 1
I87: 44276 | K87: Fees Square | L87: Rompin Stomp | N87: -0.45 | O87: =IF(ISBLANK(CkReg16_1815171521[[#This Row],[Withdrawal]]),O86+CkReg16_1815171521[[#This Row],[Deposit]],O86-CkReg16_1815171521[[#This Row],[Withdrawal]]) -> 3856.17 | P87: 44277 | Q87: =IF(ISBLANK(CkReg16_1815171521[[#This Row],[Withdrawal]]),Q86+CkReg16_1815171521[[#This Row],[Deposit]],Q86-CkReg16_1815171521[[#This Row],[Withdrawal]]) -> 12571.17 | R87: 1
I88: 44276 | K88: Donation Square | L88: Rompin Stomp | N88: 5 | O88: =IF(ISBLANK(CkReg16_1815171521[[#This Row],[Withdrawal]]),O87+CkReg16_1815171521[[#This Row],[Deposit]],O87-CkReg16_1815171521[[#This Row],[Withdrawal]]) -> 3861.17 | P88: 44277 | Q88: =IF(ISBLANK(CkReg16_1815171521[[#This Row],[Withdrawal]]),Q87+CkReg16_1815171521[[#This Row],[Deposit]],Q87-CkReg16_1815171521[[#This Row],[Withdrawal]]) -> 12576.17 | R88: 1
I89: 44281 | K89: Fees Square | L89: Living Clean | N89: -4.65 | O89: =IF(ISBLANK(CkReg16_1815171521[[#This Row],[Withdrawal]]),O88+CkReg16_1815171521[[#This Row],[Deposit]],O88-CkReg16_1815171521[[#This Row],[Withdrawal]]) -> 3856.52 | P89: 44284 | Q89: =IF(ISBLANK(CkReg16_1815171521[[#This Row],[Withdrawal]]),Q88+CkReg16_1815171521[[#This Row],[Deposit]],Q88-CkReg16_1815171521[[#This Row],[Withdrawal]]) -> 12571.52 | R89: 1
I90: 44281 | K90: Donation Square | L90: Living Clean | N90: 150 | O90: =IF(ISBLANK(CkReg16_1815171521[[#This Row],[Withdrawal]]),O89+CkReg16_1815171521[[#This Row],[Deposit]],O89-CkReg16_1815171521[[#This Row],[Withdrawal]]) -> 4006.52 | P90: 44284 | Q90: =IF(ISBLANK(CkReg16_1815171521[[#This Row],[Withdrawal]]),Q89+CkReg16_1815171521[[#This Row],[Deposit]],Q89-CkReg16_1815171521[[#This Row],[Withdrawal]]) -> 12721.52 | R90: 1
I91: 44283 | K91: Fees Square | L91: Rompin Stomp | N91: -0.59 | O91: =IF(ISBLANK(CkReg16_1815171521[[#This Row],[Withdrawal]]),O90+CkReg16_1815171521[[#This Row],[Deposit]],O90-CkReg16_1815171521[[#This Row],[Withdrawal]]) -> 4005.93 | P91: 44284 | Q91: =IF(ISBLANK(CkReg16_1815171521[[#This Row],[Withdrawal]]),Q90+CkReg16_1815171521[[#This Row],[Deposit]],Q90-CkReg16_1815171521[[#This Row],[Withdrawal]]) -> 12720.93 | R91: 1
I92: 44283 | K92: Fees Square | L92: Rompin Stomp | N92: -0.45 | O92: =IF(ISBLANK(CkReg16_1815171521[[#This Row],[Withdrawal]]),O91+CkReg16_1815171521[[#This Row],[Deposit]],O91-CkReg16_1815171521[[#This Row],[Withdrawal]]) -> 4005.48 | P92: 44284 | Q92: =IF(ISBLANK(CkReg16_1815171521[[#This Row],[Withdrawal]]),Q91+CkReg16_1815171521[[#This Row],[Deposit]],Q91-CkReg16_1815171521[[#This Row],[Withdrawal]]) -> 12720.48 | R92: 1
I93: 44283 | K93: Fees Square | L93: Rompin Stomp | N93: -0.45 | O93: =IF(ISBLANK(CkReg16_1815171521[[#This Row],[Withdrawal]]),O92+CkReg16_1815171521[[#This Row],[Deposit]],O92-CkReg16_1815171521[[#This Row],[Withdrawal]]) -> 4005.03 | P93: 44284 | Q93: =IF(ISBLANK(CkReg16_1815171521[[#This Row],[Withdrawal]]),Q92+CkReg16_1815171521[[#This Row],[Deposit]],Q92-CkReg16_1815171521[[#This Row],[Withdrawal]]) -> 12720.03 | R93: 1
... I99: 44286 | K99: Personal Member Donation | L99: Donations | N99: 16.31 | O99: =IF(ISBLANK(CkReg16_1815171521[[#This Row],[Withdrawal]]),O98+CkReg16_1815171521[[#This Row],[Deposit]],O98-CkReg16_1815171521[[#This Row],[Withdrawal]]) -> 4045.89 | P99: 44286 | Q99: =IF(ISBLANK(CkReg16_1815171521[[#This Row],[Withdrawal]]),Q98+CkReg16_1815171521[[#This Row],[Deposit]],Q98-CkReg16_1815171521[[#This Row],[Withdrawal]]) -> 12760.89 | R99: 1
I100: 44286 | K100: Zoom Fee | L100: Zoom Expense | M100: 16.31 | O100: =IF(ISBLANK(CkReg16_1815171521[[#This Row],[Withdrawal]]),O99+CkReg16_1815171521[[#This Row],[Deposit]],O99-CkReg16_1815171521[[#This Row],[Withdrawal]]) -> 4029.58 | P100: 44286 | Q100: =IF(ISBLANK(CkReg16_1815171521[[#This Row],[Withdrawal]]),Q99+CkReg16_1815171521[[#This Row],[Deposit]],Q99-CkReg16_1815171521[[#This Row],[Withdrawal]]) -> 12744.58 | R100: 1
I101: 44286 | K101: Bank Statement | L101: Interest Income | N101: 0.11 | O101: =IF(ISBLANK(CkReg16_1815171521[[#This Row],[Withdrawal]]),O100+CkReg16_1815171521[[#This Row],[Deposit]],O100-CkReg16_1815171521[[#This Row],[Withdrawal]]) -> 4029.69 | P101: 44286 | Q101: =IF(ISBLANK(CkReg16_1815171521[[#This Row],[Withdrawal]]),Q100+CkReg16_1815171521[[#This Row],[Deposit]],Q100-CkReg16_1815171521[[#This Row],[Withdrawal]]) -> 12744.69 | R101: 44286
I102: 44288 | K102: Fees Square | L102: Living Clean | N102: -0.45 | O102: =IF(ISBLANK(CkReg16_1815171521[[#This Row],[Withdrawal]]),O101+CkReg16_1815171521[[#This Row],[Deposit]],O101-CkReg16_1815171521[[#This Row],[Withdrawal]]) -> 4029.24 | P102: 44291 | Q102: =IF(ISBLANK(CkReg16_1815171521[[#This Row],[Withdrawal]]),Q101+CkReg16_1815171521[[#This Row],[Deposit]],Q101-CkReg16_1815171521[[#This Row],[Withdrawal]]) -> 12744.24 | R102: 1
I103: 44288 | K103: Donation Square | L103: Living Clean | N103: 5 | O103: =IF(ISBLANK(CkReg16_1815171521[[#This Row],[Withdrawal]]),O102+CkReg16_1815171521[[#This Row],[Deposit]],O102-CkReg16_1815171521[[#This Row],[Withdrawal]]) -> 4034.24 | P103: 44291 | Q103: =IF(ISBLANK(CkReg16_1815171521[[#This Row],[Withdrawal]]),Q102+CkReg16_1815171521[[#This Row],[Deposit]],Q102-CkReg16_1815171521[[#This Row],[Withdrawal]]) -> 12749.24 | R103: 1
F104: ` | I104: 44289 | K104: Donation Square | L104: Donations | N104: -2.48 | O104: =IF(ISBLANK(CkReg16_1815171521[[#This Row],[Withdrawal]]),O103+CkReg16_1815171521[[#This Row],[Deposit]],O103-CkReg16_1815171521[[#This Row],[Withdrawal]]) -> 4031.76 | P104: 44291 | Q104: =IF(ISBLANK(CkReg16_1815171521[[#This Row],[Withdrawal]]),Q103+CkReg16_1815171521[[#This Row],[Deposit]],Q103-CkReg16_1815171521[[#This Row],[Withdrawal]]) -> 12746.76 | R104: 1
I105: 44289 | K105: Donation Square | L105: Donations | N105: -0.88 | O105: =IF(ISBLANK(CkReg16_1815171521[[#This Row],[Withdrawal]]),O104+CkReg16_1815171521[[#This Row],[Deposit]],O104-CkReg16_1815171521[[#This Row],[Withdrawal]]) -> 4030.88 | P105: 44291 | Q105: =IF(ISBLANK(CkReg16_1815171521[[#This Row],[Withdrawal]]),Q104+CkReg16_1815171521[[#This Row],[Deposit]],Q104-CkReg16_1815171521[[#This Row],[Withdrawal]]) -> 12745.88 | R105: 1
I106: 44289 | K106: Personal Member Donation | L106: Donations | N106: 20 | O106: =IF(ISBLANK(CkReg16_1815171521[[#This Row],[Withdrawal]]),O105+CkReg16_1815171521[[#This Row],[Deposit]],O105-CkReg16_1815171521[[#This Row],[Withdrawal]]) -> 4050.88 | P106: 44291 | Q106: =IF(ISBLANK(CkReg16_1815171521[[#This Row],[Withdrawal]]),Q105+CkReg16_1815171521[[#This Row],[Deposit]],Q105-CkReg16_1815171521[[#This Row],[Withdrawal]]) -> 12765.88 | R106: 1
I107: 44289 | K107: Personal Member Donation | L107: Donations | N107: 75 | O107: =IF(ISBLANK(CkReg16_1815171521[[#This Row],[Withdrawal]]),O106+CkReg16_1815171521[[#This Row],[Deposit]],O106-CkReg16_1815171521[[#This Row],[Withdrawal]]) -> 4125.88 | P107: 44291 | Q107: =IF(ISBLANK(CkReg16_1815171521[[#This Row],[Withdrawal]]),Q106+CkReg16_1815171521[[#This Row],[Deposit]],Q106-CkReg16_1815171521[[#This Row],[Withdrawal]]) -> 12840.88 | R107: 1
H108: 3434 | I108: 44289 | J108: USPS | K108: PO Box | L108: PO Box Rental | M108: 134 | O108: =IF(ISBLANK(CkReg16_1815171521[[#This Row],[Withdrawal]]),O107+CkReg16_1815171521[[#This Row],[Deposit]],O107-CkReg16_1815171521[[#This Row],[Withdrawal]]) -> 3991.88 | P108: 44301 | Q108: =IF(ISBLANK(CkReg16_1815171521[[#This Row],[Withdrawal]]),Q107+CkReg16_1815171521[[#This Row],[Deposit]],Q107-CkReg16_1815171521[[#This Row],[Withdrawal]]) -> 12706.88 | R108: 1
...

Sheet Group Funds Held
A1: Hope Not Dope
A2: Date | B2: Time | C2: Total Collected | D2: Fees | E2: Net Total Deposited | F2: Balance
A3: 44210 | B3: 0.80185185 | C3: 5 | D3: -0.45 | E3: 4.55 | F3: =+E3 -> 4.55
A4: 44292 | B4: Donation to ASC | E4: -4.55 | F4: =+F3+E4 -> 0
A10: Rompin Stompin
A11: Date | B11: Time | C11: Total Collected | D11: Fees | E11: Net Total Deposited | F11: Balance
A12: 44178 | B12: 0.68818287 | C12: 5 | D12: -0.45 | E12: 4.55 | F12: =+E12 -> 4.55
A13: 44185 | B13: 0.69251157 | C13: 5 | D13: -0.45 | E13: 4.55 | F13: =+F12+E13 -> 9.1
A14: 44185 | B14: 0.69159722 | C14: 5 | D14: -0.45 | E14: 4.55 | F14: =+F13+E14 -> 13.65
A15: 44185 | B15: 0.69159722 | C15: 5 | D15: -0.45 | E15: 4.55 | F15: =+F14+E15 -> 18.2
A16: 44185 | B16: 0.68054398 | C16: 5 | D16: -0.45 | E16: 4.55 | F16: =+F15+E16 -> 22.75
A17: 44192 | B17: 0.6849537 | C17: 5 | D17: -0.45 | E17: 4.55 | F17: =+F16+E17 -> 27.3
A18: 44192 | B18: 0.67623843 | C18: 5 | D18: -0.45 | E18: 4.55 | F18: =+F17+E18 -> 31.85
A19: 44199 | B19: 0.67518519 | C19: 5 | D19: -0.45 | E19: 4.55 | F19: =+F18+E19 -> 36.4
A20: 44199 | B20: 0.67511574 | C20: 5 | D20: -0.45 | E20: 4.55 | F20: =+F19+E20 -> 40.95
A21: 44199 | B21: 0.66982639 | C21: 5 | D21: -0.45 | E21: 4.55 | F21: =+F20+E21 -> 45.5
A22: 44213 | B22: 0.69646991 | C22: 5 | D22: -0.45 | E22: 4.55 | F22: =+F21+E22 -> 50.05
A23: 44213 | B23: 0.6766088 | C23: 5 | D23: -0.45 | E23: 4.55 | F23: =+F22+E23 -> 54.6
A24: 44213 | B24: 0.67640046 | C24: 5 | D24: -0.45 | E24: 4.55 | F24: =+F23+E24 -> 59.15
... A27: 44227 | B27: 0.67465278 | C27: 5 | D27: -0.45 | E27: 4.55 | F27: =+F26+E27 -> 77.66
A28: Sunday, February 7, 2021 | B28: 4:17PM | C28: 5 | D28: -0.45 | E28: 4.55 | F28: =+F27+E28 -> 82.21
A29: Sunday, February 7, 2021 | B29: 4:17PM | C29: 5 | D29: -0.45 | E29: 4.55 | F29: =+F28+E29 -> 86.76
A30: Sunday, February 7, 2021 | B30: 4:02 PM | C30: 10 | D30: -0.59 | E30: 9.41 | F30: =+F29+E30 -> 96.17
A31: Sunday, February 7, 2021 | B31: 0.68055556 | C31: 5 | D31: -0.45 | E31: 4.55 | F31: =+F30+E31 -> 100.72
A32: Sunday, February 14, 2021 | B32: 0.68055556 | C32: 5 | D32: -0.45 | E32: 4.55 | F32: =+F31+E32 -> 105.27
A33: Sunday, February 21, 2021 | B33: 0.68055556 | C33: 5 | D33: -0.45 | E33: 4.55 | F33: =+F32+E33 -> 109.82
A34: Sunday, February 21, 2021 | B34: 0.68055556 | C34: 5 | D34: -0.45 | E34: 4.55 | F34: =+F33+E34 -> 114.37
A35: Sunday, February 28, 2021 | B35: 0.68055556 | C35: 5 | D35: -0.45 | E35: 4.55 | F35: =+F34+E35 -> 118.92
A36: Sunday, March 7, 2021 | B36: 0.68055556 | C36: 5 | D36: -0.45 | E36: 4.55 | F36: =+F35+E36 -> 123.47
A37: Sunday, March 14, 2021 | B37: 0.68055556 | C37: 5 | D37: -0.45 | E37: 4.55 | F37: =+F36+E37 -> 128.02
A38: Sunday, March 21, 2021 | B38: 0.68055556 | C38: 5 | D38: -0.45 | E38: 4.55 | F38: =+F37+E38 -> 132.57
A39: Sunday, March 28, 2021 | B39: 0.68055556 | C39: 5 | D39: -0.45 | E39: 4.55 | F39: =+F38+E39 -> 137.12
A40: Sunday, March 28, 2021 | B40: 0.68055556 | C40: 5 | D40: -0.45 | E40: 4.55 | F40: =+F39+E40 -> 141.67
A41: Sunday, March 28, 2021 | B41: 0.68055556 | C41: 10 | D41: -0.59 | E41: 9.41 | F41: =+F40+E41 -> 151.08
A42: Sunday, March 28, 2021 | B42: 0.68055556 | C42: 5 | D42: -0.45 | E42: 4.55 | F42: =+F41+E42 -> 155.63
... A53: Sunday May 23, 2021 | B53: 0.67847222 | C53: 10 | D53: -0.59 | E53: 9.41 | F53: =+F52+E53 -> 220.26
A54: 44352 | B54: Literature Order | E54: -169.79 | F54: =+F53+E54 -> 50.47
A57: We Made A Decision
A58: Date | B58: Time | C58: Total Collected | D58: Fees | E58: Net Total Deposited | F58: Balance
A59: 44185 | B59: 0.6853588 | C59: 20 | D59: -0.88 | E59: 19.12 | F59: =+E59 -> 19.12
A60: 44200 | B60: 0.80570602 | C60: 5 | D60: -0.45 | E60: 4.55 | F60: =+F59+E60 -> 23.67
A61: 44200 | B61: 0.80046296 | C61: 10 | D61: -0.59 | E61: 9.41 | F61: =+F60+E61 -> 33.08
A62: 44207 | B62: 0.80467593 | C62: 5 | D62: -0.45 | E62: 4.55 | F62: =+F61+E62 -> 37.63
A63: 44207 | B63: 0.80363426 | C63: 10 | D63: -0.59 | E63: 9.41 | F63: =+F62+E63 -> 47.04
A64: 44214 | B64: 0.80190972 | C64: 3 | D64: -0.39 | E64: 2.61 | F64: =+F63+E64 -> 49.65
A65: 44221 | B65: 0.79261574 | C65: 5 | D65: -0.45 | E65: 4.55 | F65: =+F64+E65 -> 54.2
A66: 44230 | B66: 0.60069444 | C66: 5 | D66: -0.45 | E66: 4.55 | F66: =+F65+E66 -> 58.75
A67: Monday, March 8, 2021 | B67: 0.8 | C67: 2 | D67: -0.36 | E67: 1.64 | F67: =+F66+E67 -> 60.39
A68: Monday, April 5, 2021 | B68: 0.79513889 | C68: 5 | D68: -0.45 | E68: 4.55 | F68: =+F67+E68 -> 64.94
A75: Friday Living Clean
A76: Date | B76: Time | C76: Total Collected | D76: Fees | E76: Net Total Deposited | F76: Balance
A77: Friday, March 26, 2021 | B77: 0.85277778 | C77: 150 | D77: -4.65 | E77: 145.35 | F77: =+E77 -> 145.35
A78: Friday, April 2, 2021 | B78: 0.83194444 | C78: 5 | D78: -0.45 | E78: 4.55 | F78: =+F77+E78 -> 149.9
A79: 44292 | B79: Donation to ASC | E79: -149.9 | F79: =+F78+E79 -> 0

Sheet Budgeting (2021)
A1: NLANA 2021 PROPOSED BUDGET
A2: Category | B2: Actual to Date | C2: 2020 Budget | D2: Amended Budget | E2: Budget Remaining | G2: Committee Proposal | I2: Proposed Budget 2021 | J2: Budget Difference | L2: Only Expenses
A3: Beginning Balance | B3: =+'Check Register 2020'!C18 -> 13761.47 | C3: 14273.3 | D3: 13761.47 | I3: 11477.74 | J3: 0
A4: Annual Start Up Balance | I4: -2963.63
A5: Donations | B5: 382 | C5: 1150 | D5: 1150 | E5: =-B5+D5 -> 768 | I5: 775 | J5: =-I5+C5 -> 375 | L5: 775
A6: Bank Fees | E6: =-B6+D6 -> 0 | I6: 0 | L6: 0
A7: Group Lit Orders | B7: 0 | C7: 0 | D7: 0 | E7: =-B7+D7 -> 0 | I7: 0 | J7: =-I7+C7 -> 0 | L7: 0
A8: Group Lit Paid | B8: 0 | C8: 0 | D8: 0 | E8: =-B8+D8 -> 0 | I8: 0 | J8: =-I8+C8 -> 0 | L8: 0
A9: Activities Inc | B9: 185 | C9: 1000 | D9: 1000 | E9: =-B9+D9 -> 815 | I9: 500 | J9: =-I9+C9 -> 500 | L9: 500
A10: Activities Exp | B10: -216.14 | C10: -1500 | D10: -1500 | E10: =-B10+D10 -> -1283.86 | I10: -1250 | J10: =-I10+C10 -> -250 | L10: -1250
A11: GSR Orientation | B11: 0 | C11: -100 | D11: -100 | E11: =-B11+D11 -> -100 | I11: -50 | J11: =-I11+C11 -> -50 | L11: -50
A12: Meeting Lists | B12: -51.7 | C12: -350 | D12: -350 | E12: =-B12+D12 -> -298.3 | I12: -175 | J12: =-I12+C12 -> -175 | L12: -175
A13: New Meeting Pkts | B13: 0 | C13: 0 | D13: 0 | E13: =-B13+D13 -> 0 | I13: 0 | J13: =-I13+C13 -> 0 | L13: 0
A14: Interest Income | B14: 3.35 | C14: 5 | D14: 5 | E14: =-B14+D14 -> 1.65 | I14: 5 | J14: =-I14+C14 -> 0 | L14: 5
A15: Meeting Rm Rent | B15: -75 | C15: -450 | D15: -450 | E15: =-B15+D15 -> -375 | I15: -300 | J15: =-I15+C15 -> -150 | L15: -300
A16: Zoom Expense | I16: -200 | J16: =-I16+C16 -> 200 | L16: -200
A17: Misc Expense | B17: 0 | C17: -50 | D17: -50 | E17: =-B17+D17 -> -50 | I17: -50 | J17: =-I17+C17 -> 0 | L17: -50
A18: PO Box Rental | B18: -106 | C18: -95 | D18: -95 | E18: =-B18+D18 -> 11 | I18: -110 | J18: =-I18+C18 -> 15 | L18: -110
A19: Storage Rent | B19: 0 | C19: -1050 | D19: -1050 | E19: =-B19+D19 -> -1050 | I19: -1100 | J19: =-I19+C19 -> 50 | L19: -1100
A20: ASC Meeting Expenses | B20: -14 | C20: -50 | D20: -50 | E20: =-B20+D20 -> -36 | I20: -25 | J20: =-I20+C20 -> -25 | L20: -25
A21: Chair Expense | B21: -9.2 | C21: -50 | D21: -50 | E21: =-B21+D21 -> -40.8 | I21: -25 | J21: =-I21+C21 -> -25 | L21: -25
A22: Vice Chair Expense | B22: 0 | C22: -25 | D22: -25 | E22: =-B22+D22 -> -25 | I22: -12.5 | J22: =-I22+C22 -> -12.5 | L22: -12.5
A23: RCM-RCMA Expense | B23: -290 | C23: -850 | D23: -850 | E23: =-B23+D23 -> -560 | G23: -850 | I23: -320 | J23: =-I23+C23 -> -530 | L23: -320
A24: Secretary Expense | B24: -20 | C24: -100 | D24: -100 | E24: =-B24+D24 -> -80 | I24: -50 | J24: =-I24+C24 -> -50 | L24: -50
A25: Treasurer Expense | B25: 0 | C25: -100 | D25: -100 | E25: =-B25+D25 -> -100 | I25: -50 | J25: =-I25+C25 -> -50 | L25: -50
A26: Web Publisher | B26: 0 | C26: 0 | D26: 0 | E26: =-B26+D26 -> 0 | I26: 0 | J26: =-I26+C26 -> 0 | L26: 0
A27: Carry the Mssg | B27: 0 | C27: -300 | D27: -300 | E27: =-B27+D27 -> -300 | I27: -300 | J27: =-I27+C27 -> 0 | L27: -300
A28: Douglas County Jail Men | B28: 0 | C28: -50 | D28: -50 | E28: =-B28+D28 -> -50 | I28: -50 | J28: =-I28+C28 -> 0 | L28: -50
A29: Douglas County Jail Women | B29: 0 | C29: -50 | D29: -50 | E29: =-B29+D29 -> -50 | I29: -50 | J29: =-I29+C29 -> 0 | L29: -50
A30: St Louis County Health | B30: 0 | C30: -250 | D30: -250 | E30: =-B30+D30 -> -250 | I30: -250 | J30: =-I30+C30 -> 0 | L30: -250
A31: Drug Court | B31: 0 | C31: -100 | D31: -100 | E31: =-B31+D31 -> -100 | I31: -100 | J31: =-I31+C31 -> 0 | L31: -100
A32: New Project Reserve | B32: -1715 | C32: -1715 | D32: -1715 | E32: =-B32+D32 -> 0 | I32: -1715 | J32: =-I32+C32 -> 0
A33: New Project Expense | B33: 0 | C33: 0 | D33: 0 | E33: =-B33+D33 -> 0 | I33: 0 | J33: =-I33+C33 -> 0 | L33: 0
A34: Prudent Reserve | B34: -3000 | C34: -3000 | D34: -3000 | E34: =-B34+D34 -> 0 | I34: -3000 | J34: =-I34+C34 -> 0
A35: Vermilion Reserve | B35: -4000 | C35: -4000 | D35: -4000 | E35: =-B35+D35 -> 0 | I35: -4000 | J35: =-I35+C35 -> 0
A36: Funds Held for Groups | B36: 0 | C36: 0 | D36: 0 | E36: =-B36+D36 -> 0 | I36: 0 | J36: =-I36+C36 -> 0 | L36: 0
A37: 75% NA Minnesota Region | B37: -460.98 | C37: -450 | D37: -460.98 | E37: =-B37+D37 -> 0 | I37: -875 | J37: =-I37+C37 -> 425
A38: 25% NA World Service | B38: -300 | C38: -300 | D38: -300 | E38: =-B38+D38 -> 0 | I38: -275 | J38: =-I38+C38 -> -25
A39: SUB TOTAL OPERATING | B39: =SUM(B3:B38) -> 4073.8 | C39: =SUM(C3:C38) -> 1443.3 | D39: =SUM(D3:D38) -> 920.49 | E39: =SUM(E3:E38) -> -3153.31 | G39: =SUM(G3:G38) -> -850 | I39: =SUM(I3:I38) -> -4538.39 | J39: =SUM(J3:J38) -> 222.5 | L39: =SUM(L3:L38) -> -3187.5
A41: Vermilion Merch Inc | B41: 0 | C41: 5500 | D41: 0 | E41: =-B41+D41 -> 0 | G41: 5500 | I41: 5500 | J41: =-I41+C41 -> 0 | L41: 5500
A42: Vermilion Reg Inc | B42: 0 | C42: 14500 | D42: 0 | E42: =-B42+D42 -> 0 | G42: 14500 | I42: 14500 | J42: =-I42+C42 -> 0 | L42: 14500
A43: Vermilion Adult Games | B43: 0 | C43: -100 | D43: 0 | E43: =-B43+D43 -> 0 | G43: -100 | I43: -100 | J43: =-I43+C43 -> 0 | L43: -100
A44: Vermilion Banner | B44: 0 | C44: -100 | D44: 0 | E44: =-B44+D44 -> 0 | G44: -100 | I44: -100 | J44: =-I44+C44 -> 0 | L44: -100
A45: Vermilion Kids Games | B45: 0 | C45: -50 | D45: 0 | E45: =-B45+D45 -> 0 | G45: -50 | I45: -50 | J45: =-I45+C45 -> 0 | L45: -50
A46: Vermilion Kids Crafts | B46: 0 | C46: -50 | D46: 0 | E46: =-B46+D46 -> 0 | G46: -50 | I46: -50 | J46: =-I46+C46 -> 0 | L46: -50
A47: Vermilion Kitchen | B47: 0 | C47: -4500 | D47: 0 | E47: =-B47+D47 -> 0 | G47: -4500 | I47: -4500 | J47: =-I47+C47 -> 0 | L47: -4500
A48: Vermilion Merchandise | B48: 0 | C48: -3865 | D48: 0 | E48: =-B48+D48 -> 0 | G48: -3865 | I48: -3865 | J48: =-I48+C48 -> 0 | L48: -3865
A49: Vermilion Merch Card Fees | B49: 0 | C49: -135 | D49: 0 | E49: =-B49+D49 -> 0 | G49: -135 | I49: -135 | J49: =-I49+C49 -> 0 | L49: -135
A50: Vermilion Programming | B50: 0 | C50: -1000 | D50: 0 | E50: =-B50+D50 -> 0 | G50: -1000 | I50: -1000 | J50: =-I50+C50 -> 0 | L50: -1000
A51: Vermilion Camp Fees | B51: 0 | C51: -5600 | D51: 0 | E51: =-B51+D51 -> 0 | G51: -5600 | I51: -5600 | J51: =-I51+C51 -> 0 | L51: -5600
A52: Vermilion Registation Exp | B52: -200 | C52: -550 | D52: -200 | E52: =-B52+D52 -> 0 | G52: -550 | I52: -550 | J52: =-I52+C52 -> 0 | L52: -550
... A57: Vermilion Misc | B57: 0 | C57: -100 | D57: 0 | E57: =-B57+D57 -> 0 | G57: -100 | I57: -100 | J57: =-I57+C57 -> 0 | L57: -100
A58: SUBTOTAL VERMILION | B58: =SUM(B41:B57) -> -200 | C58: =SUM(C41:C57) -> 3190 | D58: =SUM(D41:D57) -> -200 | E58: =SUM(E41:E57) -> 0 | G58: =SUM(G41:G57) -> 3190 | I58: =SUM(I41:I57) -> 3190 | J58: =SUM(J41:J57) -> 0 | L58: =SUM(L41:L57) -> 3190
A60: TOTAL | B60: =+B39+B58 -> 3873.8 | C60: =+C39+C58 -> 4633.3 | D60: =+D39+D58 -> 720.49 | E60: =+E39+E58 -> -3153.31 | G60: =+G39+G58 -> 2340 | I60: =+I39+I58 -> -1348.39 | J60: =+J39+J58 -> 222.5 | L60: =+L39+L58 -> 2.5

Sheet How to use this template
B2: Get started using the electronic check register Use this electronic check register to record your payments, purchases, deposits, and any interest you earn in your checking account. As you choose a category in the Category column for any payment or purchase amounts that you enter, the category slices in the pie chart are updated to show where your money goes. And best of all, this check register always keeps the correct running balance for you. To get started, type your account number in cell B2 on the Checkbook Register tab, and replace the value in the first cell of the Deposit column with your own beginning balance. The Balance column automatically updates to show your current balance. Then replace the first few sample entries in the register with your own entries. Make sure you don't overwrite the formulas in the Balance column. Take a look at the Sample tab to see how the register and the expense chart look with a few more sample transactions entered. Because this template uses Excel tables, it's easy to add and remove rows, and any formulas in those tables are easy to work with. And the alternate shading of rows in tables is a built-in feature! As you make payments or purchases, enter your check or transaction number in the Check # column, type a date in the Date column, type a description in the Description column, choose a category from the dropdown list in the Category column, and type the amount in the Withdrawal column. Make sure you enter only a positive amount in the Withdrawal and Deposit columns – the formula in the Balance column always subtracts withdrawals and adds deposits. No need to enter negative values! As you make deposits or record any earned interest, enter those amounts in the Deposit column. Enter a date and description, and make sure you choose Deposit from the dropdown list in the Category column. It's important to choose Deposit for any deposits or other non-expense related items, because you don't want those amounts calculated in the pie chart that shows your outflow of funds.
B3: You can add a new row to the end of the register by positioning your cursor or mouse pointer in the last used cell in the Balance column and then pressing the TAB key. If you need to insert a row between existing rows in the register, do the following: 1. Select a cell in the row below where you want to insert the new row. 2. On the Home tab, in the Cells group, point to Insert. Or, you can right-click the mouse and click Insert. 3. Click Insert Table Rows Above.
B4: It's important to know that after you have inserted a row between existing rows, you'll need to fix the formula in the row below the new row. Do this by dragging the formula in the Balance column to the cell in the row below it. You can further customize your check register by adding your own categories. Do this by following the same steps for inserting a new row in the register, but be sure that you do this in the Category table. To delete categories that you won't use, delete the row in the Category table. Any transactions that had that category value in the Category column of the register won't change or disappear, but that category won't be available to use in the future.
B27: 646

Sheet Check Register 2020
H1: NLASC Check Register 01/01/2020-12/31/2020 | M1: As of | N1: =NOW() -> 44534.888
H2: Check # | I2: Date | J2: Payee | K2: Description | L2: Category | M2: Withdrawal | N2: Deposit | O2: Available Balance | P2: Cleared | Q2: Balance per Bank | R2: Statement
J3: Beginning Balance | L3: Beginning Balance | N3: 13761.47 | O3: =+CkReg16_18151715[[#This Row],[Deposit]] -> 13761.47 | P3: N/A | Q3: =+CkReg16_18151715[[#This Row],[Deposit]] -> 13761.47
H4: 3349 | I4: 43806 | J4: NAWS | K4: World Region Donation | L4: 40% NA World Service | M4: 300 | O4: =IF(ISBLANK(CkReg16_18151715[[#This Row],[Withdrawal]]),O3+CkReg16_18151715[[#This Row],[Deposit]],O3-CkReg16_18151715[[#This Row],[Withdrawal]]) -> 13461.47 | P4: 43818 | Q4: 13461.47 | R4: 43830
I5: 43831 | J5: Prudent Reserve | L5: Prudent Reserve | M5: 3000 | O5: =IF(ISBLANK(CkReg16_18151715[[#This Row],[Withdrawal]]),O4+CkReg16_18151715[[#This Row],[Deposit]],O4-CkReg16_18151715[[#This Row],[Withdrawal]]) -> 10461.47 | P5: N/A | Q5: 13461.47
I6: 43831 | J6: Vermilion Reserve | L6: Vermilion Reserve | M6: 4000 | O6: =IF(ISBLANK(CkReg16_18151715[[#This Row],[Withdrawal]]),O5+CkReg16_18151715[[#This Row],[Deposit]],O5-CkReg16_18151715[[#This Row],[Withdrawal]]) -> 6461.47 | P6: N/A | Q6: 13461.47
I7: 43831 | J7: New Projects | L7: New Project Reserve | M7: 1715 | O7: =IF(ISBLANK(CkReg16_18151715[[#This Row],[Withdrawal]]),O6+CkReg16_18151715[[#This Row],[Deposit]],O6-CkReg16_18151715[[#This Row],[Withdrawal]]) -> 4746.47 | P7: N/A | Q7: 13461.47
H8: 3396 | I8: 43808 | J8: One Roof | K8: Activty Deposit for 2020 | L8: Activities Exp | M8: 100 | O8: =IF(ISBLANK(CkReg16_18151715[[#This Row],[Withdrawal]]),O7+CkReg16_18151715[[#This Row],[Deposit]],O7-CkReg16_18151715[[#This Row],[Withdrawal]]) -> 4646.47 | P8: VOID | Q8: =IF(ISBLANK(CkReg16_18151715[[#This Row],[Withdrawal]]),Q7+CkReg16_18151715[[#This Row],[Deposit]],Q7-CkReg16_18151715[[#This Row],[Withdrawal]]) -> 13361.47
H9: 3393 | I9: 43806 | J9: MNRSC | L9: 60% NA Minnesota Region | M9: 460.98 | O9: =IF(ISBLANK(CkReg16_18151715[[#This Row],[Withdrawal]]),O8+CkReg16_18151715[[#This Row],[Deposit]],O8-CkReg16_18151715[[#This Row],[Withdrawal]]) -> 4185.49 | P9: 43864 | Q9: =IF(ISBLANK(CkReg16_18151715[[#This Row],[Withdrawal]]),Q8+CkReg16_18151715[[#This Row],[Deposit]],Q8-CkReg16_18151715[[#This Row],[Withdrawal]]) -> 12900.49
I10: 43831 | K10: New Year's Party | L10: Activities Inc | N10: 185 | O10: =IF(ISBLANK(CkReg16_18151715[[#This Row],[Withdrawal]]),O9+CkReg16_18151715[[#This Row],[Deposit]],O9-CkReg16_18151715[[#This Row],[Withdrawal]]) -> 4370.49 | P10: 43832 | Q10: =IF(ISBLANK(CkReg16_18151715[[#This Row],[Withdrawal]]),Q9+CkReg16_18151715[[#This Row],[Deposit]],Q9-CkReg16_18151715[[#This Row],[Withdrawal]]) -> 13085.49
I11: 43861 | L11: Interest Income | M11: -0.57 | O11: =IF(ISBLANK(CkReg16_18151715[[#This Row],[Withdrawal]]),O10+CkReg16_18151715[[#This Row],[Deposit]],O10-CkReg16_18151715[[#This Row],[Withdrawal]]) -> 4371.06 | P11: 43861 | Q11: =IF(ISBLANK(CkReg16_18151715[[#This Row],[Withdrawal]]),Q10+CkReg16_18151715[[#This Row],[Deposit]],Q10-CkReg16_18151715[[#This Row],[Withdrawal]]) -> 13086.06 | R11: 43861
H12: 3399 | I12: 43862 | J12: Peace Church | K12: ASC Room Rent | L12: Meeting Rm Rent | M12: 75 | O12: =IF(ISBLANK(CkReg16_18151715[[#This Row],[Withdrawal]]),O11+CkReg16_18151715[[#This Row],[Deposit]],O11-CkReg16_18151715[[#This Row],[Withdrawal]]) -> 4296.06 | P12: 43866 | Q12: =IF(ISBLANK(CkReg16_18151715[[#This Row],[Withdrawal]]),Q11+CkReg16_18151715[[#This Row],[Deposit]],Q11-CkReg16_18151715[[#This Row],[Withdrawal]]) -> 13011.06
H13: 3400 | I13: 43862 | J13: Jessie Miller | K13: Reimbursment for printing | L13: Secretary Expense | M13: 20 | O13: =IF(ISBLANK(CkReg16_18151715[[#This Row],[Withdrawal]]),O12+CkReg16_18151715[[#This Row],[Deposit]],O12-CkReg16_18151715[[#This Row],[Withdrawal]]) -> 4276.06 | P13: 43879 | Q13: =IF(ISBLANK(CkReg16_18151715[[#This Row],[Withdrawal]]),Q12+CkReg16_18151715[[#This Row],[Deposit]],Q12-CkReg16_18151715[[#This Row],[Withdrawal]]) -> 12991.06
B14: NORTHERN LIGHTS AREA TREASURY REPORT | D14: As of | F14: =NOW() -> 44534.888 | H14: 3426 | I14: 43862 | J14: VLM | K14: Vermilion Deposit | L14: Vermilion Camp Fees | M14: 200 | O14: =IF(ISBLANK(CkReg16_18151715[[#This Row],[Withdrawal]]),O13+CkReg16_18151715[[#This Row],[Deposit]],O13-CkReg16_18151715[[#This Row],[Withdrawal]]) -> 4076.06 | P14: 43900 | Q14: =IF(ISBLANK(CkReg16_18151715[[#This Row],[Withdrawal]]),Q13+CkReg16_18151715[[#This Row],[Deposit]],Q13-CkReg16_18151715[[#This Row],[Withdrawal]]) -> 12791.06
H15: 3427 | I15: 43862 | J15: ISD 709 | K15: Feb Meeting Lists Ticket 71316 | L15: Meeting Lists | M15: 51.7 | O15: =IF(ISBLANK(CkReg16_18151715[[#This Row],[Withdrawal]]),O14+CkReg16_18151715[[#This Row],[Deposit]],O14-CkReg16_18151715[[#This Row],[Withdrawal]]) -> 4024.36 | P15: 43885 | Q15: =IF(ISBLANK(CkReg16_18151715[[#This Row],[Withdrawal]]),Q14+CkReg16_18151715[[#This Row],[Deposit]],Q14-CkReg16_18151715[[#This Row],[Withdrawal]]) -> 12739.36
H16: 3428 | I16: 43862 | J16: Caitlin Milligan | K16: Social Media (printing) | L16: ASC Meeting Expenses | M16: 14 | O16: =IF(ISBLANK(CkReg16_18151715[[#This Row],[Withdrawal]]),O15+CkReg16_18151715[[#This Row],[Deposit]],O15-CkReg16_18151715[[#This Row],[Withdrawal]]) -> 4010.36 | P16: 43886 | Q16: =IF(ISBLANK(CkReg16_18151715[[#This Row],[Withdrawal]]),Q15+CkReg16_18151715[[#This Row],[Deposit]],Q15-CkReg16_18151715[[#This Row],[Withdrawal]]) -> 12725.36
B17: Category | C17: Actual to date | D17: Budget | E17: Amended Budget | F17: Budget Balance | H17: 3428 | I17: 43862 | J17: Caitlin Milligan | K17: Chair Expenses (Printing) | L17: Chair Expense | M17: 9.2 | O17: =IF(ISBLANK(CkReg16_18151715[[#This Row],[Withdrawal]]),O16+CkReg16_18151715[[#This Row],[Deposit]],O16-CkReg16_18151715[[#This Row],[Withdrawal]]) -> 4001.16 | P17: 43886 | Q17: =IF(ISBLANK(CkReg16_18151715[[#This Row],[Withdrawal]]),Q16+CkReg16_18151715[[#This Row],[Deposit]],Q16-CkReg16_18151715[[#This Row],[Withdrawal]]) -> 12716.16
B18: Beginning Balance | C18: =+N3 -> 13761.47 | D18: 14273.3 | E18: 13761.47 | F18: =-CategoryTable8121014161816[[#This Row],[Amended Budget]]+CategoryTable8121014161816[[#This Row],[Actual to date]] -> 0 | H18: 3428 | I18: 43862 | J18: Caitlin Milligan | K18: Reimbursment for new water cooler | L18: Activities Exp | M18: 32.61 | O18: =IF(ISBLANK(CkReg16_18151715[[#This Row],[Withdrawal]]),O17+CkReg16_18151715[[#This Row],[Deposit]],O17-CkReg16_18151715[[#This Row],[Withdrawal]]) -> 3968.55 | P18: 43886 | Q18: =IF(ISBLANK(CkReg16_18151715[[#This Row],[Withdrawal]]),Q17+CkReg16_18151715[[#This Row],[Deposit]],Q17-CkReg16_18151715[[#This Row],[Withdrawal]]) -> 12683.55
B19: Donations | C19: =SUMIF(CkReg16_18151715[Category],"=" &CategoryTable8121014161816[[#This Row],[Category]],CkReg16_18151715[Deposit]) -> 798.49 | D19: 1150 | E19: 1150 | F19: =-CategoryTable8121014161816[[#This Row],[Amended Budget]]+CategoryTable8121014161816[[#This Row],[Actual to date]] -> -351.51 | H19: 3428 | I19: 43862 | J19: Caitlin Milligan | K19: Return of Unspent funds (NYE) | L19: Activities Exp | M19: -16.47 | O19: =IF(ISBLANK(CkReg16_18151715[[#This Row],[Withdrawal]]),O18+CkReg16_18151715[[#This Row],[Deposit]],O18-CkReg16_18151715[[#This Row],[Withdrawal]]) -> 3985.02 | P19: 43886 | Q19: =IF(ISBLANK(CkReg16_18151715[[#This Row],[Withdrawal]]),Q18+CkReg16_18151715[[#This Row],[Deposit]],Q18-CkReg16_18151715[[#This Row],[Withdrawal]]) -> 12700.02
B20: Group Lit Orders | C20: =-(SUMIF(CkReg16_18151715[Category],"=" &CategoryTable8121014161816[[#This Row],[Category]],CkReg16_18151715[Withdrawal])) -> 0 | D20: 0 | E20: 0 | F20: =-CategoryTable8121014161816[[#This Row],[Amended Budget]]+CategoryTable8121014161816[[#This Row],[Actual to date]] -> 0 | H20: 3429 | I20: 43862 | J20: Marvella Davis | K20: RCM Creating Common wealth Ex. | L20: RCM-RCMA Expense | M20: 290 | O20: =IF(ISBLANK(CkReg16_18151715[[#This Row],[Withdrawal]]),O19+CkReg16_18151715[[#This Row],[Deposit]],O19-CkReg16_18151715[[#This Row],[Withdrawal]]) -> 3695.02 | P20: VOID | Q20: =IF(ISBLANK(CkReg16_18151715[[#This Row],[Withdrawal]]),Q19+CkReg16_18151715[[#This Row],[Deposit]],Q19-CkReg16_18151715[[#This Row],[Withdrawal]]) -> 12410.02
B21: Group Lit Paid | C21: =SUMIF(CkReg16_18151715[Category],"=" &CategoryTable8121014161816[[#This Row],[Category]],CkReg16_18151715[Deposit]) -> 0 | D21: 0 | E21: 0 | F21: =-CategoryTable8121014161816[[#This Row],[Amended Budget]]+CategoryTable8121014161816[[#This Row],[Actual to date]] -> 0 | H21: 3430 | I21: 43862 | J21: Sue Johnson | K21: Spring Event | L21: Activities Exp | M21: 100 | O21: =IF(ISBLANK(CkReg16_18151715[[#This Row],[Withdrawal]]),O20+CkReg16_18151715[[#This Row],[Deposit]],O20-CkReg16_18151715[[#This Row],[Withdrawal]]) -> 3595.02 | P21: 43872 | Q21: =IF(ISBLANK(CkReg16_18151715[[#This Row],[Withdrawal]]),Q20+CkReg16_18151715[[#This Row],[Deposit]],Q20-CkReg16_18151715[[#This Row],[Withdrawal]]) -> 12310.02
B22: Group Funds Held* | C22: =SUMIF(CkReg16_18151715[Category],"=" &CategoryTable8121014161816[[#This Row],[Category]],CkReg16_18151715[Deposit]) -> 50.97 | D22: 0 | E22: 0 | F22: =-CategoryTable8121014161816[[#This Row],[Amended Budget]]+CategoryTable8121014161816[[#This Row],[Actual to date]] -> 50.97 | I22: 43862 | K22: Group Donations | L22: Donations | N22: 315 | O22: =IF(ISBLANK(CkReg16_18151715[[#This Row],[Withdrawal]]),O21+CkReg16_18151715[[#This Row],[Deposit]],O21-CkReg16_18151715[[#This Row],[Withdrawal]]) -> 3910.02 | P22: 43864 | Q22: =IF(ISBLANK(CkReg16_18151715[[#This Row],[Withdrawal]]),Q21+CkReg16_18151715[[#This Row],[Deposit]],Q21-CkReg16_18151715[[#This Row],[Withdrawal]]) -> 12625.02
B23: Activities Inc | C23: =SUMIF(CkReg16_18151715[Category],"=" &CategoryTable8121014161816[[#This Row],[Category]],CkReg16_18151715[Deposit]) -> 185 | D23: 1000 | E23: 1000 | F23: =-CategoryTable8121014161816[[#This Row],[Amended Budget]]+CategoryTable8121014161816[[#This Row],[Actual to date]] -> -815 | I23: 43889 | L23: Interest Income | M23: -0.52 | O23: =IF(ISBLANK(CkReg16_18151715[[#This Row],[Withdrawal]]),O22+CkReg16_18151715[[#This Row],[Deposit]],O22-CkReg16_18151715[[#This Row],[Withdrawal]]) -> 3910.54 | P23: 43889 | Q23: =IF(ISBLANK(CkReg16_18151715[[#This Row],[Withdrawal]]),Q22+CkReg16_18151715[[#This Row],[Deposit]],Q22-CkReg16_18151715[[#This Row],[Withdrawal]]) -> 12625.54 | R23: 43890
B24: Activities Exp | C24: =-(SUMIF(CkReg16_18151715[Category],"=" &CategoryTable8121014161816[[#This Row],[Category]],CkReg16_18151715[Withdrawal])) -> -116.14 | D24: -1500 | E24: -1500 | F24: =-CategoryTable8121014161816[[#This Row],[Amended Budget]]+CategoryTable8121014161816[[#This Row],[Actual to date]] -> 1383.86 | I24: 43921 | L24: Interest Income | M24: -0.55 | O24: =IF(ISBLANK(CkReg16_18151715[[#This Row],[Withdrawal]]),O23+CkReg16_18151715[[#This Row],[Deposit]],O23-CkReg16_18151715[[#This Row],[Withdrawal]]) -> 3911.09 | P24: 43921 | Q24: =IF(ISBLANK(CkReg16_18151715[[#This Row],[Withdrawal]]),Q23+CkReg16_18151715[[#This Row],[Deposit]],Q23-CkReg16_18151715[[#This Row],[Withdrawal]]) -> 12626.09 | R24: 43921
B25: GSR Orientation | C25: =-(SUMIF(CkReg16_18151715[Category],"=" &CategoryTable8121014161816[[#This Row],[Category]],CkReg16_18151715[Withdrawal])) -> 0 | D25: -100 | E25: -100 | F25: =-CategoryTable8121014161816[[#This Row],[Amended Budget]]+CategoryTable8121014161816[[#This Row],[Actual to date]] -> 100 | H25: 3431 | I25: 43951 | K25: P.O. Box yearly rental | L25: PO Box Rental | M25: 106 | O25: =IF(ISBLANK(CkReg16_18151715[[#This Row],[Withdrawal]]),O24+CkReg16_18151715[[#This Row],[Deposit]],O24-CkReg16_18151715[[#This Row],[Withdrawal]]) -> 3805.09 | P25: 43956 | Q25: =IF(ISBLANK(CkReg16_18151715[[#This Row],[Withdrawal]]),Q24+CkReg16_18151715[[#This Row],[Deposit]],Q24-CkReg16_18151715[[#This Row],[Withdrawal]]) -> 12520.09
B26: Meeting Lists | C26: =-(SUMIF(CkReg16_18151715[Category],"=" &CategoryTable8121014161816[[#This Row],[Category]],CkReg16_18151715[Withdrawal])) -> -51.7 | D26: -350 | E26: -350 | F26: =-CategoryTable8121014161816[[#This Row],[Amended Budget]]+CategoryTable8121014161816[[#This Row],[Actual to date]] -> 298.3 | I26: 43951 | L26: Interest Income | M26: -0.53 | O26: =IF(ISBLANK(CkReg16_18151715[[#This Row],[Withdrawal]]),O25+CkReg16_18151715[[#This Row],[Deposit]],O25-CkReg16_18151715[[#This Row],[Withdrawal]]) -> 3805.62 | P26: 43951 | Q26: =IF(ISBLANK(CkReg16_18151715[[#This Row],[Withdrawal]]),Q25+CkReg16_18151715[[#This Row],[Deposit]],Q25-CkReg16_18151715[[#This Row],[Withdrawal]]) -> 12520.62 | R26: 43951
B27: New Meeting Pkts | C27: =-(SUMIF(CkReg16_18151715[Category],"=" &CategoryTable8121014161816[[#This Row],[Category]],CkReg16_18151715[Withdrawal])) -> 0 | D27: 0 | E27: 0 | F27: =-CategoryTable8121014161816[[#This Row],[Amended Budget]]+CategoryTable8121014161816[[#This Row],[Actual to date]] -> 0 | I27: 43980 | L27: Interest Income | M27: -0.54 | O27: =IF(ISBLANK(CkReg16_18151715[[#This Row],[Withdrawal]]),O26+CkReg16_18151715[[#This Row],[Deposit]],O26-CkReg16_18151715[[#This Row],[Withdrawal]]) -> 3806.16 | P27: 43980 | Q27: =IF(ISBLANK(CkReg16_18151715[[#This Row],[Withdrawal]]),Q26+CkReg16_18151715[[#This Row],[Deposit]],Q26-CkReg16_18151715[[#This Row],[Withdrawal]]) -> 12521.16 | R27: 43982
B28: Interest Income | C28: =-(SUMIF(CkReg16_18151715[Category],"=" &CategoryTable8121014161816[[#This Row],[Category]],CkReg16_18151715[Withdrawal])) -> 3.67 | D28: 5 | E28: 5 | F28: =-CategoryTable8121014161816[[#This Row],[Amended Budget]]+CategoryTable8121014161816[[#This Row],[Actual to date]] -> -1.33 | I28: 44012 | L28: Interest Income | M28: -0.33 | O28: =IF(ISBLANK(CkReg16_18151715[[#This Row],[Withdrawal]]),O27+CkReg16_18151715[[#This Row],[Deposit]],O27-CkReg16_18151715[[#This Row],[Withdrawal]]) -> 3806.49 | P28: 44012 | Q28: =IF(ISBLANK(CkReg16_18151715[[#This Row],[Withdrawal]]),Q27+CkReg16_18151715[[#This Row],[Deposit]],Q27-CkReg16_18151715[[#This Row],[Withdrawal]]) -> 12521.49 | R28: 44012
B29: Meeting Rm Rent | C29: =-(SUMIF(CkReg16_18151715[Category],"=" &CategoryTable8121014161816[[#This Row],[Category]],CkReg16_18151715[Withdrawal])) -> -75 | D29: -450 | E29: -450 | F29: =-CategoryTable8121014161816[[#This Row],[Amended Budget]]+CategoryTable8121014161816[[#This Row],[Actual to date]] -> 375 | I29: 44029 | J29: Marvella Davis | K29: Return Money from CCW | L29: RCM-RCMA Expense | N29: 65 | O29: =IF(ISBLANK(CkReg16_18151715[[#This Row],[Withdrawal]]),O28+CkReg16_18151715[[#This Row],[Deposit]],O28-CkReg16_18151715[[#This Row],[Withdrawal]]) -> 3871.49 | P29: 44057 | Q29: =IF(ISBLANK(CkReg16_18151715[[#This Row],[Withdrawal]]),Q28+CkReg16_18151715[[#This Row],[Deposit]],Q28-CkReg16_18151715[[#This Row],[Withdrawal]]) -> 12586.49
B30: Misc Expense | C30: =-(SUMIF(CkReg16_18151715[Category],"=" &CategoryTable8121014161816[[#This Row],[Category]],CkReg16_18151715[Withdrawal])) -> 0 | D30: -50 | E30: -50 | F30: =-CategoryTable8121014161816[[#This Row],[Amended Budget]]+CategoryTable8121014161816[[#This Row],[Actual to date]] -> 50 | I30: 44029 | J30: We Made a Decision | K30: Group Donations | L30: Donations | N30: 50 | O30: =IF(ISBLANK(CkReg16_18151715[[#This Row],[Withdrawal]]),O29+CkReg16_18151715[[#This Row],[Deposit]],O29-CkReg16_18151715[[#This Row],[Withdrawal]]) -> 3921.49 | P30: 44057 | Q30: =IF(ISBLANK(CkReg16_18151715[[#This Row],[Withdrawal]]),Q29+CkReg16_18151715[[#This Row],[Deposit]],Q29-CkReg16_18151715[[#This Row],[Withdrawal]]) -> 12636.49
B31: PO Box Rental | C31: =-(SUMIF(CkReg16_18151715[Category],"=" &CategoryTable8121014161816[[#This Row],[Category]],CkReg16_18151715[Withdrawal])) -> -106 | D31: -95 | E31: -95 | F31: =-CategoryTable8121014161816[[#This Row],[Amended Budget]]+CategoryTable8121014161816[[#This Row],[Actual to date]] -> -11 | I31: 44029 | J31: We Made a decision | K31: Group Donations | L31: Donations | N31: 17 | O31: =IF(ISBLANK(CkReg16_18151715[[#This Row],[Withdrawal]]),O30+CkReg16_18151715[[#This Row],[Deposit]],O30-CkReg16_18151715[[#This Row],[Withdrawal]]) -> 3938.49 | P31: 44057 | Q31: =IF(ISBLANK(CkReg16_18151715[[#This Row],[Withdrawal]]),Q30+CkReg16_18151715[[#This Row],[Deposit]],Q30-CkReg16_18151715[[#This Row],[Withdrawal]]) -> 12653.49
B32: Storage Rent | C32: =-(SUMIF(CkReg16_18151715[Category],"=" &CategoryTable8121014161816[[#This Row],[Category]],CkReg16_18151715[Withdrawal])) -> 0 | D32: -1050 | E32: -1050 | F32: =-CategoryTable8121014161816[[#This Row],[Amended Budget]]+CategoryTable8121014161816[[#This Row],[Actual to date]] -> 1050 | I32: 44043 | L32: Interest Income | M32: -0.1 | O32: =IF(ISBLANK(CkReg16_18151715[[#This Row],[Withdrawal]]),O31+CkReg16_18151715[[#This Row],[Deposit]],O31-CkReg16_18151715[[#This Row],[Withdrawal]]) -> 3938.59 | P32: 44043 | Q32: =IF(ISBLANK(CkReg16_18151715[[#This Row],[Withdrawal]]),Q31+CkReg16_18151715[[#This Row],[Deposit]],Q31-CkReg16_18151715[[#This Row],[Withdrawal]]) -> 12653.59 | R32: 44043
B33: Zoom Expense | C33: =-(SUMIF(CkReg16_18151715[Category],"=" &CategoryTable8121014161816[[#This Row],[Category]],CkReg16_18151715[Withdrawal])) -> -146.79 | D33: 0 | E33: 0 | F33: =-CategoryTable8121014161816[[#This Row],[Amended Budget]]+CategoryTable8121014161816[[#This Row],[Actual to date]] -> -146.79 | I33: 44074 | L33: Interest Income | M33: -0.11 | O33: =IF(ISBLANK(CkReg16_18151715[[#This Row],[Withdrawal]]),O32+CkReg16_18151715[[#This Row],[Deposit]],O32-CkReg16_18151715[[#This Row],[Withdrawal]]) -> 3938.7 | P33: 44074 | Q33: =IF(ISBLANK(CkReg16_18151715[[#This Row],[Withdrawal]]),Q32+CkReg16_18151715[[#This Row],[Deposit]],Q32-CkReg16_18151715[[#This Row],[Withdrawal]]) -> 12653.7 | R33: 44074
B34: ASC Meeting Expenses | C34: =-(SUMIF(CkReg16_18151715[Category],"=" &CategoryTable8121014161816[[#This Row],[Category]],CkReg16_18151715[Withdrawal])) -> -14 | D34: -50 | E34: -50 | F34: =-CategoryTable8121014161816[[#This Row],[Amended Budget]]+CategoryTable8121014161816[[#This Row],[Actual to date]] -> 36 | I34: 44104 | L34: Interest Income | M34: -0.1 | O34: =IF(ISBLANK(CkReg16_18151715[[#This Row],[Withdrawal]]),O33+CkReg16_18151715[[#This Row],[Deposit]],O33-CkReg16_18151715[[#This Row],[Withdrawal]]) -> 3938.8 | P34: 44104 | Q34: =IF(ISBLANK(CkReg16_18151715[[#This Row],[Withdrawal]]),Q33+CkReg16_18151715[[#This Row],[Deposit]],Q33-CkReg16_18151715[[#This Row],[Withdrawal]]) -> 12653.8 | R34: 44104
B35: Chair Expense | C35: =-(SUMIF(CkReg16_18151715[Category],"=" &CategoryTable8121014161816[[#This Row],[Category]],CkReg16_18151715[Withdrawal])) -> -9.2 | D35: -50 | E35: -50 | F35: =-CategoryTable8121014161816[[#This Row],[Amended Budget]]+CategoryTable8121014161816[[#This Row],[Actual to date]] -> 40.8 | I35: 44109 | K35: Personal Member Donations | L35: Donations | N35: 75 | O35: =IF(ISBLANK(CkReg16_18151715[[#This Row],[Withdrawal]]),O34+CkReg16_18151715[[#This Row],[Deposit]],O34-CkReg16_18151715[[#This Row],[Withdrawal]]) -> 4013.8 | P35: 44109 | Q35: =IF(ISBLANK(CkReg16_18151715[[#This Row],[Withdrawal]]),Q34+CkReg16_18151715[[#This Row],[Deposit]],Q34-CkReg16_18151715[[#This Row],[Withdrawal]]) -> 12728.8
B36: Vice Chair Expense | C36: =-(SUMIF(CkReg16_18151715[Category],"=" &CategoryTable8121014161816[[#This Row],[Category]],CkReg16_18151715[Withdrawal])) -> 0 | D36: -25 | E36: -25 | F36: =-CategoryTable8121014161816[[#This Row],[Amended Budget]]+CategoryTable8121014161816[[#This Row],[Actual to date]] -> 25 | I36: 44134 | K36: Personal Member Donations Fees | L36: Donations | N36: =-75+72.22 -> -2.78 | O36: =IF(ISBLANK(CkReg16_18151715[[#This Row],[Withdrawal]]),O35+CkReg16_18151715[[#This Row],[Deposit]],O35-CkReg16_18151715[[#This Row],[Withdrawal]]) -> 4011.02 | P36: 44109 | Q36: =IF(ISBLANK(CkReg16_18151715[[#This Row],[Withdrawal]]),Q35+CkReg16_18151715[[#This Row],[Deposit]],Q35-CkReg16_18151715[[#This Row],[Withdrawal]]) -> 12726.02
B37: RCM-RCMA Expense | C37: =-(SUMIF(CkReg16_18151715[Category],"=" &CategoryTable8121014161816[[#This Row],[Category]],CkReg16_18151715[Withdrawal])) -> 0 | D37: -850 | E37: -850 | F37: =-CategoryTable8121014161816[[#This Row],[Amended Budget]]+CategoryTable8121014161816[[#This Row],[Actual to date]] -> 850 | I37: 44134 | L37: Interest Income | M37: -0.11 | O37: =IF(ISBLANK(CkReg16_18151715[[#This Row],[Withdrawal]]),O36+CkReg16_18151715[[#This Row],[Deposit]],O36-CkReg16_18151715[[#This Row],[Withdrawal]]) -> 4011.13 | P37: 44134 | Q37: =IF(ISBLANK(CkReg16_18151715[[#This Row],[Withdrawal]]),Q36+CkReg16_18151715[[#This Row],[Deposit]],Q36-CkReg16_18151715[[#This Row],[Withdrawal]]) -> 12726.13 | R37: 44135
B38: Secretary Expense | C38: =-(SUMIF(CkReg16_18151715[Category],"=" &CategoryTable8121014161816[[#This Row],[Category]],CkReg16_18151715[Withdrawal])) -> -20 | D38: -100 | E38: -100 | F38: =-CategoryTable8121014161816[[#This Row],[Amended Budget]]+CategoryTable8121014161816[[#This Row],[Actual to date]] -> 80 | I38: 44165 | L38: Interest Income | M38: -0.1 | O38: =IF(ISBLANK(CkReg16_18151715[[#This Row],[Withdrawal]]),O37+CkReg16_18151715[[#This Row],[Deposit]],O37-CkReg16_18151715[[#This Row],[Withdrawal]]) -> 4011.23 | P38: 44165 | Q38: =IF(ISBLANK(CkReg16_18151715[[#This Row],[Withdrawal]]),Q37+CkReg16_18151715[[#This Row],[Deposit]],Q37-CkReg16_18151715[[#This Row],[Withdrawal]]) -> 12726.23 | R38: 44165
B39: Treasurer Expense | C39: =-(SUMIF(CkReg16_18151715[Category],"=" &CategoryTable8121014161816[[#This Row],[Category]],CkReg16_18151715[Withdrawal])) -> 0 | D39: -100 | E39: -100 | F39: =-CategoryTable8121014161816[[#This Row],[Amended Budget]]+CategoryTable8121014161816[[#This Row],[Actual to date]] -> 100 | I39: 44172 | K39: Personal Member Donation | L39: Donations | N39: 25 | O39: =IF(ISBLANK(CkReg16_18151715[[#This Row],[Withdrawal]]),O38+CkReg16_18151715[[#This Row],[Deposit]],O38-CkReg16_18151715[[#This Row],[Withdrawal]]) -> 4036.23 | P39: 44174 | Q39: =IF(ISBLANK(CkReg16_18151715[[#This Row],[Withdrawal]]),Q38+CkReg16_18151715[[#This Row],[Deposit]],Q38-CkReg16_18151715[[#This Row],[Withdrawal]]) -> 12751.23
B40: Web Publisher | C40: =-(SUMIF(CkReg16_18151715[Category],"=" &CategoryTable8121014161816[[#This Row],[Category]],CkReg16_18151715[Withdrawal])) -> 0 | D40: 0 | E40: 0 | F40: =-CategoryTable8121014161816[[#This Row],[Amended Budget]]+CategoryTable8121014161816[[#This Row],[Actual to date]] -> 0 | I40: 44172 | K40: Personal Member Fee | L40: Donations | N40: -1.03 | O40: =IF(ISBLANK(CkReg16_18151715[[#This Row],[Withdrawal]]),O39+CkReg16_18151715[[#This Row],[Deposit]],O39-CkReg16_18151715[[#This Row],[Withdrawal]]) -> 4035.2 | P40: 44174 | Q40: =IF(ISBLANK(CkReg16_18151715[[#This Row],[Withdrawal]]),Q39+CkReg16_18151715[[#This Row],[Deposit]],Q39-CkReg16_18151715[[#This Row],[Withdrawal]]) -> 12750.2
B41: Carry the Mssg | C41: =-(SUMIF(CkReg16_18151715[Category],"=" &CategoryTable8121014161816[[#This Row],[Category]],CkReg16_18151715[Withdrawal])) -> 0 | D41: -300 | E41: -300 | F41: =-CategoryTable8121014161816[[#This Row],[Amended Budget]]+CategoryTable8121014161816[[#This Row],[Actual to date]] -> 300 | I41: 44178 | K41: Group Funds Deposit | L41: Group Funds Held* | N41: 5 | O41: =IF(ISBLANK(CkReg16_18151715[[#This Row],[Withdrawal]]),O40+CkReg16_18151715[[#This Row],[Deposit]],O40-CkReg16_18151715[[#This Row],[Withdrawal]]) -> 4040.2 | P41: 44179 | Q41: =IF(ISBLANK(CkReg16_18151715[[#This Row],[Withdrawal]]),Q40+CkReg16_18151715[[#This Row],[Deposit]],Q40-CkReg16_18151715[[#This Row],[Withdrawal]]) -> 12755.2
B42: Douglas County Jail Men | C42: =-(SUMIF(CkReg16_18151715[Category],"=" &CategoryTable8121014161816[[#This Row],[Category]],CkReg16_18151715[Withdrawal])) -> 0 | D42: -50 | E42: -50 | F42: =-CategoryTable8121014161816[[#This Row],[Amended Budget]]+CategoryTable8121014161816[[#This Row],[Actual to date]] -> 50 | I42: 44178 | K42: Group Funds Fee | L42: Group Funds Held* | N42: -0.45 | O42: =IF(ISBLANK(CkReg16_18151715[[#This Row],[Withdrawal]]),O41+CkReg16_18151715[[#This Row],[Deposit]],O41-CkReg16_18151715[[#This Row],[Withdrawal]]) -> 4039.75 | P42: 44179 | Q42: =IF(ISBLANK(CkReg16_18151715[[#This Row],[Withdrawal]]),Q41+CkReg16_18151715[[#This Row],[Deposit]],Q41-CkReg16_18151715[[#This Row],[Withdrawal]]) -> 12754.75
B43: Douglas County Jail Women | C43: =-(SUMIF(CkReg16_18151715[Category],"=" &CategoryTable8121014161816[[#This Row],[Category]],CkReg16_18151715[Withdrawal])) -> 0 | D43: -50 | E43: -50 | F43: =-CategoryTable8121014161816[[#This Row],[Amended Budget]]+CategoryTable8121014161816[[#This Row],[Actual to date]] -> 50 | I43: 44185 | K43: Group Funds Deposit | L43: Group Funds Held* | N43: 40 | O43: =IF(ISBLANK(CkReg16_18151715[[#This Row],[Withdrawal]]),O42+CkReg16_18151715[[#This Row],[Deposit]],O42-CkReg16_18151715[[#This Row],[Withdrawal]]) -> 4079.75 | P43: 44186 | Q43: =IF(ISBLANK(CkReg16_18151715[[#This Row],[Withdrawal]]),Q42+CkReg16_18151715[[#This Row],[Deposit]],Q42-CkReg16_18151715[[#This Row],[Withdrawal]]) -> 12794.75
B44: St Louis County Health | C44: =-(SUMIF(CkReg16_18151715[Category],"=" &CategoryTable8121014161816[[#This Row],[Category]],CkReg16_18151715[Withdrawal])) -> 0 | D44: -250 | E44: -250 | F44: =-CategoryTable8121014161816[[#This Row],[Amended Budget]]+CategoryTable8121014161816[[#This Row],[Actual to date]] -> 250 | I44: 44185 | K44: Group Funds Fee | L44: Group Funds Held* | N44: -2.68 | O44: =IF(ISBLANK(CkReg16_18151715[[#This Row],[Withdrawal]]),O43+CkReg16_18151715[[#This Row],[Deposit]],O43-CkReg16_18151715[[#This Row],[Withdrawal]]) -> 4077.07 | P44: 44186 | Q44: =IF(ISBLANK(CkReg16_18151715[[#This Row],[Withdrawal]]),Q43+CkReg16_18151715[[#This Row],[Deposit]],Q43-CkReg16_18151715[[#This Row],[Withdrawal]]) -> 12792.07
B45: Drug Court | C45: =-(SUMIF(CkReg16_18151715[Category],"=" &CategoryTable8121014161816[[#This Row],[Category]],CkReg16_18151715[Withdrawal])) -> 0 | D45: -100 | E45: -100 | F45: =-CategoryTable8121014161816[[#This Row],[Amended Budget]]+CategoryTable8121014161816[[#This Row],[Actual to date]] -> 100 | I45: 44190 | K45: Group Dontations | L45: Donations | N45: 179 | O45: =IF(ISBLANK(CkReg16_18151715[[#This Row],[Withdrawal]]),O44+CkReg16_18151715[[#This Row],[Deposit]],O44-CkReg16_18151715[[#This Row],[Withdrawal]]) -> 4256.07 | P45: 44193 | Q45: =IF(ISBLANK(CkReg16_18151715[[#This Row],[Withdrawal]]),Q44+CkReg16_18151715[[#This Row],[Deposit]],Q44-CkReg16_18151715[[#This Row],[Withdrawal]]) -> 12971.07
B46: New Project Reserve | C46: =-(SUMIF(CkReg16_18151715[Category],"=" &CategoryTable8121014161816[[#This Row],[Category]],CkReg16_18151715[Withdrawal])) -> -1715 | D46: -1715 | E46: -1715 | F46: =-CategoryTable8121014161816[[#This Row],[Amended Budget]]+CategoryTable8121014161816[[#This Row],[Actual to date]] -> 0 | I46: 44190 | K46: Square Fee | L46: Donations | N46: -5.49 | O46: =IF(ISBLANK(CkReg16_18151715[[#This Row],[Withdrawal]]),O45+CkReg16_18151715[[#This Row],[Deposit]],O45-CkReg16_18151715[[#This Row],[Withdrawal]]) -> 4250.58 | P46: 44193 | Q46: =IF(ISBLANK(CkReg16_18151715[[#This Row],[Withdrawal]]),Q45+CkReg16_18151715[[#This Row],[Deposit]],Q45-CkReg16_18151715[[#This Row],[Withdrawal]]) -> 12965.58
B47: New Project Expense | C47: =-(SUMIF(CkReg16_18151715[Category],"=" &CategoryTable8121014161816[[#This Row],[Category]],CkReg16_18151715[Withdrawal])) -> 0 | D47: 0 | E47: 0 | F47: =-CategoryTable8121014161816[[#This Row],[Amended Budget]]+CategoryTable8121014161816[[#This Row],[Actual to date]] -> 0 | I47: 44192 | K47: Group Funds Deposit | L47: Group Funds Held* | N47: 10 | O47: =IF(ISBLANK(CkReg16_18151715[[#This Row],[Withdrawal]]),O46+CkReg16_18151715[[#This Row],[Deposit]],O46-CkReg16_18151715[[#This Row],[Withdrawal]]) -> 4260.58 | P47: 44193 | Q47: =IF(ISBLANK(CkReg16_18151715[[#This Row],[Withdrawal]]),Q46+CkReg16_18151715[[#This Row],[Deposit]],Q46-CkReg16_18151715[[#This Row],[Withdrawal]]) -> 12975.58
B48: Prudent Reserve | C48: =-(SUMIF(CkReg16_18151715[Category],"=" &CategoryTable8121014161816[[#This Row],[Category]],CkReg16_18151715[Withdrawal])) -> -3000 | D48: -3000 | E48: -3000 | F48: =-CategoryTable8121014161816[[#This Row],[Amended Budget]]+CategoryTable8121014161816[[#This Row],[Actual to date]] -> 0 | I48: 44192 | K48: Group Funds Fee | L48: Group Funds Held* | N48: -0.9 | O48: =IF(ISBLANK(CkReg16_18151715[[#This Row],[Withdrawal]]),O47+CkReg16_18151715[[#This Row],[Deposit]],O47-CkReg16_18151715[[#This Row],[Withdrawal]]) -> 4259.68 | P48: 44193 | Q48: =IF(ISBLANK(CkReg16_18151715[[#This Row],[Withdrawal]]),Q47+CkReg16_18151715[[#This Row],[Deposit]],Q47-CkReg16_18151715[[#This Row],[Withdrawal]]) -> 12974.68
B49: Vermilion Reserve | C49: =-(SUMIF(CkReg16_18151715[Category],"=" &CategoryTable8121014161816[[#This Row],[Category]],CkReg16_18151715[Withdrawal])) -> -4000 | D49: -4000 | E49: -4000 | F49: =-CategoryTable8121014161816[[#This Row],[Amended Budget]]+CategoryTable8121014161816[[#This Row],[Actual to date]] -> 0 | I49: 44196 | K49: Zoom Fee | L49: Zoom Expense | M49: 146.79 | O49: =IF(ISBLANK(CkReg16_18151715[[#This Row],[Withdrawal]]),O48+CkReg16_18151715[[#This Row],[Deposit]],O48-CkReg16_18151715[[#This Row],[Withdrawal]]) -> 4112.89 | P49: 44196 | Q49: =IF(ISBLANK(CkReg16_18151715[[#This Row],[Withdrawal]]),Q48+CkReg16_18151715[[#This Row],[Deposit]],Q48-CkReg16_18151715[[#This Row],[Withdrawal]]) -> 12827.89
B50: Funds Held for Groups | C50: =SUMIF(CkReg16_18151715[Category],"=" &CategoryTable8121014161816[[#This Row],[Category]],CkReg16_18151715[Deposit]) -> 0 | D50: 0 | E50: 0 | F50: =-CategoryTable8121014161816[[#This Row],[Amended Budget]]+CategoryTable8121014161816[[#This Row],[Actual to date]] -> 0 | I50: 44196 | K50: Personal Member Donation | L50: Donations | N50: 146.79 | O50: =IF(ISBLANK(CkReg16_18151715[[#This Row],[Withdrawal]]),O49+CkReg16_18151715[[#This Row],[Deposit]],O49-CkReg16_18151715[[#This Row],[Withdrawal]]) -> 4259.68 | P50: 44196 | Q50: =IF(ISBLANK(CkReg16_18151715[[#This Row],[Withdrawal]]),Q49+CkReg16_18151715[[#This Row],[Deposit]],Q49-CkReg16_18151715[[#This Row],[Withdrawal]]) -> 12974.68
B51: 60% NA Minnesota Region | C51: =-(SUMIF(CkReg16_18151715[Category],"=" &CategoryTable8121014161816[[#This Row],[Category]],CkReg16_18151715[Withdrawal])) -> -460.98 | D51: -450 | E51: -460.98 | F51: =-CategoryTable8121014161816[[#This Row],[Amended Budget]]+CategoryTable8121014161816[[#This Row],[Actual to date]] -> 0 | L51: Interest Income | M51: -0.11 | O51: =IF(ISBLANK(CkReg16_18151715[[#This Row],[Withdrawal]]),O50+CkReg16_18151715[[#This Row],[Deposit]],O50-CkReg16_18151715[[#This Row],[Withdrawal]]) -> 4259.79 | P51: 44196 | Q51: =IF(ISBLANK(CkReg16_18151715[[#This Row],[Withdrawal]]),Q50+CkReg16_18151715[[#This Row],[Deposit]],Q50-CkReg16_18151715[[#This Row],[Withdrawal]]) -> 12974.79 | R51: 44196
B52: 40% NA World Service | C52: =-(SUMIF(CkReg16_18151715[Category],"=" &CategoryTable8121014161816[[#This Row],[Category]],CkReg16_18151715[Withdrawal])) -> -300 | D52: -300 | E52: -300 | F52: =-CategoryTable8121014161816[[#This Row],[Amended Budget]]+CategoryTable8121014161816[[#This Row],[Actual to date]] -> 0 | I52: 44196 | J52: Marvella Davis | K52: RCM Creating Common wealth Ex. | L52: RCM-RCMA Expense | M52: -290 | O52: =IF(ISBLANK(CkReg16_18151715[[#This Row],[Withdrawal]]),O51+CkReg16_18151715[[#This Row],[Deposit]],O51-CkReg16_18151715[[#This Row],[Withdrawal]]) -> 4549.79 | P52: Void | Q52: =IF(ISBLANK(CkReg16_18151715[[#This Row],[Withdrawal]]),Q51+CkReg16_18151715[[#This Row],[Deposit]],Q51-CkReg16_18151715[[#This Row],[Withdrawal]]) -> 13264.79
B53: Vermilion Merch Inc | C53: =SUMIF(CkReg16_18151715[Category],"=" &CategoryTable8121014161816[[#This Row],[Category]],CkReg16_18151715[Deposit]) -> 0 | D53: 5500 | E53: 5500 | F53: =-CategoryTable8121014161816[[#This Row],[Amended Budget]]+CategoryTable8121014161816[[#This Row],[Actual to date]] -> -5500 | I53: 44196 | J53: One Roof | K53: Activty Deposit for 2020 | L53: Activities Exp | M53: -100 | O53: =IF(ISBLANK(CkReg16_18151715[[#This Row],[Withdrawal]]),O52+CkReg16_18151715[[#This Row],[Deposit]],O52-CkReg16_18151715[[#This Row],[Withdrawal]]) -> 4649.79 | P53: Void | Q53: =IF(ISBLANK(CkReg16_18151715[[#This Row],[Withdrawal]]),Q52+CkReg16_18151715[[#This Row],[Deposit]],Q52-CkReg16_18151715[[#This Row],[Withdrawal]]) -> 13364.79
B54: Vermilion Reg Inc | C54: =SUMIF(CkReg16_18151715[Category],"=" &CategoryTable8121014161816[[#This Row],[Category]],CkReg16_18151715[Deposit]) -> 0 | D54: 14500 | E54: 14500 | F54: =-CategoryTable8121014161816[[#This Row],[Amended Budget]]+CategoryTable8121014161816[[#This Row],[Actual to date]] -> -14500 | O54: =IF(ISBLANK(CkReg16_18151715[[#This Row],[Withdrawal]]),O53+CkReg16_18151715[[#This Row],[Deposit]],O53-CkReg16_18151715[[#This Row],[Withdrawal]]) -> 4649.79 | Q54: =IF(ISBLANK(CkReg16_18151715[[#This Row],[Withdrawal]]),Q53+CkReg16_18151715[[#This Row],[Deposit]],Q53-CkReg16_18151715[[#This Row],[Withdrawal]]) -> 13364.79
B55: Vermilion Adult Games | C55: =-(SUMIF(CkReg16_18151715[Category],"=" &CategoryTable8121014161816[[#This Row],[Category]],CkReg16_18151715[Withdrawal])) -> 0 | D55: -100 | E55: -100 | F55: =-CategoryTable8121014161816[[#This Row],[Amended Budget]]+CategoryTable8121014161816[[#This Row],[Actual to date]] -> 100 | O55: =IF(ISBLANK(CkReg16_18151715[[#This Row],[Withdrawal]]),O54+CkReg16_18151715[[#This Row],[Deposit]],O54-CkReg16_18151715[[#This Row],[Withdrawal]]) -> 4649.79 | Q55: =IF(ISBLANK(CkReg16_18151715[[#This Row],[Withdrawal]]),Q54+CkReg16_18151715[[#This Row],[Deposit]],Q54-CkReg16_18151715[[#This Row],[Withdrawal]]) -> 13364.79
B56: Vermilion Banner | C56: =-(SUMIF(CkReg16_18151715[Category],"=" &CategoryTable8121014161816[[#This Row],[Category]],CkReg16_18151715[Withdrawal])) -> 0 | D56: -100 | E56: -100 | F56: =-CategoryTable8121014161816[[#This Row],[Amended Budget]]+CategoryTable8121014161816[[#This Row],[Actual to date]] -> 100 | O56: =IF(ISBLANK(CkReg16_18151715[[#This Row],[Withdrawal]]),O55+CkReg16_18151715[[#This Row],[Deposit]],O55-CkReg16_18151715[[#This Row],[Withdrawal]]) -> 4649.79 | Q56: =IF(ISBLANK(CkReg16_18151715[[#This Row],[Withdrawal]]),Q55+CkReg16_18151715[[#This Row],[Deposit]],Q55-CkReg16_18151715[[#This Row],[Withdrawal]]) -> 13364.79
B57: Vermilion Kids Games | C57: =-(SUMIF(CkReg16_18151715[Category],"=" &CategoryTable8121014161816[[#This Row],[Category]],CkReg16_18151715[Withdrawal])) -> 0 | D57: -50 | E57: -50 | F57: =-CategoryTable8121014161816[[#This Row],[Amended Budget]]+CategoryTable8121014161816[[#This Row],[Actual to date]] -> 50 | O57: =IF(ISBLANK(CkReg16_18151715[[#This Row],[Withdrawal]]),O56+CkReg16_18151715[[#This Row],[Deposit]],O56-CkReg16_18151715[[#This Row],[Withdrawal]]) -> 4649.79 | Q57: =IF(ISBLANK(CkReg16_18151715[[#This Row],[Withdrawal]]),Q56+CkReg16_18151715[[#This Row],[Deposit]],Q56-CkReg16_18151715[[#This Row],[Withdrawal]]) -> 13364.79
B58: Vermilion Kids Crafts | C58: =-(SUMIF(CkReg16_18151715[Category],"=" &CategoryTable8121014161816[[#This Row],[Category]],CkReg16_18151715[Withdrawal])) -> 0 | D58: -50 | E58: -50 | F58: =-CategoryTable8121014161816[[#This Row],[Amended Budget]]+CategoryTable8121014161816[[#This Row],[Actual to date]] -> 50 | O58: =IF(ISBLANK(CkReg16_18151715[[#This Row],[Withdrawal]]),O57+CkReg16_18151715[[#This Row],[Deposit]],O57-CkReg16_18151715[[#This Row],[Withdrawal]]) -> 4649.79 | Q58: =IF(ISBLANK(CkReg16_18151715[[#This Row],[Withdrawal]]),Q57+CkReg16_18151715[[#This Row],[Deposit]],Q57-CkReg16_18151715[[#This Row],[Withdrawal]]) -> 13364.79
B59: Vermilion Kitchen | C59: =-(SUMIF(CkReg16_18151715[Category],"=" &CategoryTable8121014161816[[#This Row],[Category]],CkReg16_18151715[Withdrawal])) -> 0 | D59: -4500 | E59: -4500 | F59: =-CategoryTable8121014161816[[#This Row],[Amended Budget]]+CategoryTable8121014161816[[#This Row],[Actual to date]] -> 4500 | O59: =IF(ISBLANK(CkReg16_18151715[[#This Row],[Withdrawal]]),O58+CkReg16_18151715[[#This Row],[Deposit]],O58-CkReg16_18151715[[#This Row],[Withdrawal]]) -> 4649.79 | Q59: =IF(ISBLANK(CkReg16_18151715[[#This Row],[Withdrawal]]),Q58+CkReg16_18151715[[#This Row],[Deposit]],Q58-CkReg16_18151715[[#This Row],[Withdrawal]]) -> 13364.79
B60: Vermilion Merchandise | C60: =-(SUMIF(CkReg16_18151715[Category],"=" &CategoryTable8121014161816[[#This Row],[Category]],CkReg16_18151715[Withdrawal])) -> 0 | D60: -3865 | E60: -3865 | F60: =-CategoryTable8121014161816[[#This Row],[Amended Budget]]+CategoryTable8121014161816[[#This Row],[Actual to date]] -> 3865 | O60: =IF(ISBLANK(CkReg16_18151715[[#This Row],[Withdrawal]]),O59+CkReg16_18151715[[#This Row],[Deposit]],O59-CkReg16_18151715[[#This Row],[Withdrawal]]) -> 4649.79 | Q60: =IF(ISBLANK(CkReg16_18151715[[#This Row],[Withdrawal]]),Q59+CkReg16_18151715[[#This Row],[Deposit]],Q59-CkReg16_18151715[[#This Row],[Withdrawal]]) -> 13364.79
B61: Vermilion Merch Card Fees | C61: =SUMIF(MyTransactions[Category],"=" &CategoryTable8121014161816[[#This Row],[Category]],MyTransactions[Withdrawal]) -> 0 | D61: -135 | E61: -135 | F61: =-CategoryTable8121014161816[[#This Row],[Budget]]+CategoryTable8121014161816[[#This Row],[Actual to date]] -> 135 | O61: =IF(ISBLANK(CkReg16_18151715[[#This Row],[Withdrawal]]),O60+CkReg16_18151715[[#This Row],[Deposit]],O60-CkReg16_18151715[[#This Row],[Withdrawal]]) -> 4649.79 | Q61: =IF(ISBLANK(CkReg16_18151715[[#This Row],[Withdrawal]]),Q60+CkReg16_18151715[[#This Row],[Deposit]],Q60-CkReg16_18151715[[#This Row],[Withdrawal]]) -> 13364.79
B62: Vermilion Programming | C62: =-(SUMIF(CkReg16_18151715[Category],"=" &CategoryTable8121014161816[[#This Row],[Category]],CkReg16_18151715[Withdrawal])) -> 0 | D62: -1000 | E62: -1000 | F62: =-CategoryTable8121014161816[[#This Row],[Amended Budget]]+CategoryTable8121014161816[[#This Row],[Actual to date]] -> 1000 | O62: =IF(ISBLANK(CkReg16_18151715[[#This Row],[Withdrawal]]),O61+CkReg16_18151715[[#This Row],[Deposit]],O61-CkReg16_18151715[[#This Row],[Withdrawal]]) -> 4649.79 | Q62: =IF(ISBLANK(CkReg16_18151715[[#This Row],[Withdrawal]]),Q61+CkReg16_18151715[[#This Row],[Deposit]],Q61-CkReg16_18151715[[#This Row],[Withdrawal]]) -> 13364.79
B63: Vermilion Camp Fees | C63: =-(SUMIF(CkReg16_18151715[Category],"=" &CategoryTable8121014161816[[#This Row],[Category]],CkReg16_18151715[Withdrawal])) -> -200 | D63: -5600 | E63: -5600 | F63: =-CategoryTable8121014161816[[#This Row],[Amended Budget]]+CategoryTable8121014161816[[#This Row],[Actual to date]] -> 5400 | O63: =IF(ISBLANK(CkReg16_18151715[[#This Row],[Withdrawal]]),O62+CkReg16_18151715[[#This Row],[Deposit]],O62-CkReg16_18151715[[#This Row],[Withdrawal]]) -> 4649.79 | Q63: =IF(ISBLANK(CkReg16_18151715[[#This Row],[Withdrawal]]),Q62+CkReg16_18151715[[#This Row],[Deposit]],Q62-CkReg16_18151715[[#This Row],[Withdrawal]]) -> 13364.79
B64: Vermilion Registation Exp | C64: =-(SUMIF(CkReg16_18151715[Category],"=" &CategoryTable8121014161816[[#This Row],[Category]],CkReg16_18151715[Withdrawal])) -> 0 | D64: -550 | E64: -550 | F64: =-CategoryTable8121014161816[[#This Row],[Amended Budget]]+CategoryTable8121014161816[[#This Row],[Actual to date]] -> 550 | O64: =IF(ISBLANK(CkReg16_18151715[[#This Row],[Withdrawal]]),O63+CkReg16_18151715[[#This Row],[Deposit]],O63-CkReg16_18151715[[#This Row],[Withdrawal]]) -> 4649.79 | Q64: =IF(ISBLANK(CkReg16_18151715[[#This Row],[Withdrawal]]),Q63+CkReg16_18151715[[#This Row],[Deposit]],Q63-CkReg16_18151715[[#This Row],[Withdrawal]]) -> 13364.79
B65: Vermilion Reg Card Fees | C65: =SUMIF(MyTransactions[Category],"=" &CategoryTable8121014161816[[#This Row],[Category]],MyTransactions[Withdrawal]) -> 0 | D65: -360 | E65: -360 | F65: =-CategoryTable8121014161816[[#This Row],[Budget]]+CategoryTable8121014161816[[#This Row],[Actual to date]] -> 360 | O65: =IF(ISBLANK(CkReg16_18151715[[#This Row],[Withdrawal]]),O64+CkReg16_18151715[[#This Row],[Deposit]],O64-CkReg16_18151715[[#This Row],[Withdrawal]]) -> 4649.79 | Q65: =IF(ISBLANK(CkReg16_18151715[[#This Row],[Withdrawal]]),Q64+CkReg16_18151715[[#This Row],[Deposit]],Q64-CkReg16_18151715[[#This Row],[Withdrawal]]) -> 13364.79
B66: Vermilion Chair/Treasurer | C66: =-(SUMIF(CkReg16_18151715[Category],"=" &CategoryTable8121014161816[[#This Row],[Category]],CkReg16_18151715[Withdrawal])) -> 0 | D66: -50 | E66: -50 | F66: =-CategoryTable8121014161816[[#This Row],[Amended Budget]]+CategoryTable8121014161816[[#This Row],[Actual to date]] -> 50 | O66: =IF(ISBLANK(CkReg16_18151715[[#This Row],[Withdrawal]]),O65+CkReg16_18151715[[#This Row],[Deposit]],O65-CkReg16_18151715[[#This Row],[Withdrawal]]) -> 4649.79 | Q66: =IF(ISBLANK(CkReg16_18151715[[#This Row],[Withdrawal]]),Q65+CkReg16_18151715[[#This Row],[Deposit]],Q65-CkReg16_18151715[[#This Row],[Withdrawal]]) -> 13364.79
B67: Vermilion Newcomer Exp | C67: =-(SUMIF(CkReg16_18151715[Category],"=" &CategoryTable8121014161816[[#This Row],[Category]],CkReg16_18151715[Withdrawal])) -> 0 | D67: -250 | E67: -250 | F67: =-CategoryTable8121014161816[[#This Row],[Amended Budget]]+CategoryTable8121014161816[[#This Row],[Actual to date]] -> 250 | O67: =IF(ISBLANK(CkReg16_18151715[[#This Row],[Withdrawal]]),O66+CkReg16_18151715[[#This Row],[Deposit]],O66-CkReg16_18151715[[#This Row],[Withdrawal]]) -> 4649.79 | Q67: =IF(ISBLANK(CkReg16_18151715[[#This Row],[Withdrawal]]),Q66+CkReg16_18151715[[#This Row],[Deposit]],Q66-CkReg16_18151715[[#This Row],[Withdrawal]]) -> 13364.79
B68: Vermilion Travel Exp | C68: =-(SUMIF(CkReg16_18151715[Category],"=" &CategoryTable8121014161816[[#This Row],[Category]],CkReg16_18151715[Withdrawal])) -> 0 | D68: -100 | E68: -100 | F68: =-CategoryTable8121014161816[[#This Row],[Amended Budget]]+CategoryTable8121014161816[[#This Row],[Actual to date]] -> 100 | O68: =IF(ISBLANK(CkReg16_18151715[[#This Row],[Withdrawal]]),O67+CkReg16_18151715[[#This Row],[Deposit]],O67-CkReg16_18151715[[#This Row],[Withdrawal]]) -> 4649.79 | Q68: =IF(ISBLANK(CkReg16_18151715[[#This Row],[Withdrawal]]),Q67+CkReg16_18151715[[#This Row],[Deposit]],Q67-CkReg16_18151715[[#This Row],[Withdrawal]]) -> 13364.79
B69: Vermilion Misc | C69: =-(SUMIF(CkReg16_18151715[Category],"=" &CategoryTable8121014161816[[#This Row],[Category]],CkReg16_18151715[Withdrawal])) -> 0 | D69: -100 | E69: -100 | F69: =-CategoryTable8121014161816[[#This Row],[Amended Budget]]+CategoryTable8121014161816[[#This Row],[Actual to date]] -> 100 | O69: =IF(ISBLANK(CkReg16_18151715[[#This Row],[Withdrawal]]),O68+CkReg16_18151715[[#This Row],[Deposit]],O68-CkReg16_18151715[[#This Row],[Withdrawal]]) -> 4649.79 | Q69: =IF(ISBLANK(CkReg16_18151715[[#This Row],[Withdrawal]]),Q68+CkReg16_18151715[[#This Row],[Deposit]],Q68-CkReg16_18151715[[#This Row],[Withdrawal]]) -> 13364.79
B70: Budget Balance | C70: =SUBTOTAL(109,C18:C69) -> 4584.79 | D70: =SUBTOTAL(109,D18:D69) -> 4633.3 | E70: =SUBTOTAL(109,E18:E69) -> 4110.49 | F70: =SUBTOTAL(109,F18:F69) -> 474.3 | O70: =IF(ISBLANK(CkReg16_18151715[[#This Row],[Withdrawal]]),O69+CkReg16_18151715[[#This Row],[Deposit]],O69-CkReg16_18151715[[#This Row],[Withdrawal]]) -> 4649.79 | Q70: =IF(ISBLANK(CkReg16_18151715[[#This Row],[Withdrawal]]),Q69+CkReg16_18151715[[#This Row],[Deposit]],Q69-CkReg16_18151715[[#This Row],[Withdrawal]]) -> 13364.79
B71: Vermilion Only | C71: =SUM(C53:C69) -> -200 | D71: =SUM(D53:D69) -> 3190 | F71: =SUM(F53:F69) -> -3390 | N71: =+'Check Register 2015'!M243 -> 0 | O71: =IF(ISBLANK(CkReg16_18151715[[#This Row],[Withdrawal]]),O70+CkReg16_18151715[[#This Row],[Deposit]],O70-CkReg16_18151715[[#This Row],[Withdrawal]]) -> 4649.79 | Q71: =IF(ISBLANK(CkReg16_18151715[[#This Row],[Withdrawal]]),Q70+CkReg16_18151715[[#This Row],[Deposit]],Q70-CkReg16_18151715[[#This Row],[Withdrawal]]) -> 13364.79
O72: =IF(ISBLANK(CkReg16_18151715[[#This Row],[Withdrawal]]),O71+CkReg16_18151715[[#This Row],[Deposit]],O71-CkReg16_18151715[[#This Row],[Withdrawal]]) -> 4649.79 | Q72: =IF(ISBLANK(CkReg16_18151715[[#This Row],[Withdrawal]]),Q71+CkReg16_18151715[[#This Row],[Deposit]],Q71-CkReg16_18151715[[#This Row],[Withdrawal]]) -> 13364.79
B73: Notes to Amended Budget | O73: =IF(ISBLANK(CkReg16_18151715[[#This Row],[Withdrawal]]),O72+CkReg16_18151715[[#This Row],[Deposit]],O72-CkReg16_18151715[[#This Row],[Withdrawal]]) -> 4649.79 | Q73: =IF(ISBLANK(CkReg16_18151715[[#This Row],[Withdrawal]]),Q72+CkReg16_18151715[[#This Row],[Deposit]],Q72-CkReg16_18151715[[#This Row],[Withdrawal]]) -> 13364.79
B74: Change to Beginning Balance to Match Records, Budget Beginning Balance was an estimation Motion to accept incorrectly written check 3393 to World for 40% Split Motion change to NLANA Guidelines switching Operating Fiscal year from 12/0111/30 to 01/01-12/31 COVID19 Pandemic canceled Vermilion, and forced ending face to face meeting Note expense not on Registrer: Zoom Monthly cost of $16.31 is being paid by a member as donation since April 2020 *See Attached Group Funds Held for Detailed Transactions | O74: =IF(ISBLANK(CkReg16_18151715[[#This Row],[Withdrawal]]),O73+CkReg16_18151715[[#This Row],[Deposit]],O73-CkReg16_18151715[[#This Row],[Withdrawal]]) -> 4649.79 | Q74: =IF(ISBLANK(CkReg16_18151715[[#This Row],[Withdrawal]]),Q73+CkReg16_18151715[[#This Row],[Deposit]],Q73-CkReg16_18151715[[#This Row],[Withdrawal]]) -> 13364.79
O75: =IF(ISBLANK(CkReg16_18151715[[#This Row],[Withdrawal]]),O74+CkReg16_18151715[[#This Row],[Deposit]],O74-CkReg16_18151715[[#This Row],[Withdrawal]]) -> 4649.79 | Q75: =IF(ISBLANK(CkReg16_18151715[[#This Row],[Withdrawal]]),Q74+CkReg16_18151715[[#This Row],[Deposit]],Q74-CkReg16_18151715[[#This Row],[Withdrawal]]) -> 13364.79
O76: =IF(ISBLANK(CkReg16_18151715[[#This Row],[Withdrawal]]),O75+CkReg16_18151715[[#This Row],[Deposit]],O75-CkReg16_18151715[[#This Row],[Withdrawal]]) -> 4649.79 | Q76: =IF(ISBLANK(CkReg16_18151715[[#This Row],[Withdrawal]]),Q75+CkReg16_18151715[[#This Row],[Deposit]],Q75-CkReg16_18151715[[#This Row],[Withdrawal]]) -> 13364.79
O77: =IF(ISBLANK(CkReg16_18151715[[#This Row],[Withdrawal]]),O76+CkReg16_18151715[[#This Row],[Deposit]],O76-CkReg16_18151715[[#This Row],[Withdrawal]]) -> 4649.79 | Q77: =IF(ISBLANK(CkReg16_18151715[[#This Row],[Withdrawal]]),Q76+CkReg16_18151715[[#This Row],[Deposit]],Q76-CkReg16_18151715[[#This Row],[Withdrawal]]) -> 13364.79
O78: =IF(ISBLANK(CkReg16_18151715[[#This Row],[Withdrawal]]),O77+CkReg16_18151715[[#This Row],[Deposit]],O77-CkReg16_18151715[[#This Row],[Withdrawal]]) -> 4649.79 | Q78: =IF(ISBLANK(CkReg16_18151715[[#This Row],[Withdrawal]]),Q77+CkReg16_18151715[[#This Row],[Deposit]],Q77-CkReg16_18151715[[#This Row],[Withdrawal]]) -> 13364.79
O79: =IF(ISBLANK(CkReg16_18151715[[#This Row],[Withdrawal]]),O78+CkReg16_18151715[[#This Row],[Deposit]],O78-CkReg16_18151715[[#This Row],[Withdrawal]]) -> 4649.79 | Q79: =IF(ISBLANK(CkReg16_18151715[[#This Row],[Withdrawal]]),Q78+CkReg16_18151715[[#This Row],[Deposit]],Q78-CkReg16_18151715[[#This Row],[Withdrawal]]) -> 13364.79
O80: =IF(ISBLANK(CkReg16_18151715[[#This Row],[Withdrawal]]),O79+CkReg16_18151715[[#This Row],[Deposit]],O79-CkReg16_18151715[[#This Row],[Withdrawal]]) -> 4649.79 | Q80: =IF(ISBLANK(CkReg16_18151715[[#This Row],[Withdrawal]]),Q79+CkReg16_18151715[[#This Row],[Deposit]],Q79-CkReg16_18151715[[#This Row],[Withdrawal]]) -> 13364.79
O81: =IF(ISBLANK(CkReg16_18151715[[#This Row],[Withdrawal]]),O80+CkReg16_18151715[[#This Row],[Deposit]],O80-CkReg16_18151715[[#This Row],[Withdrawal]]) -> 4649.79 | Q81: =IF(ISBLANK(CkReg16_18151715[[#This Row],[Withdrawal]]),Q80+CkReg16_18151715[[#This Row],[Deposit]],Q80-CkReg16_18151715[[#This Row],[Withdrawal]]) -> 13364.79
O82: =IF(ISBLANK(CkReg16_18151715[[#This Row],[Withdrawal]]),O81+CkReg16_18151715[[#This Row],[Deposit]],O81-CkReg16_18151715[[#This Row],[Withdrawal]]) -> 4649.79 | Q82: =IF(ISBLANK(CkReg16_18151715[[#This Row],[Withdrawal]]),Q81+CkReg16_18151715[[#This Row],[Deposit]],Q81-CkReg16_18151715[[#This Row],[Withdrawal]]) -> 13364.79
O83: =IF(ISBLANK(CkReg16_18151715[[#This Row],[Withdrawal]]),O82+CkReg16_18151715[[#This Row],[Deposit]],O82-CkReg16_18151715[[#This Row],[Withdrawal]]) -> 4649.79 | Q83: =IF(ISBLANK(CkReg16_18151715[[#This Row],[Withdrawal]]),Q82+CkReg16_18151715[[#This Row],[Deposit]],Q82-CkReg16_18151715[[#This Row],[Withdrawal]]) -> 13364.79
O84: =IF(ISBLANK(CkReg16_18151715[[#This Row],[Withdrawal]]),O83+CkReg16_18151715[[#This Row],[Deposit]],O83-CkReg16_18151715[[#This Row],[Withdrawal]]) -> 4649.79 | Q84: =IF(ISBLANK(CkReg16_18151715[[#This Row],[Withdrawal]]),Q83+CkReg16_18151715[[#This Row],[Deposit]],Q83-CkReg16_18151715[[#This Row],[Withdrawal]]) -> 13364.79
O85: =IF(ISBLANK(CkReg16_18151715[[#This Row],[Withdrawal]]),O84+CkReg16_18151715[[#This Row],[Deposit]],O84-CkReg16_18151715[[#This Row],[Withdrawal]]) -> 4649.79 | Q85: =IF(ISBLANK(CkReg16_18151715[[#This Row],[Withdrawal]]),Q84+CkReg16_18151715[[#This Row],[Deposit]],Q84-CkReg16_18151715[[#This Row],[Withdrawal]]) -> 13364.79
O86: =IF(ISBLANK(CkReg16_18151715[[#This Row],[Withdrawal]]),O85+CkReg16_18151715[[#This Row],[Deposit]],O85-CkReg16_18151715[[#This Row],[Withdrawal]]) -> 4649.79 | Q86: =IF(ISBLANK(CkReg16_18151715[[#This Row],[Withdrawal]]),Q85+CkReg16_18151715[[#This Row],[Deposit]],Q85-CkReg16_18151715[[#This Row],[Withdrawal]]) -> 13364.79
... O101: =IF(ISBLANK(CkReg16_18151715[[#This Row],[Withdrawal]]),O100+CkReg16_18151715[[#This Row],[Deposit]],O100-CkReg16_18151715[[#This Row],[Withdrawal]]) -> 4649.79 | Q101: =IF(ISBLANK(CkReg16_18151715[[#This Row],[Withdrawal]]),Q100+CkReg16_18151715[[#This Row],[Deposit]],Q100-CkReg16_18151715[[#This Row],[Withdrawal]]) -> 13364.79
D102: =+N3 -> 13761.47 | O102: =IF(ISBLANK(CkReg16_18151715[[#This Row],[Withdrawal]]),O101+CkReg16_18151715[[#This Row],[Deposit]],O101-CkReg16_18151715[[#This Row],[Withdrawal]]) -> 4649.79 | Q102: =IF(ISBLANK(CkReg16_18151715[[#This Row],[Withdrawal]]),Q101+CkReg16_18151715[[#This Row],[Deposit]],Q101-CkReg16_18151715[[#This Row],[Withdrawal]]) -> 13364.79
D103: =-SUM(M7:M206) -> -2911.14 | O103: =IF(ISBLANK(CkReg16_18151715[[#This Row],[Withdrawal]]),O102+CkReg16_18151715[[#This Row],[Deposit]],O102-CkReg16_18151715[[#This Row],[Withdrawal]]) -> 4649.79 | Q103: =IF(ISBLANK(CkReg16_18151715[[#This Row],[Withdrawal]]),Q102+CkReg16_18151715[[#This Row],[Deposit]],Q102-CkReg16_18151715[[#This Row],[Withdrawal]]) -> 13364.79
D104: =SUM(N7:N206) -> 1099.46 | O104: =IF(ISBLANK(CkReg16_18151715[[#This Row],[Withdrawal]]),O103+CkReg16_18151715[[#This Row],[Deposit]],O103-CkReg16_18151715[[#This Row],[Withdrawal]]) -> 4649.79 | Q104: =IF(ISBLANK(CkReg16_18151715[[#This Row],[Withdrawal]]),Q103+CkReg16_18151715[[#This Row],[Deposit]],Q103-CkReg16_18151715[[#This Row],[Withdrawal]]) -> 13364.79
D105: =SUM(D102:D104) -> 11949.79 | O105: =IF(ISBLANK(CkReg16_18151715[[#This Row],[Withdrawal]]),O104+CkReg16_18151715[[#This Row],[Deposit]],O104-CkReg16_18151715[[#This Row],[Withdrawal]]) -> 4649.79 | Q105: =IF(ISBLANK(CkReg16_18151715[[#This Row],[Withdrawal]]),Q104+CkReg16_18151715[[#This Row],[Deposit]],Q104-CkReg16_18151715[[#This Row],[Withdrawal]]) -> 13364.79
O106: =IF(ISBLANK(CkReg16_18151715[[#This Row],[Withdrawal]]),O105+CkReg16_18151715[[#This Row],[Deposit]],O105-CkReg16_18151715[[#This Row],[Withdrawal]]) -> 4649.79 | Q106: =IF(ISBLANK(CkReg16_18151715[[#This Row],[Withdrawal]]),Q105+CkReg16_18151715[[#This Row],[Deposit]],Q105-CkReg16_18151715[[#This Row],[Withdrawal]]) -> 13364.79
O107: =IF(ISBLANK(CkReg16_18151715[[#This Row],[Withdrawal]]),O106+CkReg16_18151715[[#This Row],[Deposit]],O106-CkReg16_18151715[[#This Row],[Withdrawal]]) -> 4649.79 | Q107: =IF(ISBLANK(CkReg16_18151715[[#This Row],[Withdrawal]]),Q106+CkReg16_18151715[[#This Row],[Deposit]],Q106-CkReg16_18151715[[#This Row],[Withdrawal]]) -> 13364.79
O108: =IF(ISBLANK(CkReg16_18151715[[#This Row],[Withdrawal]]),O107+CkReg16_18151715[[#This Row],[Deposit]],O107-CkReg16_18151715[[#This Row],[Withdrawal]]) -> 4649.79 | Q108: =IF(ISBLANK(CkReg16_18151715[[#This Row],[Withdrawal]]),Q107+CkReg16_18151715[[#This Row],[Deposit]],Q107-CkReg16_18151715[[#This Row],[Withdrawal]]) -> 13364.79
O109: =IF(ISBLANK(CkReg16_18151715[[#This Row],[Withdrawal]]),O108+CkReg16_18151715[[#This Row],[Deposit]],O108-CkReg16_18151715[[#This Row],[Withdrawal]]) -> 4649.79 | Q109: =IF(ISBLANK(CkReg16_18151715[[#This Row],[Withdrawal]]),Q108+CkReg16_18151715[[#This Row],[Deposit]],Q108-CkReg16_18151715[[#This Row],[Withdrawal]]) -> 13364.79
O110: =IF(ISBLANK(CkReg16_18151715[[#This Row],[Withdrawal]]),O109+CkReg16_18151715[[#This Row],[Deposit]],O109-CkReg16_18151715[[#This Row],[Withdrawal]]) -> 4649.79 | Q110: =IF(ISBLANK(CkReg16_18151715[[#This Row],[Withdrawal]]),Q109+CkReg16_18151715[[#This Row],[Deposit]],Q109-CkReg16_18151715[[#This Row],[Withdrawal]]) -> 13364.79
O111: =IF(ISBLANK(CkReg16_18151715[[#This Row],[Withdrawal]]),O110+CkReg16_18151715[[#This Row],[Deposit]],O110-CkReg16_18151715[[#This Row],[Withdrawal]]) -> 4649.79 | Q111: =IF(ISBLANK(CkReg16_18151715[[#This Row],[Withdrawal]]),Q110+CkReg16_18151715[[#This Row],[Deposit]],Q110-CkReg16_18151715[[#This Row],[Withdrawal]]) -> 13364.79
O112: =IF(ISBLANK(CkReg16_18151715[[#This Row],[Withdrawal]]),O111+CkReg16_18151715[[#This Row],[Deposit]],O111-CkReg16_18151715[[#This Row],[Withdrawal]]) -> 4649.79 | Q112: =IF(ISBLANK(CkReg16_18151715[[#This Row],[Withdrawal]]),Q111+CkReg16_18151715[[#This Row],[Deposit]],Q111-CkReg16_18151715[[#This Row],[Withdrawal]]) -> 13364.79
O113: =IF(ISBLANK(CkReg16_18151715[[#This Row],[Withdrawal]]),O112+CkReg16_18151715[[#This Row],[Deposit]],O112-CkReg16_18151715[[#This Row],[Withdrawal]]) -> 4649.79 | Q113: =IF(ISBLANK(CkReg16_18151715[[#This Row],[Withdrawal]]),Q112+CkReg16_18151715[[#This Row],[Deposit]],Q112-CkReg16_18151715[[#This Row],[Withdrawal]]) -> 13364.79
O114: =IF(ISBLANK(CkReg16_18151715[[#This Row],[Withdrawal]]),O113+CkReg16_18151715[[#This Row],[Deposit]],O113-CkReg16_18151715[[#This Row],[Withdrawal]]) -> 4649.79 | Q114: =IF(ISBLANK(CkReg16_18151715[[#This Row],[Withdrawal]]),Q113+CkReg16_18151715[[#This Row],[Deposit]],Q113-CkReg16_18151715[[#This Row],[Withdrawal]]) -> 13364.79
...

Sheet Budgeting (2020)
A1: NLANA 2020 PROPOSED BUDGET
A2: Category | B2: Actual to date | C2: 2019 Budget | D2: Estimated Additional | E2: Budget Balance | G2: Committee Proposal | I2: Recommended Budget 2019-20 | J2: Budget Difference
A3: Beginning Balance | B3: 13020.218 | C3: 13020.218 | E3: =-C3+B3+D3 -> 0 | I3: =+I60 -> 14409.998 | J3: 0
A4: Group Donations | B4: 1379 | C4: 1000 | E4: =-C4+B4+D4 -> 379 | I4: 1150 | J4: =-I4+C4 -> -150
A5: Group Lit Orders | B5: 0 | C5: 0 | E5: =-C5+B5+D5 -> 0 | I5: 0 | J5: =-I5+C5 -> 0
A6: Group Lit Paid | B6: 0 | C6: 0 | E6: =-C6+B6+D6 -> 0 | I6: 0 | J6: =-I6+C6 -> 0
A7: Activities Inc | B7: 1394.83 | C7: 1000 | E7: =-C7+B7+D7 -> 394.83 | I7: 1000 | J7: =-I7+C7 -> 0
A8: Activities Exp | B8: -1442.14 | C8: -1500 | D8: -500 | E8: =-C8+B8+D8 -> -442.14 | I8: -1500 | J8: =-I8+C8 -> 0
A9: GSR Orientation | B9: 0 | C9: -50 | E9: =-C9+B9+D9 -> 50 | I9: -50 | J9: =-I9+C9 -> 0
A10: Meeting Lists | B10: -302.34 | C10: -300 | D10: -40 | E10: =-C10+B10+D10 -> -42.34 | G10: -340 | I10: -350 | J10: =-I10+C10 -> 50
A11: New Meeting Pkts | B11: 0 | C11: -150 | E11: =-C11+B11+D11 -> 150 | I11: -150 | J11: =-I11+C11 -> 0
A12: Interest Income | B12: 5.67 | C12: 5 | D12: -0.46 | E12: =-C12+B12+D12 -> 0.21 | I12: 5 | J12: =-I12+C12 -> 0
A13: Meeting Rm Rent | B13: -445 | C13: -450 | D13: -75 | E13: =-C13+B13+D13 -> -70 | I13: -450 | J13: =-I13+C13 -> 0
A14: Misc Expense | B14: 0 | C14: -300 | E14: =-C14+B14+D14 -> 300 | I14: -300 | J14: =-I14+C14 -> 0
A15: PO Box Rental | B15: -92 | C15: -85 | E15: =-C15+B15+D15 -> -7 | I15: -95 | J15: =-I15+C15 -> 10
A16: Storage Rent | B16: -1032 | C16: -1050 | E16: =-C16+B16+D16 -> 18 | I16: -1050 | J16: =-I16+C16 -> 0
A17: ASC Meeting Expenses | B17: -8 | C17: -50 | E17: =-C17+B17+D17 -> 42 | G17: -50 | I17: -50 | J17: =-I17+C17 -> 0
A18: Chair Expense | B18: 0 | C18: -50 | E18: =-C18+B18+D18 -> 50 | G18: -50 | I18: -50 | J18: =-I18+C18 -> 0
A19: Vice Chair Expense | B19: 0 | C19: -25 | E19: =-C19+B19+D19 -> 25 | G19: -25 | I19: -25 | J19: =-I19+C19 -> 0
A20: RCM-RCMA Expense | B20: -562 | C20: -700 | D20: -80 | E20: =-C20+B20+D20 -> 58 | G20: -850 | I20: -850 | J20: =-I20+C20 -> 150
A21: Secretary Expense | B21: 0 | C21: -100 | E21: =-C21+B21+D21 -> 100 | G21: -100 | I21: -100 | J21: =-I21+C21 -> 0
A22: Treasurer Expense | B22: -77.55 | C22: -25 | E22: =-C22+B22+D22 -> -52.55 | G22: -25 | I22: -25 | J22: =-I22+C22 -> 0
A23: Web Publisher | B23: 0 | C23: -25 | E23: =-C23+B23+D23 -> 25 | G23: -25 | I23: -25 | J23: =-I23+C23 -> 0
A24: Carry the Mssg | B24: 0 | C24: -500 | E24: =-C24+B24+D24 -> 500 | G24: -500 | I24: -500 | J24: =-I24+C24 -> 0
A25: Douglas County Jail Men | B25: 0 | C25: -200 | E25: =-C25+B25+D25 -> 200 | G25: -200 | I25: -200 | J25: =-I25+C25 -> 0
A26: Douglas County Jail Women | B26: 0 | C26: -200 | E26: =-C26+B26+D26 -> 200 | G26: -200 | I26: -200 | J26: =-I26+C26 -> 0
A27: St Louis County Health | B27: -311.49 | C27: -400 | E27: =-C27+B27+D27 -> 88.51 | G27: -400 | I27: -400 | J27: =-I27+C27 -> 0
A28: Drug Court | B28: -47.75 | C28: -300 | E28: =-C28+B28+D28 -> 252.25 | G28: -300 | I28: -300 | J28: =-I28+C28 -> 0
A29: New Project Reserve | B29: -1715 | C29: -1715 | E29: =-C29+B29+D29 -> 0 | I29: -1715 | J29: =-I29+C29 -> 0
A30: New Project Expense | B30: -435.74 | C30: 0 | D30: -400 | E30: =-C30+B30+D30 -> -835.74 | I30: 0 | J30: =-I30+C30 -> 0
A31: Prudent Reserve | B31: -3000 | C31: -3000 | E31: =-C31+B31+D31 -> 0 | I31: -3000 | J31: =-I31+C31 -> 0
A32: Vermilion Reserve | B32: -4000 | C32: -4000 | E32: =-C32+B32+D32 -> 0 | I32: -4000 | J32: =-I32+C32 -> 0
A33: Funds Held for Groups | B33: 0 | C33: 0 | E33: =-C33+B33+D33 -> 0 | I33: 0 | J33: =-I33+C33 -> 0
A34: 60% NA Minnesota Region | B34: -750 | C34: -750 | E34: =-C34+B34+D34 -> 0 | I34: -900 | J34: =-I34+C34 -> 150
A35: 40% NA World Service | B35: -500 | C35: -500 | E35: =-C35+B35+D35 -> 0 | I35: -600 | J35: =-I35+C35 -> 100
A36: SUB TOTAL OPERATING | B36: =SUM(B3:B35) -> 1078.708 | C36: =SUM(C3:C35) -> -1399.782 | D36: =SUM(D3:D35) -> -1095.46 | E36: =SUM(E3:E35) -> 1383.03 | G36: =SUM(G3:G35) -> -3065 | I36: =SUM(I3:I35) -> -320.002 | J36: =SUM(J3:J35) -> 310
A38: Vermilion Merch Inc | B38: 6397.86 | C38: 5600 | E38: =-C38+B38+D38 -> 797.86 | G38: 5000 | I38: 5600 | J38: =-I38+C38 -> 0
A39: Vermilion Reg Inc | B39: 13899.38 | C39: 15000 | E39: =-C39+B39+D39 -> -1100.62 | G39: 16500 | I39: 14400 | J39: =-I39+C39 -> 600
A40: Vermilion Card Fees | I40: =(I38+I39)*-0.02 -> -400 | J40: =-I40+C40 -> 400
A41: Vermilion Adult Games | B41: -139.02 | C41: -100 | E41: =-C41+B41+D41 -> -39.02 | G41: -100 | I41: -100 | J41: =-I41+C41 -> 0 | M41: =+B48/C39 -> -0.36133333
A42: Vermilion Banner | B42: -117.2 | C42: -100 | D42: -100 | E42: =-C42+B42+D42 -> -117.2 | G42: -100 | I42: -100 | J42: =-I42+C42 -> 0
A43: Vermilion Kids Games | B43: -39.52 | C43: -50 | E43: =-C43+B43+D43 -> 10.48 | G43: -50 | I43: -50 | J43: =-I43+C43 -> 0 | M43: =+I39*M41 -> -5203.2
A44: Vermilion Kids Crafts | B44: -26.58 | C44: -50 | E44: =-C44+B44+D44 -> 23.42 | G44: -50 | I44: -50 | J44: =-I44+C44 -> 0
A45: Vermilion Kitchen | B45: -4297.11 | C45: -4000 | E45: =-C45+B45+D45 -> -297.11 | G45: -5000 | I45: -4500 | J45: =-I45+C45 -> 500
A46: Vermilion Merchandise | B46: -4471.04 | C46: -4000 | E46: =-C46+B46+D46 -> -471.04 | G46: -4000 | I46: -4000 | J46: =-I46+C46 -> 0
A47: Vermilion Programming | B47: -851.48 | C47: -1000 | E47: =-C47+B47+D47 -> 148.52 | G47: -1000 | I47: -1000 | J47: =-I47+C47 -> 0
A48: Vermilion Camp Fees | B48: -5420 | C48: -6450 | E48: =-C48+B48+D48 -> 1030 | G48: -6500 | I48: -5600 | J48: =-I48+C48 -> -850 | M48: =15+25+315 -> 355
A49: Vermilion Reg Exp | B49: -387.8 | C49: -700 | E49: =-C49+B49+D49 -> 312.2 | G49: -700 | I49: -700 | J49: =-I49+C49 -> 0 | M49: =+B38+B39 -> 20297.24
A50: Vermilion Chair/Treasurer | B50: 0 | C50: -50 | E50: =-C50+B50+D50 -> 50 | G50: -50 | I50: -50 | J50: =-I50+C50 -> 0 | M50: =+M48/M49 -> 0.017490063
A51: Vermilion Newcomer Exp | B51: -58 | C51: -150 | E51: =-C51+B51+D51 -> 92 | G51: -250 | I51: -250 | J51: =-I51+C51 -> 100
A52: Vermilion Travel Exp | B52: 0 | C52: -100 | D52: -100 | E52: =-C52+B52+D52 -> 0 | G52: -100 | I52: -100 | J52: =-I52+C52 -> 0
A53: Vermilion Misc | B53: 0 | C53: -100 | E53: =-C53+B53+D53 -> 100 | G53: -100 | I53: -100 | J53: =-I53+C53 -> 0
A54: SUBTOTAL VERMILION | B54: =SUM(B38:B53) -> 4489.49 | C54: =SUM(C38:C53) -> 3750 | D54: =SUM(D38:D53) -> -200 | E54: =SUM(E38:E53) -> 539.49 | G54: =SUM(G38:G53) -> 3500 | I54: =SUM(I38:I53) -> 3000 | J54: =SUM(J38:J53) -> 750
A56: TOTAL | B56: =+B36+B54 -> 5568.198 | C56: =+C36+C54 -> 2350.218 | D56: =+D36+D54 -> -1295.46 | E56: =+E36+E54 -> 1922.52 | I56: =+I36+I54 -> 2679.998 | J56: =+J36+J54 -> 1060
B59: Check Register to Date | D59: Estimated Additional Expenses | I59: Estimated Bal Fwd to 2020
B60: 15705.458 | D60: =+D56 -> -1295.46 | I60: =+B60+D60 -> 14409.998
B62: 2017 | C62: 2018 | D62: 2019
B63: 15268.6 | C63: 13428.11 | D63: 14156.14 | E63: =(B63+C63+D63)/3 -> 14284.283

Sheet Check Register 2019
H1: NLASC Check Register 12/01/2018-11/30/2019 | M1: As of | N1: =NOW() -> 44534.888
H2: Check # | I2: Date | J2: Payee | K2: Description | L2: Category | M2: Withdrawal | N2: Deposit | O2: Available Balance | P2: Cleared | Q2: Balance per Bank | R2: Statement
I3: 43435 | J3: Beginning Balance | L3: Beginning Balance | N3: 13020.218 | O3: 13020.218 | P3: 43435 | Q3: 13020.218
I4: 43435 | J4: Prudent Reserve | L4: Prudent Reserve | M4: 3000 | O4: =IF(ISBLANK(CkReg16_181517[[#This Row],[Withdrawal]]),O3+CkReg16_181517[[#This Row],[Deposit]],O3-CkReg16_181517[[#This Row],[Withdrawal]]) -> 10020.218 | P4: 43435 | Q4: 13020.218
I5: 43435 | J5: Vermilion Reserve | L5: Vermilion Reserve | M5: 4000 | O5: =IF(ISBLANK(CkReg16_181517[[#This Row],[Withdrawal]]),O4+CkReg16_181517[[#This Row],[Deposit]],O4-CkReg16_181517[[#This Row],[Withdrawal]]) -> 6020.218 | P5: 43435 | Q5: 13020.218
I6: 43435 | J6: New Projects | L6: New Project Reserve | M6: 1715 | O6: =IF(ISBLANK(CkReg16_181517[[#This Row],[Withdrawal]]),O5+CkReg16_181517[[#This Row],[Deposit]],O5-CkReg16_181517[[#This Row],[Withdrawal]]) -> 4305.218 | P6: 43435 | Q6: 13020.218
H7: 3235 | I7: 43435 | J7: Trinity Lutheran | K7: ASC Rent | L7: Meeting Rm Rent | M7: 75 | O7: =IF(ISBLANK(CkReg16_181517[[#This Row],[Withdrawal]]),O6+CkReg16_181517[[#This Row],[Deposit]],O6-CkReg16_181517[[#This Row],[Withdrawal]]) -> 4230.218 | P7: 43458 | Q7: =IF(ISBLANK(CkReg16_181517[[#This Row],[Withdrawal]]),Q6+CkReg16_181517[[#This Row],[Deposit]],Q6-CkReg16_181517[[#This Row],[Withdrawal]]) -> 12945.218
H8: 3236 | I8: 43435 | J8: Voyagours Lutheran Ministry | K8: Camp Deposit | L8: Vermilion Camp Fees | M8: 200 | O8: =IF(ISBLANK(CkReg16_181517[[#This Row],[Withdrawal]]),O7+CkReg16_181517[[#This Row],[Deposit]],O7-CkReg16_181517[[#This Row],[Withdrawal]]) -> 4030.218 | P8: 43489 | Q8: =IF(ISBLANK(CkReg16_181517[[#This Row],[Withdrawal]]),Q7+CkReg16_181517[[#This Row],[Deposit]],Q7-CkReg16_181517[[#This Row],[Withdrawal]]) -> 12745.218
I9: 43435 | K9: Group Donations | L9: Group Donations | N9: 313 | O9: =IF(ISBLANK(CkReg16_181517[[#This Row],[Withdrawal]]),O8+CkReg16_181517[[#This Row],[Deposit]],O8-CkReg16_181517[[#This Row],[Withdrawal]]) -> 4343.218 | P9: 43437 | Q9: =IF(ISBLANK(CkReg16_181517[[#This Row],[Withdrawal]]),Q8+CkReg16_181517[[#This Row],[Deposit]],Q8-CkReg16_181517[[#This Row],[Withdrawal]]) -> 13058.218
I10: 43465 | K10: New Years Pop & Sandwiches | L10: Activities Inc | N10: 150.5 | O10: =IF(ISBLANK(CkReg16_181517[[#This Row],[Withdrawal]]),O9+CkReg16_181517[[#This Row],[Deposit]],O9-CkReg16_181517[[#This Row],[Withdrawal]]) -> 4493.718 | P10: 43467 | Q10: =IF(ISBLANK(CkReg16_181517[[#This Row],[Withdrawal]]),Q9+CkReg16_181517[[#This Row],[Deposit]],Q9-CkReg16_181517[[#This Row],[Withdrawal]]) -> 13208.718
I11: 43465 | K11: New Years Raffle & Door Fee | L11: Activities Inc | N11: 212 | O11: =IF(ISBLANK(CkReg16_181517[[#This Row],[Withdrawal]]),O10+CkReg16_181517[[#This Row],[Deposit]],O10-CkReg16_181517[[#This Row],[Withdrawal]]) -> 4705.718 | P11: 43467 | Q11: =IF(ISBLANK(CkReg16_181517[[#This Row],[Withdrawal]]),Q10+CkReg16_181517[[#This Row],[Deposit]],Q10-CkReg16_181517[[#This Row],[Withdrawal]]) -> 13420.718
I12: 43465 | L12: Interest Income | M12: -0.56 | O12: =IF(ISBLANK(CkReg16_181517[[#This Row],[Withdrawal]]),O11+CkReg16_181517[[#This Row],[Deposit]],O11-CkReg16_181517[[#This Row],[Withdrawal]]) -> 4706.278 | P12: 43465 | Q12: =IF(ISBLANK(CkReg16_181517[[#This Row],[Withdrawal]]),Q11+CkReg16_181517[[#This Row],[Deposit]],Q11-CkReg16_181517[[#This Row],[Withdrawal]]) -> 13421.278 | R12: 43465
I13: 43496 | L13: Interest Income | M13: -0.57 | O13: =IF(ISBLANK(CkReg16_181517[[#This Row],[Withdrawal]]),O12+CkReg16_181517[[#This Row],[Deposit]],O12-CkReg16_181517[[#This Row],[Withdrawal]]) -> 4706.848 | P13: 43496 | Q13: =IF(ISBLANK(CkReg16_181517[[#This Row],[Withdrawal]]),Q12+CkReg16_181517[[#This Row],[Deposit]],Q12-CkReg16_181517[[#This Row],[Withdrawal]]) -> 13421.848 | R13: 43496
B14: NORTHERN LIGHTS AREA TREASURY REPORT | D14: As of | F14: =NOW() -> 44534.888 | H14: 3237 | I14: 43498 | J14: ISD 709 | K14: Meeting Lists | L14: Meeting Lists | M14: 34.32 | O14: =IF(ISBLANK(CkReg16_181517[[#This Row],[Withdrawal]]),O13+CkReg16_181517[[#This Row],[Deposit]],O13-CkReg16_181517[[#This Row],[Withdrawal]]) -> 4672.528 | P14: 43501 | Q14: =IF(ISBLANK(CkReg16_181517[[#This Row],[Withdrawal]]),Q13+CkReg16_181517[[#This Row],[Deposit]],Q13-CkReg16_181517[[#This Row],[Withdrawal]]) -> 13387.528
H15: 3238 | I15: 43498 | J15: First Covenant Church | K15: New Years Rent | L15: Activities Exp | M15: 75 | O15: =IF(ISBLANK(CkReg16_181517[[#This Row],[Withdrawal]]),O14+CkReg16_181517[[#This Row],[Deposit]],O14-CkReg16_181517[[#This Row],[Withdrawal]]) -> 4597.528 | P15: 43507 | Q15: =IF(ISBLANK(CkReg16_181517[[#This Row],[Withdrawal]]),Q14+CkReg16_181517[[#This Row],[Deposit]],Q14-CkReg16_181517[[#This Row],[Withdrawal]]) -> 13312.528
H16: 3239 | I16: 43498 | J16: Robin Evanson | K16: New Years Event | L16: Activities Exp | M16: 367.14 | O16: =IF(ISBLANK(CkReg16_181517[[#This Row],[Withdrawal]]),O15+CkReg16_181517[[#This Row],[Deposit]],O15-CkReg16_181517[[#This Row],[Withdrawal]]) -> 4230.388 | P16: 43502 | Q16: =IF(ISBLANK(CkReg16_181517[[#This Row],[Withdrawal]]),Q15+CkReg16_181517[[#This Row],[Deposit]],Q15-CkReg16_181517[[#This Row],[Withdrawal]]) -> 12945.388
